Workbook

Sheet 0.Instruções
A1: 0. Instruções
A3: 1. Esta planilha eletrônica segue as definições do documento ¨Custos dos serviços de transporte público por ônibus - Método de Cálculo". ANTP (2017).
A4: 2. As abas da planilha seguem a numeração dos capitulos desse documento.
A5: 3. No caso dos anexos, o numeral romano que identifica o anexo é precedido da letra "A".
A6: 4. As células em laranja | E6: são entradas de dados e precisam de preenchimento.
A7: 5. As células em verde | E7: são entradas de dados preenchidas com valores de referência, conforme o respectivo anexo do método de cálculo.
A8: 6. As células em azul | E8: são resultados e não devem ser preenchidas.
A10: AVISO:
A11: Esta planilha eletrônica foi criada como instrumento de apoio.
A12: A ANTP (Associação Nacional de Transportes Públicos) não assume qualquer responsabilidade pela aplicação da planilha e do método.
A13: O documento ¨Custos dos serviços de transporte público por ônibus - Método de Cálculo". ANTP (2017) está disponível no site www.antp.org.br
A14: Quaisquer contribuições e dúvidas deve ser encaminhadas a contato@antp.org.br
A17: Versão 1.1 (Agosto, 2017)

Sheet 1.1. Passageiros
A1: 1.1 Passageiros
H2: Legenda
A3: 1.1.1. Passageiros Transportados por mês (PT)
J4: Entrada de dados
B5: Comum | D5: 258000 | J5: Entrada de dados com valor de referência
B6: Vale-Transporte | D6: 387000 | J6: Resultado
B7: Estudante | D7: 115000
B8: Gratuidade | D8: 250000
B9: Outros
B11: Passageiros Transportados (PT) | D11: =D5+D6+D7+D8+D9+D57 -> 1010000
A13: 1.1.2. Passageiros Equivalentes (PE)
A15: 1.1.2.a Tarifa Pública Vigente (TPU)
B17: Tarifas públicas "i" vigentes (TPi) (em R$)
B18: TP1 | C18: TP2 | D18: TP3 | E18: TP4 | F18: TP5 | G18: TP6 | H18: TP7 | I18: TP8 | J18: TP9 | K18: TP10
B19: 6
A21: 1.1.2.b Deseja informar dados de modo (marcar X):
B22: Detalhado: | E22: (ir para o item 1.1.2.c)
B23: Média mensal consolidada: | D23: x | E23: (ir para o item 1.1.2.d)
A25: 1.1.2.c. Passageiros pagantes por tarifa pública (Anexo I)
C27: Passageiros Pagantes por mês [m] e Tarifa Pública [TP]i (passageiros/mês)
C28: TP1 | D28: TP2 | E28: TP3 | F28: TP4 | G28: TP5 | H28: TP6 | I28: TP7 | J28: TP8 | K28: TP9 | L28: TP10
A29: Mês [m]i | B29: 45658
B30: 45689
B31: 45717
B32: 45748
B33: 45778
B34: 45809
B35: 45839
B36: 45870
B37: 45901
B38: 45931
B39: 45962
B40: 45992
A42: 1.1.2.d. Média mensal de Passageiros pagantes por tarifa pública
C44: TP1 | D44: TP2 | E44: TP3 | F44: TP4 | G44: TP5 | H44: TP6 | I44: TP7 | J44: TP8 | K44: TP9 | L44: TP10
A45: Média mensal de passageiros pagantes | C45: 702000
A48: 1.1.2.e. Receita média mensal por tarifa pública (RT)
C50: Receita média mensal por tarifa pública (em R$)
C51: TP1 | D51: TP2 | E51: TP3 | F51: TP4 | G51: TP5 | H51: TP6 | I51: TP7 | J51: TP8 | K51: TP9 | L51: TP10
C52: =IFERROR(IF($D$22<>0,AVERAGE(C29:C40)*B19,C45*B19),"") -> 4212000 | D52: =IFERROR(IF($D$22<>0,AVERAGE(D29:D40)*C19,D45*C19),"") -> 0 | E52: =IFERROR(IF($D$22<>0,AVERAGE(E29:E40)*D19,E45*D19),"") -> 0 | F52: =IFERROR(IF($D$22<>0,AVERAGE(F29:F40)*E19,F45*E19),"") -> 0 | G52: =IFERROR(IF($D$22<>0,AVERAGE(G29:G40)*F19,G45*F19),"") -> 0 | H52: =IFERROR(IF($D$22<>0,AVERAGE(H29:H40)*G19,H45*G19),"") -> 0 | I52: =IFERROR(IF($D$22<>0,AVERAGE(I29:I40)*H19,I45*H19),"") -> 0 | J52: =IFERROR(IF($D$22<>0,AVERAGE(J29:J40)*I19,J45*I19),"") -> 0 | ... L52: =IFERROR(IF($D$22<>0,AVERAGE(L29:L40)*K19,L45*K19),"") -> 0
A55: 1.1.2.f. Receita Integrada (RI) refere-se aos recursos ($) especificamente arrecadados nas viagens com integração. Essa informação é usada apenas na análise de risco (aba A.XV. Detalhado)
B57: Receita da Integração

Sheet 1.2. KM programada
A1: 1.2 Quilometragem Programada (KP)
K2: Legenda
A3: 1.2.a. | B3: Periodo de análise M (em meses): | D3: 3
M4: Entrada de dados
A5: 1.2.b. | B5: Deseja informar dados de modo (marcar X): | M5: Entrada de dados com valor de referência
B6: Consolidado mensal: | D6: x | E6: (ir para o item 1.2.c) | M6: Resultado
B7: Detalhado: | E7: (ir para o item 1.2.d)
A9: 1.2.c. | B9: Quilometragem programada média mensal do sistema (consolidada):
B10: Extensão programada: | D10: 396500 | F10: km
A12: 1.2.d. | B12: Quilometragem programanda por linha (detalhada)[Anexo II]:
A13: ID | B13: Linha (nº) | C13: Quant. de dias de operação no período de análise M (QD[K]) | G13: Quant. viagens prog. p/ linhas de ônibus "l" em um tipo de dia de operação "k" (KV[k]l) | J13: km prog. p/ linha de ônibus "l" em um tipo de dia de operação "k" (KL[k]l) | M13: km mensal improdutiva (IK) | Q13: Quilometragem programada mensal
C14: Unidade: dias | G14: Unidade: viagens | J14: Unidade: km | M14: Unidade: km | Q14: Unidade: km
C15: Dias úteis | E15: Sábados | F15: Domingos / Feriados | G15: Dias úteis | H15: Sábados | I15: Domingos / Feriados | J15: Dias úteis | K15: Sábados | L15: Domingos / Feriados | M15: Dias úteis | N15: Sábados | O15: Domingos / Feriados | Q15: Dias úteis | R15: Sábados | S15: Domingos / Feriados
A16: 1 | Q16: =((C16*G16*J16)/$D$3)+M16 -> 0 | R16: =((E16*H16*K16)/$D$3)+N16 -> 0 | S16: =((F16*I16*L16)/$D$3)+O16 -> 0
A17: 2 | Q17: =((C17*G17*J17)/$D$3)+M17 -> 0 | R17: =((E17*H17*K17)/$D$3)+N17 -> 0 | S17: =((F17*I17*L17)/$D$3)+O17 -> 0
A18: 3 | Q18: =((C18*G18*J18)/$D$3)+M18 -> 0 | R18: =((E18*H18*K18)/$D$3)+N18 -> 0 | S18: =((F18*I18*L18)/$D$3)+O18 -> 0
A19: 4 | Q19: =((C19*G19*J19)/$D$3)+M19 -> 0 | R19: =((E19*H19*K19)/$D$3)+N19 -> 0 | S19: =((F19*I19*L19)/$D$3)+O19 -> 0
A20: 5 | Q20: =((C20*G20*J20)/$D$3)+M20 -> 0 | R20: =((E20*H20*K20)/$D$3)+N20 -> 0 | S20: =((F20*I20*L20)/$D$3)+O20 -> 0
A21: 6 | Q21: =((C21*G21*J21)/$D$3)+M21 -> 0 | R21: =((E21*H21*K21)/$D$3)+N21 -> 0 | S21: =((F21*I21*L21)/$D$3)+O21 -> 0
A22: 7 | Q22: =((C22*G22*J22)/$D$3)+M22 -> 0 | R22: =((E22*H22*K22)/$D$3)+N22 -> 0 | S22: =((F22*I22*L22)/$D$3)+O22 -> 0
A23: 8 | Q23: =((C23*G23*J23)/$D$3)+M23 -> 0 | R23: =((E23*H23*K23)/$D$3)+N23 -> 0 | S23: =((F23*I23*L23)/$D$3)+O23 -> 0
A24: 9 | Q24: =((C24*G24*J24)/$D$3)+M24 -> 0 | R24: =((E24*H24*K24)/$D$3)+N24 -> 0 | S24: =((F24*I24*L24)/$D$3)+O24 -> 0
A25: 10 | Q25: =((C25*G25*J25)/$D$3)+M25 -> 0 | R25: =((E25*H25*K25)/$D$3)+N25 -> 0 | S25: =((F25*I25*L25)/$D$3)+O25 -> 0
A26: 11 | Q26: =((C26*G26*J26)/$D$3)+M26 -> 0 | R26: =((E26*H26*K26)/$D$3)+N26 -> 0 | S26: =((F26*I26*L26)/$D$3)+O26 -> 0
A27: 12 | Q27: =((C27*G27*J27)/$D$3)+M27 -> 0 | R27: =((E27*H27*K27)/$D$3)+N27 -> 0 | S27: =((F27*I27*L27)/$D$3)+O27 -> 0
... A115: 100 | Q115: =((C115*G115*J115)/$D$3)+M115 -> 0 | R115: =((E115*H115*K115)/$D$3)+N115 -> 0 | S115: =((F115*I115*L115)/$D$3)+O115 -> 0

Sheet 1.3 Frota Total
A1: 1.3 Frota total (FT)
A3: 1.3.1. Classificação dos veículos (PT) | C3: ABNT NBR 15570:2009 | J3: Legenda
C4: Capacidade | D4: PBT mínimo | E4: Comprimento total máximo
A5: Microônibus | C5: Entre 10 e 20 passageiros (exclusivamente sentados) | D5: 5t | E5: 7,4m | L5: Entrada de dados
A6: Miniônibus | C6: Mínimo de 30 passageiros (sentados e em pé) | D6: 8t | E6: 9,6m | L6: Entrada de dados com valor de referência
A7: Midiônibus | C7: Mínimo de 40 passageiros (sentados e em pé) | D7: 10t | E7: 11,5m | L7: Resultado
A8: Ônibus básico | C8: Mínimo de 70 passageiros (sentados e em pé) | D8: 16t | E8: 14m
A9: Ônibus padron | C9: Mínimo de 80 passageiros (sentados e em pé) | D9: 16t | E9: 14m
A10: Ônibus articulado | C10: Mínimo de 100 passageiros (sentados e em pé) | D10: 26t | E10: 18,6m
A11: Ônibus biarticulado | C11: Mínimo de 160 passageiros (sentados e em pé) | D11: 36t | E11: 30m
A13: 1.3.2. Cálculo da Frota
A15: 1.3.2.a Composição da frota (tipologia do veículo)
A17: Classe do veículo | C17: Sem ar condicionado | E17: Com ar condicionado
C18: Sem transmissão automática | D18: Com transmissão automática | E18: Sem transmissão automática | F18: Com transmissão automática
A19: Microônibus
A20: Miniônibus
A21: Midiônibus
A22: Ônibus básico
A23: Ônibus padron
A24: Ônibus articulado
A25: Ônibus biarticulado
A27: 1.3.2.b Composição da frota (classe e idade do veículo)
A29: Classe do veículo | D29: Idade do veículo | E29: Sem ar condicionado | G29: Com ar condicionado
E30: Sem transmissão automática | F30: Com transmissão automática | G30: Sem transmissão automática | H30: Com transmissão automática
A31: Microônibus | D31: 0
D32: 1
D33: 2
D34: 3
D35: 4
D36: 5
A37: Miniônibus | D37: 0
D38: 1
D39: 2
D40: 3
D41: 4
D42: 5
A43: Midiônibus | D43: 0
D44: 1
D45: 2
D46: 3
D47: 4
D48: 5
D49: 6
D50: 7
D51: 8
A52: Ônibus básico | D52: 0
D53: 1
D54: 2
D55: 3
D56: 4
D57: 5
D58: 6
D59: 7
D60: 8
A61: Ônibus padron | D61: 0
D62: 1
D63: 2
D64: 3
D65: 4
D66: 5
D67: 6
D68: 7
D69: 8
D70: 9
D71: 10
A72: Ônibus articulado | D72: 0
D73: 1
D74: 2
D75: 3
D76: 4
D77: 5
D78: 6
D79: 7
D80: 8
D81: 9
D82: 10
D83: 11
D84: 12
A85: Ônibus biarticulado | D85: 0
D86: 1
D87: 2
D88: 3
D89: 4
D90: 5
D91: 6
D92: 7
D93: 8
D94: 9
D95: 10
D96: 11
D97: 12
A99: 1.3.2.c Composição da frota (veículos de apoio)
A101: Classificação do veículo | C101: Frota
A103: Caminhão-oficina | C103: 1
A104: Caminhão-guincho | C104: 1
A105: Caminhoneta | C105: 1
A106: Automóvel (básico) | C106: 2
A107: Motocicleta | C107: 0

Sheet 1.4 Indicadores
A1: 1.4 Indicadores
J2: Legenda
A3: 1.4.1. Índice de Passageiros por Quilômetro (IPK)
L4: Entrada de dados
A5: 1.4.1.1 | B5: Tarifa pública de preponderante vigente (TPU) | E5: 6 | F5: R$ | L5: Entrada de dados com valor de referência
A6: 1.4.1.2 | B6: Receita média mensal total do sistema (RT) | E6: =SUM('1.1. Passageiros'!C52:L52) -> 4212000 | F6: R$/mês | L6: Resultado
A7: 1.4.1.3 | B7: Média mensal de passageiros transportados (PT) | E7: ='1.1. Passageiros'!D11 -> 1010000 | F7: passageiros/mês
A8: 1.4.1.4 | B8: Média mensal de passageiros pagantes equivalentes (PE) | E8: =E6/E5 -> 702000 | F8: passageiros/mês
A9: 1.4.1.5 | B9: Média mensal da quilometragem programada (KP) | E9: =IF('1.2. KM programada'!D7<>"",SUM('1.2. KM programada'!Q16:S115),'1.2. KM programada'!D10) -> 396500 | F9: km/mês
A11: 1.4.1.6 | B11: Índice de passageiro por quilômetro (IPK) | E11: =E7/E9 -> 2.5472888 | F11: pass./km
A12: 1.4.1.7 | B12: Índice de passageiro equivalentes por quilômetro (IPKe) | E12: =E8/E9 -> 1.7704918 | F12: pass./km
A14: 1.4.2. Percurso Médio Mensal (PMM)
A16: 1.4.2.1 | B16: Frota total= | E16: =SUM('1.3 Frota Total'!C19:F25) -> 0 | F16: ônibus
A17: 1.4.2.2 | B17: Frota operante = | C17: =72/80 -> 0.9 | D17: x FT | E17: =ROUNDDOWN($E$16*C17,0) -> 0 | F17: ônibus
A18: 1.4.2.3 | B18: Frota funcional = | C18: =1-C17 -> 0.1 | D18: x FT | E18: =ROUNDUP($E$16*C18,0) -> 0 | F18: ônibus
A20: 1.4.2.4 | B20: Percurso Médio Mensal | E20: =E9/E17 -> #DIV/0! | F20: km/veículo
A22: 1.4.3. Passageiros Transportados por Veículos por Dia (PVD)
A24: 1.4.3.1 | B24: Periodo de análise N (em dias) | E24: 30 | F24: dias
A25: 1.4.3.2 | B25: Passageiros transportados por dia | E25: ='1.1. Passageiros'!D11/('1.4 Indicadores'!E17*'1.4 Indicadores'!E24) -> #DIV/0! | F25: Pass/veículo/dia
A27: 1.4.4. Passageiros Equivalentes por Veículos (PMV)
A29: 1.4.4.1 | B29: Passageiros equivalentes por veículo | E29: =E8/E17 -> #DIV/0! | F29: pass/veículo/mês

Sheet 2.1.a Combustível
A1: 2.1.a Consumo de Combustível | C1: Consultar a aba A.III.Combustível
A3: 2.1.a.i | B3: Deseja informar dados de modo (marcar X):
B4: Consolidado: | C4: x | D4: (ir para o item 2.1.a.ii)
B5: Detalhado: | D5: (ir para o item 2.1.a.iii)
A7: 2.1.a.ii Consumo σz (l/km) para cada tipo de veículo (consolidado)
A8: Classe do veículo | C8: Sem ar condicionado | E8: Com ar condicionado
C9: Sem transmissão automática | D9: Com transmissão automática | E9: Sem transmissão automática | F9: Com transmissão automática
A10: Microônibus
A11: Miniônibus
A12: Midiônibus
A13: Ônibus básico
A14: Ônibus padron
A15: Ônibus articulado
A16: Ônibus biarticulado
A18: 2.1.a.iii Quantidade de combustível utilizada por tipo de veículo (detalhado)
A19: Classe do veículo | C19: Sem ar condicionado | E19: Com ar condicionado | H19: Legenda
C20: Sem transmissão automática | D20: Com transmissão automática | E20: Sem transmissão automática | F20: Com transmissão automática
A21: Microônibus | J21: Entrada de dados
A22: Miniônibus | J22: Entrada de dados com valor de referência
A23: Midiônibus | J23: Resultado
A24: Ônibus básico
A25: Ônibus padron
A26: Ônibus articulado
A27: Ônibus biarticulado
A29: 2.1.a.iv Quantidade de quilometros percorridos por tipo de veículo (detalhado)
A30: Classe do veículo | C30: Sem ar condicionado | E30: Com ar condicionado
C31: Sem transmissão automática | D31: Com transmissão automática | E31: Sem transmissão automática | F31: Com transmissão automática
A32: Microônibus
A33: Miniônibus
A34: Midiônibus
A35: Ônibus básico
A36: Ônibus padron
A37: Ônibus articulado
A38: Ônibus biarticulado
A40: 2.1.a.v Consumo σz (l/km) para cada tipo de veículo (detalhado)
A41: Classe do veículo | C41: Sem ar condicionado | E41: Com ar condicionado
C42: Sem transmissão automática | D42: Com transmissão automática | E42: Sem transmissão automática | F42: Com transmissão automática
A43: Microônibus | C43: =IFERROR(C21/C32,"") | D43: =IFERROR(D21/D32,"") | E43: =IFERROR(E21/E32,"") | F43: =IFERROR(F21/F32,"")
A44: Miniônibus | C44: =IFERROR(C22/C33,"") | D44: =IFERROR(D22/D33,"") | E44: =IFERROR(E22/E33,"") | F44: =IFERROR(F22/F33,"")
A45: Midiônibus | C45: =IFERROR(C23/C34,"") | D45: =IFERROR(D23/D34,"") | E45: =IFERROR(E23/E34,"") | F45: =IFERROR(F23/F34,"")
A46: Ônibus básico | C46: =IFERROR(C24/C35,"") | D46: =IFERROR(D24/D35,"") | E46: =IFERROR(E24/E35,"") | F46: =IFERROR(F24/F35,"")
A47: Ônibus padron | C47: =IFERROR(C25/C36,"") | D47: =IFERROR(D25/D36,"") | E47: =IFERROR(E25/E36,"") | F47: =IFERROR(F25/F36,"")
A48: Ônibus articulado | C48: =IFERROR(C26/C37,"") | D48: =IFERROR(D26/D37,"") | E48: =IFERROR(E26/E37,"") | F48: =IFERROR(F26/F37,"")
A49: Ônibus biarticulado | C49: =IFERROR(C27/C38,"") | D49: =IFERROR(D27/D38,"") | E49: =IFERROR(E27/E38,"") | F49: =IFERROR(F27/F38,"")
A51: 2.1.a.vi | B51: KPz: média mensal da quilometragem programada para cada tipo de veículo | E51: Verificar seção 1.2 do Capítulo 1
A52: Classe do veículo | C52: Sem ar condicionado | E52: Com ar condicionado
C53: Sem transmissão automática | D53: Com transmissão automática | E53: Sem transmissão automática | F53: Com transmissão automática
A54: Microônibus
A55: Miniônibus
A56: Midiônibus
A57: Ônibus básico
A58: Ônibus padron
A59: Ônibus articulado
A60: Ônibus biarticulado
A62: 2.1.a.vii Consumo total para cada tipo de veículo
A63: Classe do veículo | C63: Sem ar condicionado | E63: Com ar condicionado
C64: Sem transmissão automática | D64: Com transmissão automática | E64: Sem transmissão automática | F64: Com transmissão automática
A65: Microônibus | C65: =IFERROR(IF($C$4<>0,C10*C54,C43*C54),"") -> 0 | D65: =IFERROR(IF($C$4<>0,D10*D54,D43*D54),"") -> 0 | E65: =IFERROR(IF($C$4<>0,E10*E54,E43*E54),"") -> 0 | F65: =IFERROR(IF($C$4<>0,F10*F54,F43*F54),"") -> 0
A66: Miniônibus | C66: =IFERROR(IF($C$4<>0,C11*C55,C44*C55),"") -> 0 | D66: =IFERROR(IF($C$4<>0,D11*D55,D44*D55),"") -> 0 | E66: =IFERROR(IF($C$4<>0,E11*E55,E44*E55),"") -> 0 | F66: =IFERROR(IF($C$4<>0,F11*F55,F44*F55),"") -> 0
A67: Midiônibus | C67: =IFERROR(IF($C$4<>0,C12*C56,C45*C56),"") -> 0 | D67: =IFERROR(IF($C$4<>0,D12*D56,D45*D56),"") -> 0 | E67: =IFERROR(IF($C$4<>0,E12*E56,E45*E56),"") -> 0 | F67: =IFERROR(IF($C$4<>0,F12*F56,F45*F56),"") -> 0
A68: Ônibus básico | C68: =IFERROR(IF($C$4<>0,C13*C57,C46*C57),"") -> 0 | D68: =IFERROR(IF($C$4<>0,D13*D57,D46*D57),"") -> 0 | E68: =IFERROR(IF($C$4<>0,E13*E57,E46*E57),"") -> 0 | F68: =IFERROR(IF($C$4<>0,F13*F57,F46*F57),"") -> 0
A69: Ônibus padron | C69: =IFERROR(IF($C$4<>0,C14*C58,C47*C58),"") -> 0 | D69: =IFERROR(IF($C$4<>0,D14*D58,D47*D58),"") -> 0 | E69: =IFERROR(IF($C$4<>0,E14*E58,E47*E58),"") -> 0 | F69: =IFERROR(IF($C$4<>0,F14*F58,F47*F58),"") -> 0
A70: Ônibus articulado | C70: =IFERROR(IF($C$4<>0,C15*C59,C48*C59),"") -> 0 | D70: =IFERROR(IF($C$4<>0,D15*D59,D48*D59),"") -> 0 | E70: =IFERROR(IF($C$4<>0,E15*E59,E48*E59),"") -> 0 | F70: =IFERROR(IF($C$4<>0,F15*F59,F48*F59),"") -> 0
A71: Ônibus biarticulado | C71: =IFERROR(IF($C$4<>0,C16*C60,C49*C60),"") -> 0 | D71: =IFERROR(IF($C$4<>0,D16*D60,D49*D60),"") -> 0 | E71: =IFERROR(IF($C$4<>0,E16*E60,E49*E60),"") -> 0 | F71: =IFERROR(IF($C$4<>0,F16*F60,F49*F60),"") -> 0
B73: Consumo total / mês | C73: =SUM(C65:F71) -> 0 | D73: litros

Sheet 2.1.b Veículos
A1: 2.1.b Cálculo do Valor do Veículo Básico (VEC[básico])
A3: 2.1.b.i | B3: Valor do veículo novo por classe de veículo (VECz)
A4: Classe do veículo | D4: Sem ar condicionado | F4: Com ar condicionado
D5: Sem transmissão automática | E5: Com transmissão automática | F5: Sem transmissão automática | G5: Com transmissão automática
A6: Microônibus
A7: Miniônibus
A8: Midiônibus
A9: Ônibus básico
A10: Ônibus padron
A11: Ônibus articulado
A12: Ônibus biarticulado
A14: 2.1.b.ii | B14: Valor do investimento (veículos de apoio )
A15: Classificação do veículo | D15: Valor do veículo
A17: Caminhão-oficina | D17: 0
A18: Caminhão-guincho | D18: 0
A19: Caminhoneta | D19: 0
A20: Automóvel (básico) | D20: 0
A21: Motocicleta | D21: 0
A23: 2.1.b.iii | B23: Nominador para ponderação do VEC
A24: Classe do veículo | D24: Sem ar condicionado | F24: Com ar condicionado
D25: Sem transmissão automática | E25: Com transmissão automática | F25: Sem transmissão automática | G25: Com transmissão automática
A26: Microônibus | D26: =D6*'1.3 Frota Total'!C19 -> 0 | E26: =E6*'1.3 Frota Total'!D19 -> 0 | F26: =F6*'1.3 Frota Total'!E19 -> 0 | G26: =G6*'1.3 Frota Total'!F19 -> 0
A27: Miniônibus | D27: =D7*'1.3 Frota Total'!C20 -> 0 | E27: =E7*'1.3 Frota Total'!D20 -> 0 | F27: =F7*'1.3 Frota Total'!E20 -> 0 | G27: =G7*'1.3 Frota Total'!F20 -> 0
A28: Midiônibus | D28: =D8*'1.3 Frota Total'!C21 -> 0 | E28: =E8*'1.3 Frota Total'!D21 -> 0 | F28: =F8*'1.3 Frota Total'!E21 -> 0 | G28: =G8*'1.3 Frota Total'!F21 -> 0
A29: Ônibus básico | D29: 0 | E29: 0 | F29: 0 | G29: =G9*'1.3 Frota Total'!F22 -> 0
A30: Ônibus padron | D30: =D10*'1.3 Frota Total'!C23 -> 0 | E30: =E10*'1.3 Frota Total'!D23 -> 0 | F30: =F10*'1.3 Frota Total'!E23 -> 0 | G30: =G10*'1.3 Frota Total'!F23 -> 0
A31: Ônibus articulado | D31: =D11*'1.3 Frota Total'!C24 -> 0 | E31: =E11*'1.3 Frota Total'!D24 -> 0 | F31: =F11*'1.3 Frota Total'!E24 -> 0 | G31: =G11*'1.3 Frota Total'!F24 -> 0
A32: Ônibus biarticulado | D32: =D12*'1.3 Frota Total'!C25 -> 0 | E32: =E12*'1.3 Frota Total'!D25 -> 0 | F32: =F12*'1.3 Frota Total'!E25 -> 0 | G32: =G12*'1.3 Frota Total'!F25 -> 0
A34: 2.1.b.iv | B34: Denominador para ponderação do VEC
A35: Classe do veículo | D35: Sem ar condicionado | F35: Com ar condicionado
D36: Sem transmissão automática | E36: Com transmissão automática | F36: Sem transmissão automática | G36: Com transmissão automática
A37: Microônibus | D37: =IF(D26<>0,'1.3 Frota Total'!C19,"") | E37: =IF(E26<>0,'1.3 Frota Total'!D19,"") | F37: =IF(F26<>0,'1.3 Frota Total'!E19,"") | G37: =IF(G26<>0,'1.3 Frota Total'!F19,"")
A38: Miniônibus | D38: =IF(D27<>0,'1.3 Frota Total'!C20,"") | E38: =IF(E27<>0,'1.3 Frota Total'!D20,"") | F38: =IF(F27<>0,'1.3 Frota Total'!E20,"") | G38: =IF(G27<>0,'1.3 Frota Total'!F20,"")
A39: Midiônibus | D39: =IF(D28<>0,'1.3 Frota Total'!C21,"") | E39: =IF(E28<>0,'1.3 Frota Total'!D21,"") | F39: =IF(F28<>0,'1.3 Frota Total'!E21,"") | G39: =IF(G28<>0,'1.3 Frota Total'!F21,"")
A40: Ônibus básico | D40: =IF(D29<>0,'1.3 Frota Total'!C22,"") | E40: =IF(E29<>0,'1.3 Frota Total'!D22,"") | F40: =IF(F29<>0,'1.3 Frota Total'!E22,"") | G40: =IF(G29<>0,'1.3 Frota Total'!F22,"")
A41: Ônibus padron | D41: =IF(D30<>0,'1.3 Frota Total'!C23,"") | E41: =IF(E30<>0,'1.3 Frota Total'!D23,"") | F41: =IF(F30<>0,'1.3 Frota Total'!E23,"") | G41: =IF(G30<>0,'1.3 Frota Total'!F23,"")
A42: Ônibus articulado | D42: =IF(D31<>0,'1.3 Frota Total'!C24,"") | E42: =IF(E31<>0,'1.3 Frota Total'!D24,"") | F42: =IF(F31<>0,'1.3 Frota Total'!E24,"") | G42: =IF(G31<>0,'1.3 Frota Total'!F24,"")
A43: Ônibus biarticulado | D43: =IF(D32<>0,'1.3 Frota Total'!C25,"") | E43: =IF(E32<>0,'1.3 Frota Total'!D25,"") | F43: =IF(F32<>0,'1.3 Frota Total'!E25,"") | G43: =IF(G32<>0,'1.3 Frota Total'!F25,"")
A45: 2.1.b.v | B45: Valor do veículo novo por classe de veículo sem rodagem (VECz[Ø])
A46: Classe do veículo | D46: Sem ar condicionado | F46: Com ar condicionado
D47: Sem transmissão automática | E47: Com transmissão automática | F47: Sem transmissão automática | G47: Com transmissão automática
A48: Microônibus | D48: =IF(D6>0,D6-('A.VI. Rodagem'!$D43),"") | E48: =IF(E6>0,E6-('A.VI. Rodagem'!$D43),"") | F48: =IF(F6>0,F6-('A.VI. Rodagem'!$D43),"") | G48: =IF(G6>0,G6-('A.VI. Rodagem'!$D43),"")
A49: Miniônibus | D49: =IF(D7>0,D7-('A.VI. Rodagem'!$D44),"") | E49: =IF(E7>0,E7-('A.VI. Rodagem'!$D44),"") | F49: =IF(F7>0,F7-('A.VI. Rodagem'!$D44),"") | G49: =IF(G7>0,G7-('A.VI. Rodagem'!$D44),"")
A50: Midiônibus | D50: =IF(D8>0,D8-('A.VI. Rodagem'!$D45),"") | E50: =IF(E8>0,E8-('A.VI. Rodagem'!$D45),"") | F50: =IF(F8>0,F8-('A.VI. Rodagem'!$D45),"") | G50: =IF(G8>0,G8-('A.VI. Rodagem'!$D45),"")
A51: Ônibus básico | G51: =IF(G9>0,G9-('A.VI. Rodagem'!$D46),"")
A52: Ônibus padron | D52: =IF(D10>0,D10-('A.VI. Rodagem'!$D47),"") | E52: =IF(E10>0,E10-('A.VI. Rodagem'!$D47),"") | F52: =IF(F10>0,F10-('A.VI. Rodagem'!$D47),"") | G52: =IF(G10>0,G10-('A.VI. Rodagem'!$D47),"")
A53: Ônibus articulado | D53: =IF(D11>0,D11-('A.VI. Rodagem'!$D48),"") | E53: =IF(E11>0,E11-('A.VI. Rodagem'!$D48),"") | F53: =IF(F11>0,F11-('A.VI. Rodagem'!$D48),"") | G53: =IF(G11>0,G11-('A.VI. Rodagem'!$D48),"")
A54: Ônibus biarticulado | D54: =IF(D12>0,D12-('A.VI. Rodagem'!$D49),"") | E54: =IF(E12>0,E12-('A.VI. Rodagem'!$D49),"") | F54: =IF(F12>0,F12-('A.VI. Rodagem'!$D49),"") | G54: =IF(G12>0,G12-('A.VI. Rodagem'!$D49),"")
A57: VEC | D57: =SUM(D26:G32)/SUM(D37:G43) -> #DIV/0!
A58: VEC[básico] | D58: =D9 -> 0

Sheet 2.1.c Insumos
B3: ¹ Deve-se preencher todas as celulas abaixo. Se não houver investimentos em determinados itens ou taxas e tributos, por exemplo, preenche-se com o valor zero. Caso a celula não seja preenchida com alguma valor adotar-se-á os valores de referência para o respectivo item
B4: ² Os valores de referência para os insumos abaixo estão descritos no Capítulo 3 da publicação "Cálculo dos Custos dos Serviços de Transporte Coletivo Urbano por Ônibus"
J7: Instrução de preenchimento
A8: 3.1. | B8: Óleo diesel (OLD)
C9: 3.1.1 | D9: Preço do óleo diesel ..................................................... | F9: 5.27 | H9: R$/litro | J9: Pesquisa de mercado
L10: Legenda
A11: 3.2. | B11: Lubrificantes (CLB)
C12: 3.2.1 | D12: Coeficiente de correlação do consumo de lubrificante relacionado ao consumo de óleo diesel .......................... | F12: ='A.IV. Lub.'!D7 -> 0.0265 | H12: litro/km | J12: Buscar valor na aba A.IV - Lubrificantes | N12: Entrada de dados
N13: Entrada de dados com valor de referência
A14: 3.3. | B14: ARLA 32 (ARL) | N14: Resultado
C15: 3.3.1 | D15: Preço do Arla 32 .......................................................... | F15: 1.97 | H15: R$/litro | J15: Pesquisa de mercado
C16: 3.3.2 | D16: Coeficiente de correlação do consumo do ARLA 32 relacionado ao preço do óleo diesel ............................... | F16: =AVERAGE('A.V. Arla32'!E6:F6) -> 0.04 | H16: adimensional | J16: Buscar valor no Anexo V
A18: 3.4. | B18: Rodagem (ROD) | D18: Verificar Anexo VI
C19: 3.4.1 | D19: Preço do pneu novo | E19: 215/75 R17,6 .............................. | F19: 0 | H19: R$/unidade | J19: Pesquisa de mercado
E20: 275/80 R22,6 .............................. | F20: 2493.43 | H20: R$/unidade | J20: Pesquisa de mercado
E21: 295/80 R22,6 .............................. | F21: 0 | H21: R$/unidade | J21: Pesquisa de mercado
C22: 3.4.2 | D22: Preço da recapagem | E22: 215/75 R17,6 .............................. | F22: 0 | H22: R$/unidade | J22: Pesquisa de mercado
E23: 275/80 R22,6 .............................. | F23: 745 | H23: R$/unidade | J23: Pesquisa de mercado
E24: 295/80 R22,6 .............................. | F24: 0 | H24: R$/unidade | J24: Pesquisa de mercado
A27: 3.5 | B27: Custos Ambientais (CAB)
C28: 3.5.1 | D28: Fator de correlação entre os custos ambientais e o preço médio do ônibus básico novo ............................... | F28: =AVERAGE('A.VIII. Custos ambientais'!E6:F6) -> 0.0125 | H28: adimensional | J28: Buscar valor no Anexo VIII
A30: 3.6 | B30: Veículo (VEC)
C31: 3.6.1 | D31: Preço médio ônibus básico novo ......................... | F31: ='2.1.b Veículos'!D58 -> 0 | H31: R$/veículo | J31: Buscar valor na aba 4.7.1.VEC
A33: 3.7 | B33: Salários e benefícios (SAB)
C34: 3.7.1 | D34: Salário do Motorista (SALmot) ....................................… | F34: 3407.8 | H34: R$/mês | J34: Valor praticado
C35: 3.7.2 | D35: Salário do Cobrador (SALcob) ....................................... | F35: 1960.2 | H35: R$/mês | J35: Valor praticado
C36: 3.7.3 | D36: Salário do Despachante (SALdes) ................................. | F36: 4136 | H36: R$/mês | J36: Valor praticado
C37: 3.7.4 | D37: Salário do Fiscal (SAL fisc) ................................. | F37: 2890.8 | H37: R$/mês
C38: 3.7.5 | D38: Benefícios do Motorista (BENmot) ................................. | F38: 1818.26 | H38: R$/mês | J38: Valor praticado
C39: 3.7.6 | D39: Benefícios do Cobrador (BENcob) ................................. | F39: 1536.78 | H39: R$/mês | J39: Valor praticado
C40: 3.7.7 | D40: Benefícios do Despachante (BENdes) ........................... | F40: 1959.85 | H40: R$/mês | J40: Valor praticado
C41: 3.7.8 | D41: Benefícios do Fiscal (BEN fisc) ........................... | F41: 1717.73 | H41: R$/mês
C42: 3.7.9 | D42: Fator de utilização dos Motoristas (FUTmot) .................. | F42: 2.63 | H42: adimensional | J42: Buscar valor no Anexo XII
C43: 3.7.10 | D43: Fator de utilização dos Cobradores (FUTcob) ................ | F43: =30/72 -> 0.41666667 | H43: adimensional | J43: Buscar valor no Anexo XII
C44: 3.7.11 | D44: Fator de utilização dos Despachantes (FUTdes) ............. | F44: 0 | H44: adimensional | J44: Buscar valor no Anexo XII
C45: 3.7.12 | D45: Fator de utilização dos Fiscais (FUT fisc)....................... | F45: 1 | H45: adimensional | J45: Buscar valor no Anexo XII
C46: 3.7.13 | D46: Fator de utilização físico dos Motoristas (FUFmot) .......... | F46: 2.63 | H46: adimensional | J46: Buscar valor no Anexo XII
C47: 3.7.14 | D47: Fator de utilização físico dos Cobradores (FUFcob) ........ | F47: =F43 -> 0.41666667 | H47: adimensional | J47: Buscar valor no Anexo XII
C48: 3.7.15 | D48: Fator de utilização físico dos Despachantes (FUFdes) .... | F48: 0 | H48: adimensional | J48: Buscar valor no Anexo XII
C49: 3.7.16 | D49: Fator de utilização físico dos Fiscais (FUF fisc)............... | F49: 1 | H49: adimensional | J49: Buscar valor no Anexo XII
C50: 3.7.17 | D50: Encargo Social (ECS) ................................................... | F50: 41.99 | H50: % | J50: Valor praticado
C51: 3.7.18 | D51: Despesas pessoal de manutenção, administrativo e diretoria em relação ao pessoal operacional (Θ) .............. | F51: 27.13 | H51: % | J51: Buscar valor no Anexo XIII
A53: 3.8 | B53: Taxas e Seguros
C54: 3.8.1 | D54: Seguro obrigatório por veículo (VAS ) ............................. | F54: 0 | H54: R$/ano | J54: Valor praticado
C55: 3.8.2 | D55: Taxa de licenciamento por veículo (VAT) ........................ | F55: 200 | H55: R$/ano | J55: Valor praticado
C56: 3.8.3 | D56: Seguro de responsabilidade civil facultativo (CDR) .......... | F56: =1332*'1.4 Indicadores'!E16 -> 0 | H56: R$/ano | J56: Valor praticado
C57: 3.8.4 | D57: IPVA ........................................................................... | F57: 0 | H57: R$/ano | J57: Valor praticado
A59: 3.9 | B59: Infraestrutura
C60: 3.9.1 | D60: Tempo de contrato a partir da data de realização do investimento (DUC) ...................................................... | F60: 15 | H60: anos | J60: Valor praticado
C61: 3.9.2 | D61: Valor do investimento em infraestrutura (VIN) ................. | F61: 0 | H61: R$ | J61: Valor praticado
C62: 3.9.3 | D62: Vida útil da infraestrutura(VUI) | F62: 15 | H62: anos | J62: Valor praticado
C63: 3.9.4 | D63: Estoque equivalente do almoxarifado................................. | F63: 1.8 | H63: meses | J63: Valor praticado
A65: 3.10 | B65: Taxa de Remuneração do Capital (TRC)
C66: 3.10.1 | D66: Taxa do Sistema Especial de Liquidação e de Custódia (SELIC).. | F66: 15 | H66: % | J66: Pesquisa de mercado
C67: 3.10.2 | D67: Índice Nacional de Preços ao Consumidor Amplo (IPCA)........... | F67: 4.26 | H67: % | J67: Pesquisa de mercado
C68: 3.10.3 | D68: Taxa de Remuneração do Capital (TRC) | F68: =F66-F67/2 -> 12.87 | H68: %
A70: 3.11 | B70: Capital investido em terrenos, edificações e equipamentos de garagem
C71: 3.11.1 | D71: Custos de investimento no terreno (CIT) ......................... | F71: 17650000 | H71: R$ | J71: Valor praticado
C72: 3.11.2 | D72: Valor investido em edificações (CIE) .............................. | F72: 20475000 | H72: R$ | J72: Valor praticado
C73: 3.11.3 | D73: Vida Útil das Edificações (VUE) | F73: 25 | H73: anos | J73: Buscar valor no Anexo IX
C74: 3.11.4 | D74: Valor Residual das Edificações (VRE) | F74: 0.1 | H74: % | J74: Buscar valor no Anexo IX
C75: 3.11.5 | D75: Valor investido em equipamentos de garagem (CIG) ........ | F75: 0 | H75: R$ | J75: Valor praticado
C76: 3.11.6 | D76: Vida Útil dos equipamentos de garagem (VUQ) | F76: 10 | H76: anos | J76: Buscar valor no Anexo IX
C77: 3.11.7 | D77: Vida residual dos equipamentos de garagem (VRG) | F77: 0 | H77: % | J77: Buscar valor no Anexo IX
C78: 3.11.8 | D78: Valor investido em equipamentos de bilhetagem e ITS (CEB) | F78: 0 | H78: R$ | J78: Valor praticado
C79: 3.11.9 | D79: Vida útil dos equipamentos de bilhetagem e ITS (VUB) | F79: 0 | H79: anos | J79: Buscar valor no Anexo IX
C80: 3.11.10 | D80: Valor residual dos equipamentos de bilhetagem e ITS (VRB) | F80: 0 | H80: % | J80: Buscar valor no Anexo IX
A82: 3.12 | B82: Serviços de terceiros, compartilhados e locações
C83: 3.12.1 | D83: Despesas de Comercialização, serviços prestados em terminais/estações de transferência e centrais de controle da operação (CCM) ....................................................... | F83: 75000 | H83: R$/mês | J83: Valor praticado
C84: 3.12.2 | D84: Valor anual da locação por equipamento locado por veículo (QL) ................................................................. | F84: =900*12 -> 10800 | H84: R$/veículo/ano | J84: Valor praticado
C85: 3.12.3 | D85: Valor anual da locação de cada conjunto de equipamentos (QEL)...................................................... | F85: 0 | H85: R$/ano | J85: Valor praticado
C86: 3.12.4 | D86: Quantidade de conjuntos de equipamentos locados (QEQ) ......................................................................... | F86: 80 | H86: unidades | J86: Valor praticado
C87: 3.12.5 | D87: Locação de garagem (CLG) ........................................... | F87: 0 | H87: R$/mês | J87: Valor praticado
C88: 3.12.6 | D88: Locação de Veículo de Apoio (CLA)........... | F88: 0 | H88: R$/mês | J88: Valor praticado
A90: 3.13 | B90: Taxa de remuneração do serviço (RPS)
C91: 3.13.1 | D91: Taxa de remuneração do serviço (RPS) ...................... | F91: 5.02 | H91: % | J91: Buscar valor no Anexo XV
A93: 3.14 | B93: Despesas gerais (CDG)................................................................................ | F93: ='A.XVI. Despesas Gerais'!C49 -> 2484945.8 | H93: R$/ano | J93: Buscar valor no Anexo XVI
A95: 3.15 | B95: Tributos Diretos (TRD)
C96: 3.15.1 | D96: Imposto sobre serviços de qualquer natureza (ISSQN) .... | F96: 3 | H96: % | J96: Valor praticado
C97: 3.15.2 | D97: Programa de integração social (PIS) .............................. | F97: 0 | H97: % | J97: Valor praticado
C98: 3.15.3 | D98: Contribuição para o financiamento da seguridade social (COFINS) .................................................................... | F98: 0 | H98: % | J98: Valor praticado
C99: 3.15.4 | D99: Taxa de ger. e adm. do sistema de transp. ou taxa de regulação do serviço e taxa de adm. de terminais ........... | F99: 0 | H99: % | J99: Valor praticado
C100: 3.15.5 | D100: INSS ........................................................................... | F100: 5 | H100: % | J100: Valor praticado
C101: 3.15.6 | D101: ICMS ........................................................................... | F101: 0 | H101: % | J101: Valor praticado
C102: 3.15.7 | D102: Outros tributos ............................................................. | F102: 0 | H102: % | J102: Valor praticado
A104: 3.15 | B104: Subsídio (SUB)
C105: 3.15.1 | D105: Subsídio mensal para custeio da tarifa.......................................... | F105: 540000 | H105: R$/mês | J105: Valor praticado

Sheet 2.1. Custo Variável
A1: 2.1 | B1: Custo Variável | D1: R$ | E1: =SUM(E3:E8) -> #DIV/0!
B3: 2.1.1 | C3: Combustível (CMB) | D3: R$ | E3: ='2.1.c Insumos'!F9*'2.1.a Combustível'!C73 -> 0 | H3: Legenda
B4: 2.1.2 | C4: Lubrificantes (CLB) | D4: R$ | E4: ='2.1.c Insumos'!F9*'2.1.c Insumos'!F12*'1.4 Indicadores'!E9 -> 55373.207
B5: 2.1.3 | C5: ARLA 32 (CAR) | D5: R$ | E5: ='2.1.c Insumos'!F15*'2.1.c Insumos'!F16*'2.1.a Combustível'!C73 -> 0 | J5: Entrada de dados
B6: 2.1.4 | C6: Rodagem (CRD) | D6: R$ | E6: =('1.4 Indicadores'!E9/'1.4 Indicadores'!E16)*SUM('A.VI. Rodagem'!E54:F60) -> #DIV/0! | J6: Entrada de dados com valor de referência
B7: 2.1.5 | C7: Peças e Acessórios (CPA) | D7: R$ | E7: =((((SUM('1.3 Frota Total'!E31:H33)+SUM('1.3 Frota Total'!E37:H39)+SUM('1.3 Frota Total'!E43:H45)+SUM('1.3 Frota Total'!E52:H54)+SUM('1.3 Frota Total'!E61:H63)+SUM('1.3 Frota Total'!E72:H74)+SUM('1.3 Frota Total'!E85:H87))*'A.VII. Peças e acessórios '!F7)+((SUM('1.3 Frota Total'!E34:H35)+SUM('1.3 Frota Total'!E40:H41)+SUM('1.3 Frota Total'!E46:H47)+SUM('1.3 Frota Total'!E55:H56)+SUM('1.3 Frota Total'!E64:H65)+SUM('1.3 Frota Total'!E75:H76)+SUM('1.3 Frota Total'!E88:H89))*'A.VII. Peças e acessórios '!F8)+((SUM('1.3 Frota Total'!E36:H36)+SUM('1.3 Frota Total'!E42:H42)+SUM('1.3 Frota Total'!E48:H49)+SUM('1.3 Frota Total'!E57:H58)+SUM('1.3 Frota Total'!E66:H67)+SUM('1.3 Frota Total'!E77:H78)+SUM('1.3 Frota Total'!E90:H91))*'A.VII. Peças e acessórios '!F9)+((SUM('1.3 Frota Total'!E50:H51)+SUM('1.3 Frota Total'!E59:H60)+SUM('1.3 Frota Total'!E68:H69)+SUM('1.3 Frota Total'!E79:H80)+SUM('1.3 Frota Total'!E92:H93))*'A.VII. Peças e acessórios '!F10)+((SUM('1.3 Frota Total'!E70:H71)+SUM('1.3 Frota Total'!E81:H82)+SUM('1.3 Frota Total'!E94:H95))*'A.VII. Peças e acessórios '!F11)+((SUM('1.3 Frota Total'!E83:H84)+SUM('1.3 Frota Total'!E96:H97))*'A.VII. Peças e acessórios '!F12))*('2.1.b Veículos'!D58/12)) -> 0 | J7: Resultado
B8: 2.1.6 | C8: Custos Ambientais (CAB) | D8: R$ | E8: ='2.1.c Insumos'!F28*'2.1.b Veículos'!D58*'1.4 Indicadores'!E16/12 -> 0

Sheet 2.2 Custo Fixo
A1: 2.2 | B1: Custo Fixo | F1: R$ | H1: =H3+H10+H18+H22+H30+H31+H32 -> #DIV/0!
B3: 2.2.1. | C3: Depreciação (CDP) | F3: R$ | H3: =SUM(H4:H8) -> #DIV/0! | J3: Legenda
D4: 2.2.1.1 | E4: Veículos (DVE) | G4: R$ | H4: ='A.IX.a. Deprec. veículos'!G248 -> 0
D5: 2.2.1.2 | E5: Edificações e equipamentos de garagem (DED) | G5: R$ | H5: =((((IF('2.1.c Insumos'!F72="",'A.IX.b. Deprec. garagem equip. '!H13,'A.IX.b. Deprec. garagem equip. '!D13)))*(IF('2.1.c Insumos'!F73="",(1/'A.IX.b. Deprec. garagem equip. '!E8),(1/IF('2.1.c Insumos'!F73=0,'A.IX.b. Deprec. garagem equip. '!E8,'2.1.c Insumos'!F73)))))+(IF('2.1.c Insumos'!F75="",'A.IX.b. Deprec. garagem equip. '!H17,'A.IX.b. Deprec. garagem equip. '!D17))*(IF('2.1.c Insumos'!F76="",(1/'A.IX.b. Deprec. garagem equip. '!E9),(1/IF('2.1.c Insumos'!F76=0,'A.IX.b. Deprec. garagem equip. '!E9,'2.1.c Insumos'!F76)))))*'2.1.b Veículos'!D58*(SUM('1.3 Frota Total'!C19:F25))/12 -> #DIV/0! | L5: Entrada de dados
D6: 2.2.1.3 | E6: Equipamentos de bilhetagem e ITS (DEQ) | G6: R$ | H6: =(IF('2.1.c Insumos'!F78="",'A.IX.b. Deprec. garagem equip. '!H26,'A.IX.b. Deprec. garagem equip. '!D26))*(IF('2.1.c Insumos'!F79="",(1/'A.IX.b. Deprec. garagem equip. '!E22),(1/IF('2.1.c Insumos'!F79=0,'A.IX.b. Deprec. garagem equip. '!E22,'2.1.c Insumos'!F79))))*'2.1.b Veículos'!D58*(SUM('1.3 Frota Total'!C19:F25))/12 -> #DIV/0! | L6: Entrada de dados com valor de referência
D7: 2.2.1.4 | E7: Veículos de apoio (DVA) | G7: R$ | H7: =(('2.1.b Veículos'!D17*(1/'A.IX.b. Deprec. garagem equip. '!E31)*(1-'A.IX.b. Deprec. garagem equip. '!F31))+('2.1.b Veículos'!D18*(1/'A.IX.b. Deprec. garagem equip. '!E32)*(1-'A.IX.b. Deprec. garagem equip. '!F32))+('2.1.b Veículos'!D19*(1/'A.IX.b. Deprec. garagem equip. '!E33)*(1-'A.IX.b. Deprec. garagem equip. '!F33))+('2.1.b Veículos'!D20*(1/'A.IX.b. Deprec. garagem equip. '!E34)*(1-'A.IX.b. Deprec. garagem equip. '!F34))+('2.1.b Veículos'!D21*(1/'A.IX.b. Deprec. garagem equip. '!E35)*(1-'A.IX.b. Deprec. garagem equip. '!F35)))/12 -> 0 | L7: Resultado
D8: 2.2.1.5 | E8: Infraestrutura (DIN) | G8: R$ | H8: =IF('2.1.c Insumos'!F60=0,0,('2.1.c Insumos'!F61/(('2.1.c Insumos'!F60)*12))) -> 0
B10: 2.2.2. | C10: Remuneração do Capital Imobilizado (CRC) | F10: R$ | H10: =SUM(H11:H16) -> #DIV/0!
D11: 2.2.2.1 | E11: Veículos (RVE) | G11: R$ | H11: ='A.X.a. Remun. veículos '!G231 -> 0
D12: 2.2.2.2 | E12: Terrenos, edificações e equipamentos de garagem (RTE) | G12: R$ | H12: ='A.X.b. Remun. garagem equip.'!D20 -> #DIV/0!
D13: 2.2.2.3 | E13: Almoxarifado (RAL) | G13: R$ | H13: ='2.1.c Insumos'!F63*'2.1. Custo Variável'!E7*('2.1.c Insumos'!F68/100)/12 -> 0
D14: 2.2.2.4 | E14: Equipamentos de bilhetagem e ITS (REQ) | G14: R$ | H14: =IF('2.1.c Insumos'!F78="",('A.X.c. Remun. Eq. Bilhet. ITS'!D9*('2.1.c Insumos'!F68/100)*'2.1.b Veículos'!D58*SUM('1.3 Frota Total'!C19:F25)/12),('A.X.c. Remun. Eq. Bilhet. ITS'!D7*('2.1.c Insumos'!F68/100)*'2.1.b Veículos'!D58*SUM('1.3 Frota Total'!C19:F25)/12)) -> #DIV/0!
D15: 2.2.2.5 | E15: Veículos de apoio (RVA) | G15: R$ | H15: =SUM('1.3 Frota Total'!C19:F25)*'2.1.c Insumos'!F31*('2.1.c Insumos'!F68/100)*'A.X.d. Remun. Vec. Apoio'!D7/12 -> #DIV/0!
D16: 2.2.2.6 | E16: Infraestrutura (RIN) | G16: R$ | H16: ='2.1.c Insumos'!F61*('2.1.c Insumos'!F68/100)*'A.X.e. Remun. Infraes'!C7/12 -> 0
B18: 2.2.3. | C18: Custos com pessoal (CPS) | F18: R$ | H18: =SUM(H19:H20) -> 0
D19: 2.2.3.1 | E19: Operação (DOP) | G19: R$ | H19: =(((('2.1.c Insumos'!F34*'2.1.c Insumos'!F42)+('2.1.c Insumos'!F35*'2.1.c Insumos'!F43)+('2.1.c Insumos'!F36*'2.1.c Insumos'!F44)+('2.1.c Insumos'!F37*'2.1.c Insumos'!F45))*((1+('2.1.c Insumos'!F50/100)))+(('2.1.c Insumos'!F38*'2.1.c Insumos'!F46)+('2.1.c Insumos'!F39*'2.1.c Insumos'!F47)+('2.1.c Insumos'!F40*'2.1.c Insumos'!F48)+('2.1.c Insumos'!F41*'2.1.c Insumos'!F49)))*'1.4 Indicadores'!E17) -> 0
D20: 2.2.3.2 | E20: Pessoal de manutenção, administrativo e diretoria (DMA) | G20: R$ | H20: =H19*('2.1.c Insumos'!F51/100) -> 0
B22: 2.2.4. | C22: Despesas administrativas (CAD) | F22: R$ | H22: =SUM(H23:H27) -> 282078.82
D23: 2.2.4.1 | E23: Despesas gerais (CDG) | G23: R$ | H23: ='2.1.c Insumos'!F93/12 -> 207078.82
D24: 2.2.4.2 | E24: Seguro obrigatório e taxa de licenciamento (CDS) | G24: R$ | H24: =('2.1.c Insumos'!F54+'2.1.c Insumos'!F55)*SUM('1.3 Frota Total'!C19:F25)/12 -> 0
D25: 2.2.4.3 | E25: Seguro de responsabilidade civil facultativo (CDR) | G25: R$ | H25: ='2.1.c Insumos'!F56/12 -> 0
D26: 2.2.4.4 | E26: IPVA | G26: R$ | H26: ='2.1.c Insumos'!F57/12 -> 0
D27: 2.2.4.5 | E27: Outras despesas operacionais (CCM) | G27: R$ | H27: ='2.1.c Insumos'!F83 -> 75000
B30: 2.2.5. | C30: Locação dos equipamentos e sistemas de bilhetagem e ITS (CLQ) | F30: R$ | H30: =(1/12)*(('2.1.c Insumos'!F84*SUM('1.3 Frota Total'!C19:F25))+('2.1.c Insumos'!F85*'2.1.c Insumos'!F86)) -> 0
B31: 2.2.6. | C31: Locação de garagem (CLG) | F31: R$ | H31: ='2.1.c Insumos'!F87 -> 0
B32: 2.2.7. | C32: Locação de Veículos de Apoio (CLA) | F32: R$ | H32: ='2.1.c Insumos'!F88 -> 0

Sheet 2.3 RPS
A1: 2.3 | B1: Remuneração da prestação dos serviços (RPS) | F1: R$ | H1: =(H3+H5)*('2.1.c Insumos'!F91/100) -> #DIV/0!
B3: 2.3.1. | C3: Custo Variável | F3: R$ | H3: ='2.1. Custo Variável'!E1 -> #DIV/0! | J3: Legenda
B5: 2.3.2. | C5: Custo Fixo | F5: R$ | H5: ='2.2 Custo Fixo'!H1 -> #DIV/0! | L5: Entrada de dados
L6: Entrada de dados com valor de referência

Sheet 4. Custo Total
A1: 4. | B1: Cálculo do custo total mensal com impostos e tributos (CT) | F1: R$ | H1: =(H3+H5+H7)/(1-H9) -> #DIV/0!
B3: 2.1 | C3: Custo Variável | F3: R$ | H3: ='2.1. Custo Variável'!E1 -> #DIV/0! | J3: Legenda
B5: 2.2 | C5: Custo Fixo | F5: R$ | H5: ='2.2 Custo Fixo'!H1 -> #DIV/0! | L5: Entrada de dados
L6: Entrada de dados com valor de referência
B7: 2.3 | C7: Remuneração da prestação dos serviços (RPS) | F7: R$ | H7: ='2.3 RPS'!H1 -> #DIV/0! | L7: Resultado
B9: 2.4 | C9: Tributos Diretos (ITR) | H9: =SUM('2.1.c Insumos'!F96:F102)/100 -> 0.08

Sheet 4.1. Custo Pass. Transp.
A1: 4.1 | B1: Custo por Passageiro Transportado | F1: R$ | H1: =H3/H5 -> #DIV/0!
B3: 4.3.1 | C3: Custo total | F3: R$ | H3: ='4. Custo Total'!H1 -> #DIV/0! | J3: Legenda
B5: 4.3.2 | C5: Passageiros transportados | F5: R$ | H5: ='1.1. Passageiros'!D11 -> 1010000 | L5: Entrada de dados
L6: Entrada de dados com valor de referência
L7: Resultado

Sheet 4.2. Tarifa Pública
A1: 4.2 | B1: Tarifa Pública | F1: R$ | H1: =(H3-H7)/H5 -> #DIV/0!
B3: 4.2.1 | C3: Custo total | F3: R$ | H3: ='4. Custo Total'!H1 -> #DIV/0! | J3: Legenda
B5: 4.2.2 | C5: Passageiros pagantes | F5: R$ | H5: ='1.4 Indicadores'!E8 -> 702000 | L5: Entrada de dados
L6: Entrada de dados com valor de referência
B7: 4.2.3 | C7: Subsídio | F7: R$ | H7: ='2.1.c Insumos'!F105 -> 540000 | L7: Resultado

Sheet 5. Composição CT
B2: QUADRO RESUMO DOS CUSTOS (R$/MÊS)
B4: DESCRIÇÃO | J4: VALOR MENSAL | K4: CUSTO/KM | L4: CUSTO/VEÍCULO | M4: % | N4: % Custo Total
B5: CUSTOS VARIÁVEIS
B6: Combustível (CMB)......................................................................................................................... | J6: ='2.1. Custo Variável'!E3 -> 0 | K6: =J6/(IF('1.2. KM programada'!$D$7="x",SUM('1.2. KM programada'!$Q$16:$S$115),IF('1.2. KM programada'!$D$7="X",SUM('1.2. KM programada'!$Q$16:$S$115),'1.2. KM programada'!$D$10))) -> 0 | L6: =J6/SUM('1.3 Frota Total'!$C$19:$F$25) -> #DIV/0! | M6: =J6/$J$12 -> #DIV/0! | N6: =J6/$J$63 -> #DIV/0!
B7: Lubrificantes (CLB)...................................................................................................... | J7: ='2.1. Custo Variável'!E4 -> 55373.207 | K7: =J7/(IF('1.2. KM programada'!$D$7="x",SUM('1.2. KM programada'!$Q$16:$S$115),IF('1.2. KM programada'!$D$7="X",SUM('1.2. KM programada'!$Q$16:$S$115),'1.2. KM programada'!$D$10))) -> 0.139655 | L7: =J7/SUM('1.3 Frota Total'!$C$19:$F$25) -> #DIV/0! | M7: =J7/$J$12 -> #DIV/0! | N7: =J7/$J$63 -> #DIV/0!
B8: ARLA 32 (CAR)............................................................................................. | J8: ='2.1. Custo Variável'!E5 -> 0 | K8: =J8/(IF('1.2. KM programada'!$D$7="x",SUM('1.2. KM programada'!$Q$16:$S$115),IF('1.2. KM programada'!$D$7="X",SUM('1.2. KM programada'!$Q$16:$S$115),'1.2. KM programada'!$D$10))) -> 0 | L8: =J8/SUM('1.3 Frota Total'!$C$19:$F$25) -> #DIV/0! | M8: =J8/$J$12 -> #DIV/0! | N8: =J8/$J$63 -> #DIV/0!
B9: Material de rodagem (CRD)................................................................................................................................................ | J9: ='2.1. Custo Variável'!E6 -> #DIV/0! | K9: =J9/(IF('1.2. KM programada'!$D$7="x",SUM('1.2. KM programada'!$Q$16:$S$115),IF('1.2. KM programada'!$D$7="X",SUM('1.2. KM programada'!$Q$16:$S$115),'1.2. KM programada'!$D$10))) -> #DIV/0! | L9: =J9/SUM('1.3 Frota Total'!$C$19:$F$25) -> #DIV/0! | M9: =J9/$J$12 -> #DIV/0! | N9: =J9/$J$63 -> #DIV/0!
B10: Peças e acessórios (CPA)............................................................................... | J10: ='2.1. Custo Variável'!E7 -> 0 | K10: =J10/(IF('1.2. KM programada'!$D$7="x",SUM('1.2. KM programada'!$Q$16:$S$115),IF('1.2. KM programada'!$D$7="X",SUM('1.2. KM programada'!$Q$16:$S$115),'1.2. KM programada'!$D$10))) -> 0 | L10: =J10/SUM('1.3 Frota Total'!$C$19:$F$25) -> #DIV/0! | M10: =J10/$J$12 -> #DIV/0! | N10: =J10/$J$63 -> #DIV/0!
B11: Custos ambientais (CAB)...................................................................................... | J11: ='2.1. Custo Variável'!E8 -> 0 | K11: =J11/(IF('1.2. KM programada'!$D$7="x",SUM('1.2. KM programada'!$Q$16:$S$115),IF('1.2. KM programada'!$D$7="X",SUM('1.2. KM programada'!$Q$16:$S$115),'1.2. KM programada'!$D$10))) -> 0 | L11: =J11/SUM('1.3 Frota Total'!$C$19:$F$25) -> #DIV/0! | M11: =J11/$J$12 -> #DIV/0! | N11: =J11/$J$63 -> #DIV/0!
B12: TOTAL CUSTOS VARIÁVEIS | J12: =SUM(J6:J11) -> #DIV/0! | K12: =SUM(K6:K11) -> #DIV/0! | L12: =SUM(L6:L11) -> #DIV/0! | M12: =SUM(M6:M11) -> #DIV/0! | N12: =J12/$J$63 -> #DIV/0!
B13: CUSTOS FIXOS
B14: Pessoal
B15: Operação ............................................................................. | J15: ='2.2 Custo Fixo'!H19 -> 0 | K15: =J15/(IF('1.2. KM programada'!$D$7="x",SUM('1.2. KM programada'!$Q$16:$S$115),IF('1.2. KM programada'!$D$7="X",SUM('1.2. KM programada'!$Q$16:$S$115),'1.2. KM programada'!$D$10))) -> 0 | L15: =J15/SUM('1.3 Frota Total'!$C$19:$F$25) -> #DIV/0! | M15: =J15/$J$46 -> #DIV/0! | N15: =J15/$J$63 -> #DIV/0!
B16: Manutenção, administrativo e diretoria (DMA)............................................................... | J16: ='2.2 Custo Fixo'!H20 -> 0 | K16: =J16/(IF('1.2. KM programada'!$D$7="x",SUM('1.2. KM programada'!$Q$16:$S$115),IF('1.2. KM programada'!$D$7="X",SUM('1.2. KM programada'!$Q$16:$S$115),'1.2. KM programada'!$D$10))) -> 0 | L16: =J16/SUM('1.3 Frota Total'!$C$19:$F$25) -> #DIV/0! | M16: =J16/$J$46 -> #DIV/0! | N16: =J16/$J$63 -> #DIV/0!
B17: subtotal | J17: =SUM(J15:J16) -> 0 | K17: =SUM(K15:K16) -> 0 | L17: =SUM(L15:L16) -> #DIV/0! | M17: =SUM(M15:M16) -> #DIV/0! | N17: =J17/$J$63 -> #DIV/0!
B18: Administrativas
B19: Despesas gerais (CDG)..................................................................................................... | J19: ='2.2 Custo Fixo'!H23 -> 207078.82 | K19: =J19/(IF('1.2. KM programada'!$D$7="x",SUM('1.2. KM programada'!$Q$16:$S$115),IF('1.2. KM programada'!$D$7="X",SUM('1.2. KM programada'!$Q$16:$S$115),'1.2. KM programada'!$D$10))) -> 0.52226688 | L19: =J19/SUM('1.3 Frota Total'!$C$19:$F$25) -> #DIV/0! | M19: =J19/$J$46 -> #DIV/0! | N19: =J19/$J$63 -> #DIV/0!
B20: DPVAT e licenciamento (CDS).......................................................................................................................... | J20: ='2.2 Custo Fixo'!H24 -> 0 | K20: =J20/(IF('1.2. KM programada'!$D$7="x",SUM('1.2. KM programada'!$Q$16:$S$115),IF('1.2. KM programada'!$D$7="X",SUM('1.2. KM programada'!$Q$16:$S$115),'1.2. KM programada'!$D$10))) -> 0 | L20: =J20/SUM('1.3 Frota Total'!$C$19:$F$25) -> #DIV/0! | M20: =J20/$J$46 -> #DIV/0! | N20: =J20/$J$63 -> #DIV/0!
B21: IPVA............................................................................................................. | J21: ='2.2 Custo Fixo'!H26 -> 0 | K21: =J21/(IF('1.2. KM programada'!$D$7="x",SUM('1.2. KM programada'!$Q$16:$S$115),IF('1.2. KM programada'!$D$7="X",SUM('1.2. KM programada'!$Q$16:$S$115),'1.2. KM programada'!$D$10))) -> 0 | L21: =J21/SUM('1.3 Frota Total'!$C$19:$F$25) -> #DIV/0! | M21: =J21/$J$46 -> #DIV/0! | N21: =J21/$J$63 -> #DIV/0!
B22: Seguros (CRD).......................................................................................................... | J22: ='2.2 Custo Fixo'!H25 -> 0 | K22: =J22/(IF('1.2. KM programada'!$D$7="x",SUM('1.2. KM programada'!$Q$16:$S$115),IF('1.2. KM programada'!$D$7="X",SUM('1.2. KM programada'!$Q$16:$S$115),'1.2. KM programada'!$D$10))) -> 0 | L22: =J22/SUM('1.3 Frota Total'!$C$19:$F$25) -> #DIV/0! | M22: =J22/$J$46 -> #DIV/0! | N22: =J22/$J$63 -> #DIV/0!
B23: Outras despesas operacionais (CCM)......................................................................................... | J23: ='2.2 Custo Fixo'!H27 -> 75000 | K23: =J22/(IF('1.2. KM programada'!$D$7="x",SUM('1.2. KM programada'!$Q$16:$S$115),IF('1.2. KM programada'!$D$7="X",SUM('1.2. KM programada'!$Q$16:$S$115),'1.2. KM programada'!$D$10))) -> 0 | L23: =J23/SUM('1.3 Frota Total'!$C$19:$F$25) -> #DIV/0! | M23: =J23/$J$46 -> #DIV/0! | N23: =J23/$J$63 -> #DIV/0!
B24: subtotal | J24: =SUM(J19:J23) -> 282078.82 | K24: =SUM(K19:K23) -> 0.52226688 | L24: =SUM(L19:L23) -> #DIV/0! | M24: =SUM(M19:M23) -> #DIV/0! | N24: =J24/$J$63 -> #DIV/0!
B25: Depreciação
B26: Veículos da frota (DVE).............................................................................................. | J26: ='2.2 Custo Fixo'!H4 -> 0 | K26: =J26/(IF('1.2. KM programada'!$D$7="x",SUM('1.2. KM programada'!$Q$16:$S$115),IF('1.2. KM programada'!$D$7="X",SUM('1.2. KM programada'!$Q$16:$S$115),'1.2. KM programada'!$D$10))) -> 0 | L26: =J26/SUM('1.3 Frota Total'!$C$19:$F$25) -> #DIV/0! | M26: =J26/$J$46 -> #DIV/0! | N26: =J26/$J$63 -> #DIV/0!
B27: Edificações e equipamentos de garagem (DED).......................................................................................................... | J27: ='2.2 Custo Fixo'!H5 -> #DIV/0! | K27: =J27/(IF('1.2. KM programada'!$D$7="x",SUM('1.2. KM programada'!$Q$16:$S$115),IF('1.2. KM programada'!$D$7="X",SUM('1.2. KM programada'!$Q$16:$S$115),'1.2. KM programada'!$D$10))) -> #DIV/0! | L27: =J27/SUM('1.3 Frota Total'!$C$19:$F$25) -> #DIV/0! | M27: =J27/$J$46 -> #DIV/0! | N27: =J27/$J$63 -> #DIV/0!
B28: Equipamentos de bilhetagem e ITS (DEQ)..................................................................................... | J28: ='2.2 Custo Fixo'!H6 -> #DIV/0! | K28: =J28/(IF('1.2. KM programada'!$D$7="x",SUM('1.2. KM programada'!$Q$16:$S$115),IF('1.2. KM programada'!$D$7="X",SUM('1.2. KM programada'!$Q$16:$S$115),'1.2. KM programada'!$D$10))) -> #DIV/0! | L28: =J28/SUM('1.3 Frota Total'!$C$19:$F$25) -> #DIV/0! | M28: =J28/$J$46 -> #DIV/0! | N28: =J28/$J$63 -> #DIV/0!
B29: Veículos de apoio (DVA)..................................................................................................... | J29: ='2.2 Custo Fixo'!H7 -> 0 | K29: =J29/(IF('1.2. KM programada'!$D$7="x",SUM('1.2. KM programada'!$Q$16:$S$115),IF('1.2. KM programada'!$D$7="X",SUM('1.2. KM programada'!$Q$16:$S$115),'1.2. KM programada'!$D$10))) -> 0 | L29: =J29/SUM('1.3 Frota Total'!$C$19:$F$25) -> #DIV/0! | M29: =J29/$J$46 -> #DIV/0! | N29: =J29/$J$63 -> #DIV/0!
B30: Infraestrutura (DIN)......................................................................................... | J30: ='2.2 Custo Fixo'!H8 -> 0 | K30: =J30/(IF('1.2. KM programada'!$D$7="x",SUM('1.2. KM programada'!$Q$16:$S$115),IF('1.2. KM programada'!$D$7="X",SUM('1.2. KM programada'!$Q$16:$S$115),'1.2. KM programada'!$D$10))) -> 0 | L30: =J30/SUM('1.3 Frota Total'!$C$19:$F$25) -> #DIV/0! | M30: =J30/$J$46 -> #DIV/0! | N30: =J30/$J$63 -> #DIV/0!
B32: subtotal | J32: =SUM(J26:J30) -> #DIV/0! | K32: =SUM(K26:K30) -> #DIV/0! | L32: =SUM(L26:L30) -> #DIV/0! | M32: =SUM(M26:M30) -> #DIV/0! | N32: =J32/$J$63 -> #DIV/0!
B33: Remuneração
B34: Veículos da frota (RVE)....................................................................................................... | J34: ='2.2 Custo Fixo'!H11 -> 0 | K34: =J34/(IF('1.2. KM programada'!$D$7="x",SUM('1.2. KM programada'!$Q$16:$S$115),IF('1.2. KM programada'!$D$7="X",SUM('1.2. KM programada'!$Q$16:$S$115),'1.2. KM programada'!$D$10))) -> 0 | L34: =J34/SUM('1.3 Frota Total'!$C$19:$F$25) -> #DIV/0! | M34: =J34/$J$46 -> #DIV/0! | N34: =J34/$J$63 -> #DIV/0!
B35: Terrenos, edificações e equipamentos de garagem (RTE)............................................................................................................... | J35: ='2.2 Custo Fixo'!H12 -> #DIV/0! | K35: =J35/(IF('1.2. KM programada'!$D$7="x",SUM('1.2. KM programada'!$Q$16:$S$115),IF('1.2. KM programada'!$D$7="X",SUM('1.2. KM programada'!$Q$16:$S$115),'1.2. KM programada'!$D$10))) -> #DIV/0! | L35: =J35/SUM('1.3 Frota Total'!$C$19:$F$25) -> #DIV/0! | M35: =J35/$J$46 -> #DIV/0! | N35: =J35/$J$63 -> #DIV/0!
B36: Almoxarifado (RAL)............................................................................................. | J36: ='2.2 Custo Fixo'!H13 -> 0 | K36: =J36/(IF('1.2. KM programada'!$D$7="x",SUM('1.2. KM programada'!$Q$16:$S$115),IF('1.2. KM programada'!$D$7="X",SUM('1.2. KM programada'!$Q$16:$S$115),'1.2. KM programada'!$D$10))) -> 0 | L36: =J36/SUM('1.3 Frota Total'!$C$19:$F$25) -> #DIV/0! | M36: =J36/$J$46 -> #DIV/0! | N36: =J36/$J$63 -> #DIV/0!
B37: Equipamentos de bilhetagem e ITS (REQ).................................................................................... | J37: ='2.2 Custo Fixo'!H14 -> #DIV/0! | K37: =J37/(IF('1.2. KM programada'!$D$7="x",SUM('1.2. KM programada'!$Q$16:$S$115),IF('1.2. KM programada'!$D$7="X",SUM('1.2. KM programada'!$Q$16:$S$115),'1.2. KM programada'!$D$10))) -> #DIV/0! | L37: =J37/SUM('1.3 Frota Total'!$C$19:$F$25) -> #DIV/0! | M37: =J37/$J$46 -> #DIV/0! | N37: =J37/$J$63 -> #DIV/0!
B38: Veículos de apoio (RVA)................................................................................................ | J38: ='2.2 Custo Fixo'!H15 -> #DIV/0! | K38: =J38/(IF('1.2. KM programada'!$D$7="x",SUM('1.2. KM programada'!$Q$16:$S$115),IF('1.2. KM programada'!$D$7="X",SUM('1.2. KM programada'!$Q$16:$S$115),'1.2. KM programada'!$D$10))) -> #DIV/0! | L38: =J38/SUM('1.3 Frota Total'!$C$19:$F$25) -> #DIV/0! | M38: =J38/$J$46 -> #DIV/0! | N38: =J38/$J$63 -> #DIV/0!
B39: Infraestrutura (RIN)................................................................................................ | J39: ='2.2 Custo Fixo'!H16 -> 0 | K39: =J39/(IF('1.2. KM programada'!$D$7="x",SUM('1.2. KM programada'!$Q$16:$S$115),IF('1.2. KM programada'!$D$7="X",SUM('1.2. KM programada'!$Q$16:$S$115),'1.2. KM programada'!$D$10))) -> 0 | L39: =J39/SUM('1.3 Frota Total'!$C$19:$F$25) -> #DIV/0! | M39: =J39/$J$46 -> #DIV/0! | N39: =J39/$J$63 -> #DIV/0!
B40: subtotal | J40: =SUM(J34:J39) -> #DIV/0! | K40: =SUM(K34:K39) -> #DIV/0! | L40: =SUM(L34:L39) -> #DIV/0! | M40: =SUM(M34:M39) -> #DIV/0! | N40: =J40/$J$63 -> #DIV/0!
B41: Outras despesas
B42: Locação dos equipamentos e sistemas de bilhetagem e ITS (CLQ)............................................................. | J42: ='2.2 Custo Fixo'!H30 -> 0 | K42: =J42/(IF('1.2. KM programada'!$D$7="x",SUM('1.2. KM programada'!$Q$16:$S$115),IF('1.2. KM programada'!$D$7="X",SUM('1.2. KM programada'!$Q$16:$S$115),'1.2. KM programada'!$D$10))) -> 0 | L42: =J42/SUM('1.3 Frota Total'!$C$19:$F$25) -> #DIV/0! | M42: =J42/$J$46 -> #DIV/0! | N42: =J42/$J$63 -> #DIV/0!
B43: Locação de garagem (CLG)....................................................................................................................... | J43: ='2.2 Custo Fixo'!H31 -> 0 | K43: =J43/(IF('1.2. KM programada'!$D$7="x",SUM('1.2. KM programada'!$Q$16:$S$115),IF('1.2. KM programada'!$D$7="X",SUM('1.2. KM programada'!$Q$16:$S$115),'1.2. KM programada'!$D$10))) -> 0 | L43: =J43/SUM('1.3 Frota Total'!$C$19:$F$25) -> #DIV/0! | M43: =J43/$J$46 -> #DIV/0! | N43: =J43/$J$63 -> #DIV/0!
B44: Locação de veículos de Apoio (CLA)............................................................................ | J44: ='2.2 Custo Fixo'!H32 -> 0 | K44: =J44/(IF('1.2. KM programada'!$D$7="x",SUM('1.2. KM programada'!$Q$16:$S$115),IF('1.2. KM programada'!$D$7="X",SUM('1.2. KM programada'!$Q$16:$S$115),'1.2. KM programada'!$D$10))) -> 0 | L44: =J44/SUM('1.3 Frota Total'!$C$19:$F$25) -> #DIV/0! | M44: =J44/$J$46 -> #DIV/0! | N44: =J44/$J$63 -> #DIV/0!
B45: subtotal | J45: =SUM(J42:J44) -> 0 | K45: =SUM(K42:K44) -> 0 | L45: =SUM(L42:L44) -> #DIV/0! | M45: =SUM(M42:M44) -> #DIV/0! | N45: =J45/$J$63 -> #DIV/0!
B46: TOTAL CUSTOS FIXOS | J46: =J17+J24+J32+J40+J45 -> #DIV/0! | K46: =K17+K24+K32+K40+K45 -> #DIV/0! | L46: =L17+L24+L32+L40+L45 -> #DIV/0! | M46: =M17+M24+M32+M40+M45 -> #DIV/0! | N46: =J46/$J$63 -> #DIV/0!
B48: TOTAL CUSTOS VARIÁVEIS E FIXOS | J48: =J46+J12 -> #DIV/0! | K48: =K46+K12 -> #DIV/0! | L48: =L46+L12 -> #DIV/0! | N48: =J48/$J$63 -> #DIV/0!
B50: REMUNERAÇÃO PELA PRESTAÇÃO DE SERVIÇO (RPS) | J50: ='4. Custo Total'!H7 -> #DIV/0! | K50: =J50/(IF('1.2. KM programada'!$D$7="x",SUM('1.2. KM programada'!$Q$16:$S$115),IF('1.2. KM programada'!$D$7="X",SUM('1.2. KM programada'!$Q$16:$S$115),'1.2. KM programada'!$D$10))) -> #DIV/0! | L50: =J50/SUM('1.3 Frota Total'!$C$19:$F$25) -> #DIV/0! | N50: =J50/$J$63 -> #DIV/0!
B52: TRIBUTAÇÃO
B53: Lei Federal nº 12.715 (INSS)................................................................................................................................................................................................. | M53: ='2.1.c Insumos'!F100/100 -> 0.05 | N53: =J53/$J$63 -> #DIV/0!
B54: ISSQN........................................................................................................................................................................................................................................................................ | M54: ='2.1.c Insumos'!F96/100 -> 0.03 | N54: =J54/$J$63 -> #DIV/0!
B55: ICMS............................................................................................................................................................................................................... | M55: ='2.1.c Insumos'!F101/100 -> 0 | N55: =J55/$J$63 -> #DIV/0!
B56: Taxa de gerenciamento......................................................................................................................................................................................... | M56: ='2.1.c Insumos'!F99/100 -> 0 | N56: =J56/$J$63 -> #DIV/0!
B57: PIS.................................................................................................................................................................................................................. | M57: ='2.1.c Insumos'!F97/100 -> 0 | N57: =J57/$J$63 -> #DIV/0!
B58: COFINS..................................................................................................................................................................................................................................... | M58: ='2.1.c Insumos'!F98/100 -> 0 | N58: =J58/$J$63 -> #DIV/0!
B59: Outros............................................................................................................................................................................................................... | M59: ='2.1.c Insumos'!F102/100 -> 0 | N59: =J59/$J$63 -> #DIV/0!
B60: SOMA DAS ALÍQUOTAS DOS TRIBUTOS DIRETOS | M60: =SUM(M53:M59) -> 0.08
B61: TOTAL DE TRIBUTOS | J61: =(J48+J50)*(1/(1-$M$60)-1) -> #DIV/0! | K61: =(K48+K50)*(1/(1-$M$60)-1) -> #DIV/0! | L61: =(L48+L50)*(1/(1-$M$60)-1) -> #DIV/0! | N61: =J61/$J$63 -> #DIV/0!
B63: CUSTO TOTAL | J63: =J61+J50+J48 -> #DIV/0! | K63: =K61+K50+K48 -> #DIV/0! | L63: =L61+L50+L48 -> #DIV/0!

Sheet A.III. Combustível
A1: ANEXO III – Consumo de combustível
A3: III.a Valores de referência (litros/km)*
C5: σz[mínimo] | D5: σz[máximo] | G5: Legenda
B6: Micro-ônibus | C6: 0.24 | D6: 0.29
B7: Miniônibus | C7: 0.3 | D7: 0.34 | I7: Entrada de dados
A8: Classe | B8: Midiônibus | C8: 0.34 | D8: 0.38 | I8: Entrada de dados com valor de referência
A9: De | B9: Ônibus básico | C9: 0.37 | D9: 0.45 | I9: Resultado
A10: Veículo | B10: Ônibus padron | C10: 0.45 | D10: 0.65
B11: Ônibus articulado | C11: 0.65 | D11: 0.85
B12: Ônibus biarticulado | C12: 0.86 | D12: 0.95
A15: *esses valores se referem a veículos operando sem ar-condicionado e sem transmissão automática.

Sheet A.IV. Lub.
A1: ANEXO IV – RELAÇÃO ENTRE O PREÇO DE LUBRIFICANTES E CONSUMO DE ÓLEO DIESEL
A3: IV.a Valor de referência
A5: coeficiente de correlação do consumo de lubrificante relacionado ao consumo do óleo diesel | D5: j | E5: médio | G5: Legenda
D7: 0.0265 | E7: l/km | I7: Entrada de dados
I8: Entrada de dados com valor de referência
I9: Resultado

Sheet A.V. Arla32
A1: ANEXO V – CONSUMO DO ARLA 32 EM ÔNIBUS
A3: V.a | B3: Valores de referência para Consumo do Arla 32 em ônibus
A5: Consumo do Arla 32 | E5: δ [minimo] | F5: δ [máximo] | H5: Legenda
E6: 0.03 | F6: 0.05
J7: Entrada de dados
J8: Entrada de dados com valor de referência
J9: Resultado

Sheet A.VI. Rodagem
A1: ANEXO VI – VIDA ÚTIL E RECAPAGEM DE PNEUS
A3: VI.a. | B3: Valores de Referência de número de recapagens
A4: βMinimo | D4: 2 | J4: Legenda
A5: βMáximo | D5: 2.5
L6: Entrada de dados
A7: VI.b. | B7: Valores de Referência para vida útil dos pneus | L7: Entrada de dados com valor de referência
A8: Classe do veículo | D8: PNUz Mínimo | E8: PNUz Máximo | L8: Resultado
A10: Microônibus | D10: 85000 | E10: 125000 | G10: km
A11: Miniônibus | D11: 85000 | E11: 125000
A12: Midiônibus | D12: 85000 | E12: 125000
A13: Ônibus básico | D13: 85000 | E13: 105000
A14: Ônibus padron | D14: 85000 | E14: 125000
A15: Ônibus articulado | D15: 85000 | E15: 125000
A16: Ônibus biarticulado | D16: 85000 | E16: 125000
A18: VI.c. | B18: Especificações de pneus por classe de veículo
A19: Classe do veículo | D19: Dimensões | E19: Tipo | G19: Número de Pneus (NP)
A21: Microônibus | D21: 215/75 R17,5 | E21: Radiais sem câmara | G21: 6 | H21: pneus
A22: Miniônibus | D22: 215/75 R17,5 | G22: 6
A23: Midiônibus | D23: 275/80 R22,5 | G23: 6
A24: Ônibus básico | D24: 275/80 R22,5 | G24: 6
A25: Ônibus padron | D25: 295/80 R22,5 | G25: 6
A26: Ônibus articulado | D26: 295/80 R22,5 | G26: 10
A27: Ônibus biarticulado | D27: 295/80 R22,5 | G27: 14
A29: VI.d. | B29: Custo da recapagem por estrato da frota
A30: Classe do veículo | D30: Número de recapagens (β) | E30: Custo da recapagem (RECz)
A32: Microônibus | D32: =$D$5 -> 2.5 | E32: =G21*D32*'2.1.c Insumos'!$F$22 -> 0
A33: Miniônibus | D33: =$D$5 -> 2.5 | E33: =G22*D33*'2.1.c Insumos'!$F$22 -> 0
A34: Midiônibus | D34: =$D$5 -> 2.5 | E34: =G23*D34*'2.1.c Insumos'!$F$23 -> 11175
A35: Ônibus básico | D35: =$D$5 -> 2.5 | E35: =G24*D35*'2.1.c Insumos'!$F$23 -> 11175
A36: Ônibus padron | D36: =$D$5 -> 2.5 | E36: =G25*D36*'2.1.c Insumos'!$F$24 -> 0
A37: Ônibus articulado | D37: =$D$5 -> 2.5 | E37: =G26*D37*'2.1.c Insumos'!$F$24 -> 0
A38: Ônibus biarticulado | D38: =$D$5 -> 2.5 | E38: =G27*D38*'2.1.c Insumos'!$F$24 -> 0
A40: VI.e. | B40: Custo do pneu novo por estrato da frota
A41: Classe do veículo | D41: Custo de pneus (PNUz)
J42: Legenda
A43: Microônibus | D43: =G21*'2.1.c Insumos'!$F$19 -> 0
A44: Miniônibus | D44: =G22*'2.1.c Insumos'!$F$19 -> 0 | L44: Entrada de dados
A45: Midiônibus | D45: =G23*'2.1.c Insumos'!$F$20 -> 14960.58 | L45: Entrada de dados com valor de referência
A46: Ônibus básico | D46: =G24*'2.1.c Insumos'!$F$20 -> 14960.58 | L46: Resultado
A47: Ônibus padron | D47: =G25*'2.1.c Insumos'!$F$21 -> 0
A48: Ônibus articulado | D48: =G26*'2.1.c Insumos'!$F$21 -> 0
A49: Ônibus biarticulado | D49: =G27*'2.1.c Insumos'!$F$21 -> 0
A51: VI.f. | B51: Custo de rodagem por estrato da frota
A52: Classe do veículo | D52: Vida útil rodagem (PNUz) | E52: Custo da rodagem (CRD)
A54: Microônibus | D54: =E10 -> 125000 | E54: =(E32+D43)*(SUM('1.3 Frota Total'!C19:F19))/D54 -> 0
A55: Miniônibus | D55: =E11 -> 125000 | E55: =(E33+D44)*(SUM('1.3 Frota Total'!C20:F20))/D55 -> 0
A56: Midiônibus | D56: =E12 -> 125000 | E56: =(E34+D45)*(SUM('1.3 Frota Total'!C21:F21))/D56 -> 0
A57: Ônibus básico | D57: =E13 -> 105000 | E57: =(E35+D46)*(SUM('1.3 Frota Total'!C22:F22))/D57 -> 0
A58: Ônibus padron | D58: =E14 -> 125000 | E58: =(E36+D47)*(SUM('1.3 Frota Total'!C23:F23))/D58 -> 0
A59: Ônibus articulado | D59: =E15 -> 125000 | E59: =(E37+D48)*(SUM('1.3 Frota Total'!C24:F24))/D59 -> 0
A60: Ônibus biarticulado | D60: =E16 -> 125000 | E60: =(E38+D49)*(SUM('1.3 Frota Total'!C25:F25))/D60 -> 0

Sheet A.VII. Peças e acessórios 
A1: ANEXO VII – PEÇAS E ACESSÓRIOS
A3: VII.a | B3: Valores de referência para consumo anual de peças e acessórios
B5: Consumo de Peças e Acessórios | F5: μ | H5: Legenda
B6: Faixa etária (t)
B7: 0 a 2 anos | F7: 0.06 | J7: Entrada de dados
B8: 3 a 4 anos | F8: 0.07 | J8: Entrada de dados com valor de referência
B9: 5 a 6 anos | F9: 0.08 | J9: Resultado
B10: 7 a 8 anos | F10: 0.09
B11: 9 a 10 anos | F11: 0.1
B12: acima de 10 anos | F12: 0.12

Sheet A.VIII. Custos ambientais
A1: ANEXO VIII – CUSTOS AMBIENTAIS
A3: VIII.a | B3: Valores de referência para custos ambientais
A5: Custos ambientais | E5: α [minimo] | F5: α [máximo] | H5: Legenda
E6: 0.01 | F6: 0.015
J7: Entrada de dados
J8: Entrada de dados com valor de referência
J9: Resultado

Sheet A.IX.a. Deprec. veículos
A1: ANEXO IX – DEPRECIAÇÃO
A3: IX.a. Depreciação de veículos
A5: IX.a.1 | B5: Valores de referência para vida útil e valor residual por tipo de veículo
A6: Classe do veículo | E6: Vida Útil (Anos) | F6: Valor Residual (%) | K6: Legenda
A8: Microônibus | E8: 5 | F8: 0.15 | M8: Entrada de dados
A9: Miniônibus | M9: Entrada de dados com valor de referência
A10: Midiônibus | E10: 8 | F10: 0.1 | M10: Resultado
A11: Ônibus básico
A12: Ônibus padron | E12: 10 | F12: 0.1
A13: Ônibus articulado | E13: 12 | F13: 0.05
A14: Ônibus biarticulado
A16: IX.a.2 | B16: Fatores anuais de depreciação de veículos (λz^[t])
A17: Faixa etária (t) anos | D17: Microônibus e Miniônibus | E17: Midiônibus e Básico | F17: Padron | G17: Articulado e Biarticulado
A19: 0 | B19: - | C19: 1 | D19: =(1-$F$8)*($E$8-C19+1)/15 -> 0.28333333 | E19: =(1-$F$10)*($E$10-C19+1)/36 -> 0.2 | F19: =(1-$F$12)*($E$12-C19+1)/55 -> 0.16363636 | G19: =(1-$F$13)*($E$13-C19+1)/78 -> 0.14615385
A20: 1 | B20: - | C20: 2 | D20: =(1-$F$8)*($E$8-C20+1)/15 -> 0.22666667 | E20: =(1-$F$10)*($E$10-C20+1)/36 -> 0.175 | F20: =(1-$F$12)*($E$12-C20+1)/55 -> 0.14727273 | G20: =(1-$F$13)*($E$13-C20+1)/78 -> 0.13397436
A21: 2 | B21: - | C21: 3 | D21: =(1-$F$8)*($E$8-C21+1)/15 -> 0.17 | E21: =(1-$F$10)*($E$10-C21+1)/36 -> 0.15 | F21: =(1-$F$12)*($E$12-C21+1)/55 -> 0.13090909 | G21: =(1-$F$13)*($E$13-C21+1)/78 -> 0.12179487
A22: 3 | B22: - | C22: 4 | D22: =(1-$F$8)*($E$8-C22+1)/15 -> 0.11333333 | E22: =(1-$F$10)*($E$10-C22+1)/36 -> 0.125 | F22: =(1-$F$12)*($E$12-C22+1)/55 -> 0.11454545 | G22: =(1-$F$13)*($E$13-C22+1)/78 -> 0.10961538
A23: 4 | B23: - | C23: 5 | D23: =(1-$F$8)*($E$8-C23+1)/15 -> 0.056666667 | E23: =(1-$F$10)*($E$10-C23+1)/36 -> 0.1 | F23: =(1-$F$12)*($E$12-C23+1)/55 -> 0.098181818 | G23: =(1-$F$13)*($E$13-C23+1)/78 -> 0.097435897
A24: 5 | B24: - | C24: 6 | D24: =(1-$F$8)*($E$8-C24+1)/15 -> 0 | E24: =(1-$F$10)*($E$10-C24+1)/36 -> 0.075 | F24: =(1-$F$12)*($E$12-C24+1)/55 -> 0.081818182 | G24: =(1-$F$13)*($E$13-C24+1)/78 -> 0.08525641
A25: 6 | B25: - | C25: 7 | E25: =(1-$F$10)*($E$10-C25+1)/36 -> 0.05 | F25: =(1-$F$12)*($E$12-C25+1)/55 -> 0.065454545 | G25: =(1-$F$13)*($E$13-C25+1)/78 -> 0.073076923
A26: 7 | B26: - | C26: 8 | E26: =(1-$F$10)*($E$10-C26+1)/36 -> 0.025 | F26: =(1-$F$12)*($E$12-C26+1)/55 -> 0.049090909 | G26: =(1-$F$13)*($E$13-C26+1)/78 -> 0.060897436
A27: 8 | B27: - | C27: 9 | E27: =(1-$F$10)*($E$10-C27+1)/36 -> 0 | F27: =(1-$F$12)*($E$12-C27+1)/55 -> 0.032727273 | G27: =(1-$F$13)*($E$13-C27+1)/78 -> 0.048717949
A28: 9 | B28: - | C28: 10 | F28: =(1-$F$12)*($E$12-C28+1)/55 -> 0.016363636 | G28: =(1-$F$13)*($E$13-C28+1)/78 -> 0.036538462
A29: 10 | B29: - | C29: 11 | F29: =(1-$F$12)*($E$12-C29+1)/55 -> 0 | G29: =(1-$F$13)*($E$13-C29+1)/78 -> 0.024358974
A30: 11 | B30: - | C30: 12 | G30: =(1-$F$13)*($E$13-C30+1)/78 -> 0.012179487
B31: > | C31: 12 | G31: =(1-$F$13)*($E$13-C31)/78 -> 0
A33: IX.a.3 | B33: Número de veículos por classe e idade
A34: Classe do veículo | E34: Idade do veículo | F34: Sem ar condicionado | H34: Com ar condicionado
F35: Sem transmissão automática | G35: Com transmissão automática | H35: Sem transmissão automática | I35: Com transmissão automática
A36: Microônibus | E36: 0 | F36: ='1.3 Frota Total'!E31 -> 0 | G36: ='1.3 Frota Total'!F31 -> 0 | H36: ='1.3 Frota Total'!G31 -> 0 | I36: ='1.3 Frota Total'!H31 -> 0
E37: 1 | F37: ='1.3 Frota Total'!E32 -> 0 | G37: ='1.3 Frota Total'!F32 -> 0 | H37: ='1.3 Frota Total'!G32 -> 0 | I37: ='1.3 Frota Total'!H32 -> 0
E38: 2 | F38: ='1.3 Frota Total'!E33 -> 0 | G38: ='1.3 Frota Total'!F33 -> 0 | H38: ='1.3 Frota Total'!G33 -> 0 | I38: ='1.3 Frota Total'!H33 -> 0
E39: 3 | F39: ='1.3 Frota Total'!E34 -> 0 | G39: ='1.3 Frota Total'!F34 -> 0 | H39: ='1.3 Frota Total'!G34 -> 0 | I39: ='1.3 Frota Total'!H34 -> 0
E40: 4 | F40: ='1.3 Frota Total'!E35 -> 0 | G40: ='1.3 Frota Total'!F35 -> 0 | H40: ='1.3 Frota Total'!G35 -> 0 | I40: ='1.3 Frota Total'!H35 -> 0
E41: 5 | F41: ='1.3 Frota Total'!E36 -> 0 | G41: ='1.3 Frota Total'!F36 -> 0 | H41: ='1.3 Frota Total'!G36 -> 0 | I41: ='1.3 Frota Total'!H36 -> 0
A42: Miniônibus | E42: 0 | F42: ='1.3 Frota Total'!E37 -> 0 | G42: ='1.3 Frota Total'!F37 -> 0 | H42: ='1.3 Frota Total'!G37 -> 0 | I42: ='1.3 Frota Total'!H37 -> 0
E43: 1 | F43: ='1.3 Frota Total'!E38 -> 0 | G43: ='1.3 Frota Total'!F38 -> 0 | H43: ='1.3 Frota Total'!G38 -> 0 | I43: ='1.3 Frota Total'!H38 -> 0
E44: 2 | F44: ='1.3 Frota Total'!E39 -> 0 | G44: ='1.3 Frota Total'!F39 -> 0 | H44: ='1.3 Frota Total'!G39 -> 0 | I44: ='1.3 Frota Total'!H39 -> 0
E45: 3 | F45: ='1.3 Frota Total'!E40 -> 0 | G45: ='1.3 Frota Total'!F40 -> 0 | H45: ='1.3 Frota Total'!G40 -> 0 | I45: ='1.3 Frota Total'!H40 -> 0
E46: 4 | F46: ='1.3 Frota Total'!E41 -> 0 | G46: ='1.3 Frota Total'!F41 -> 0 | H46: ='1.3 Frota Total'!G41 -> 0 | I46: ='1.3 Frota Total'!H41 -> 0
E47: 5 | F47: ='1.3 Frota Total'!E42 -> 0 | G47: ='1.3 Frota Total'!F42 -> 0 | H47: ='1.3 Frota Total'!G42 -> 0 | I47: ='1.3 Frota Total'!H42 -> 0
A48: Midiônibus | E48: 0 | F48: ='1.3 Frota Total'!E43 -> 0 | G48: ='1.3 Frota Total'!F43 -> 0 | H48: ='1.3 Frota Total'!G43 -> 0 | I48: ='1.3 Frota Total'!H43 -> 0
E49: 1 | F49: ='1.3 Frota Total'!E44 -> 0 | G49: ='1.3 Frota Total'!F44 -> 0 | H49: ='1.3 Frota Total'!G44 -> 0 | I49: ='1.3 Frota Total'!H44 -> 0
E50: 2 | F50: ='1.3 Frota Total'!E45 -> 0 | G50: ='1.3 Frota Total'!F45 -> 0 | H50: ='1.3 Frota Total'!G45 -> 0 | I50: ='1.3 Frota Total'!H45 -> 0
E51: 3 | F51: ='1.3 Frota Total'!E46 -> 0 | G51: ='1.3 Frota Total'!F46 -> 0 | H51: ='1.3 Frota Total'!G46 -> 0 | I51: ='1.3 Frota Total'!H46 -> 0
E52: 4 | F52: ='1.3 Frota Total'!E47 -> 0 | G52: ='1.3 Frota Total'!F47 -> 0 | H52: ='1.3 Frota Total'!G47 -> 0 | I52: ='1.3 Frota Total'!H47 -> 0
E53: 5 | F53: ='1.3 Frota Total'!E48 -> 0 | G53: ='1.3 Frota Total'!F48 -> 0 | H53: ='1.3 Frota Total'!G48 -> 0 | I53: ='1.3 Frota Total'!H48 -> 0
E54: 6 | F54: ='1.3 Frota Total'!E49 -> 0 | G54: ='1.3 Frota Total'!F49 -> 0 | H54: ='1.3 Frota Total'!G49 -> 0 | I54: ='1.3 Frota Total'!H49 -> 0
E55: 7 | F55: ='1.3 Frota Total'!E50 -> 0 | G55: ='1.3 Frota Total'!F50 -> 0 | H55: ='1.3 Frota Total'!G50 -> 0 | I55: ='1.3 Frota Total'!H50 -> 0
E56: 8 | F56: ='1.3 Frota Total'!E51 -> 0 | G56: ='1.3 Frota Total'!F51 -> 0 | H56: ='1.3 Frota Total'!G51 -> 0 | I56: ='1.3 Frota Total'!H51 -> 0
A57: Ônibus básico | E57: 0 | F57: ='1.3 Frota Total'!E52 -> 0 | G57: ='1.3 Frota Total'!F52 -> 0 | H57: ='1.3 Frota Total'!G52 -> 0 | I57: ='1.3 Frota Total'!H52 -> 0
E58: 1 | F58: ='1.3 Frota Total'!E53 -> 0 | G58: ='1.3 Frota Total'!F53 -> 0 | H58: ='1.3 Frota Total'!G53 -> 0 | I58: ='1.3 Frota Total'!H53 -> 0
E59: 2 | F59: ='1.3 Frota Total'!E54 -> 0 | G59: ='1.3 Frota Total'!F54 -> 0 | H59: ='1.3 Frota Total'!G54 -> 0 | I59: ='1.3 Frota Total'!H54 -> 0
E60: 3 | F60: ='1.3 Frota Total'!E55 -> 0 | G60: ='1.3 Frota Total'!F55 -> 0 | H60: ='1.3 Frota Total'!G55 -> 0 | I60: ='1.3 Frota Total'!H55 -> 0
E61: 4 | F61: ='1.3 Frota Total'!E56 -> 0 | G61: ='1.3 Frota Total'!F56 -> 0 | H61: ='1.3 Frota Total'!G56 -> 0 | I61: ='1.3 Frota Total'!H56 -> 0
E62: 5 | F62: ='1.3 Frota Total'!E57 -> 0 | G62: ='1.3 Frota Total'!F57 -> 0 | H62: ='1.3 Frota Total'!G57 -> 0 | I62: ='1.3 Frota Total'!H57 -> 0
E63: 6 | F63: ='1.3 Frota Total'!E58 -> 0 | G63: ='1.3 Frota Total'!F58 -> 0 | H63: ='1.3 Frota Total'!G58 -> 0 | I63: ='1.3 Frota Total'!H58 -> 0
E64: 7 | F64: ='1.3 Frota Total'!E59 -> 0 | G64: ='1.3 Frota Total'!F59 -> 0 | H64: ='1.3 Frota Total'!G59 -> 0 | I64: ='1.3 Frota Total'!H59 -> 0
E65: 8 | F65: ='1.3 Frota Total'!E60 -> 0 | G65: ='1.3 Frota Total'!F60 -> 0 | H65: ='1.3 Frota Total'!G60 -> 0 | I65: ='1.3 Frota Total'!H60 -> 0
A66: Ônibus padron | E66: 0 | F66: ='1.3 Frota Total'!E61 -> 0 | G66: ='1.3 Frota Total'!F61 -> 0 | H66: ='1.3 Frota Total'!G61 -> 0 | I66: ='1.3 Frota Total'!H61 -> 0
E67: 1 | F67: ='1.3 Frota Total'!E62 -> 0 | G67: ='1.3 Frota Total'!F62 -> 0 | H67: ='1.3 Frota Total'!G62 -> 0 | I67: ='1.3 Frota Total'!H62 -> 0
E68: 2 | F68: ='1.3 Frota Total'!E63 -> 0 | G68: ='1.3 Frota Total'!F63 -> 0 | H68: ='1.3 Frota Total'!G63 -> 0 | I68: ='1.3 Frota Total'!H63 -> 0
E69: 3 | F69: ='1.3 Frota Total'!E64 -> 0 | G69: ='1.3 Frota Total'!F64 -> 0 | H69: ='1.3 Frota Total'!G64 -> 0 | I69: ='1.3 Frota Total'!H64 -> 0
E70: 4 | F70: ='1.3 Frota Total'!E65 -> 0 | G70: ='1.3 Frota Total'!F65 -> 0 | H70: ='1.3 Frota Total'!G65 -> 0 | I70: ='1.3 Frota Total'!H65 -> 0
E71: 5 | F71: ='1.3 Frota Total'!E66 -> 0 | G71: ='1.3 Frota Total'!F66 -> 0 | H71: ='1.3 Frota Total'!G66 -> 0 | I71: ='1.3 Frota Total'!H66 -> 0
E72: 6 | F72: ='1.3 Frota Total'!E67 -> 0 | G72: ='1.3 Frota Total'!F67 -> 0 | H72: ='1.3 Frota Total'!G67 -> 0 | I72: ='1.3 Frota Total'!H67 -> 0
E73: 7 | F73: ='1.3 Frota Total'!E68 -> 0 | G73: ='1.3 Frota Total'!F68 -> 0 | H73: ='1.3 Frota Total'!G68 -> 0 | I73: ='1.3 Frota Total'!H68 -> 0
E74: 8 | F74: ='1.3 Frota Total'!E69 -> 0 | G74: ='1.3 Frota Total'!F69 -> 0 | H74: ='1.3 Frota Total'!G69 -> 0 | I74: ='1.3 Frota Total'!H69 -> 0
E75: 9 | F75: ='1.3 Frota Total'!E70 -> 0 | G75: ='1.3 Frota Total'!F70 -> 0 | H75: ='1.3 Frota Total'!G70 -> 0 | I75: ='1.3 Frota Total'!H70 -> 0
E76: 10 | F76: ='1.3 Frota Total'!E71 -> 0 | G76: ='1.3 Frota Total'!F71 -> 0 | H76: ='1.3 Frota Total'!G71 -> 0 | I76: ='1.3 Frota Total'!H71 -> 0
A77: Ônibus articulado | E77: 0 | F77: ='1.3 Frota Total'!E72 -> 0 | G77: ='1.3 Frota Total'!F72 -> 0 | H77: ='1.3 Frota Total'!G72 -> 0 | I77: ='1.3 Frota Total'!H72 -> 0
E78: 1 | F78: ='1.3 Frota Total'!E73 -> 0 | G78: ='1.3 Frota Total'!F73 -> 0 | H78: ='1.3 Frota Total'!G73 -> 0 | I78: ='1.3 Frota Total'!H73 -> 0
E79: 2 | F79: ='1.3 Frota Total'!E74 -> 0 | G79: ='1.3 Frota Total'!F74 -> 0 | H79: ='1.3 Frota Total'!G74 -> 0 | I79: ='1.3 Frota Total'!H74 -> 0
E80: 3 | F80: ='1.3 Frota Total'!E75 -> 0 | G80: ='1.3 Frota Total'!F75 -> 0 | H80: ='1.3 Frota Total'!G75 -> 0 | I80: ='1.3 Frota Total'!H75 -> 0
E81: 4 | F81: ='1.3 Frota Total'!E76 -> 0 | G81: ='1.3 Frota Total'!F76 -> 0 | H81: ='1.3 Frota Total'!G76 -> 0 | I81: ='1.3 Frota Total'!H76 -> 0
E82: 5 | F82: ='1.3 Frota Total'!E77 -> 0 | G82: ='1.3 Frota Total'!F77 -> 0 | H82: ='1.3 Frota Total'!G77 -> 0 | I82: ='1.3 Frota Total'!H77 -> 0
E83: 6 | F83: ='1.3 Frota Total'!E78 -> 0 | G83: ='1.3 Frota Total'!F78 -> 0 | H83: ='1.3 Frota Total'!G78 -> 0 | I83: ='1.3 Frota Total'!H78 -> 0
E84: 7 | F84: ='1.3 Frota Total'!E79 -> 0 | G84: ='1.3 Frota Total'!F79 -> 0 | H84: ='1.3 Frota Total'!G79 -> 0 | I84: ='1.3 Frota Total'!H79 -> 0
E85: 8 | F85: ='1.3 Frota Total'!E80 -> 0 | G85: ='1.3 Frota Total'!F80 -> 0 | H85: ='1.3 Frota Total'!G80 -> 0 | I85: ='1.3 Frota Total'!H80 -> 0
E86: 9 | F86: ='1.3 Frota Total'!E81 -> 0 | G86: ='1.3 Frota Total'!F81 -> 0 | H86: ='1.3 Frota Total'!G81 -> 0 | I86: ='1.3 Frota Total'!H81 -> 0
E87: 10 | F87: ='1.3 Frota Total'!E82 -> 0 | G87: ='1.3 Frota Total'!F82 -> 0 | H87: ='1.3 Frota Total'!G82 -> 0 | I87: ='1.3 Frota Total'!H82 -> 0
E88: 11 | F88: ='1.3 Frota Total'!E83 -> 0 | G88: ='1.3 Frota Total'!F83 -> 0 | H88: ='1.3 Frota Total'!G83 -> 0 | I88: ='1.3 Frota Total'!H83 -> 0
E89: 12 | F89: ='1.3 Frota Total'!E84 -> 0 | G89: ='1.3 Frota Total'!F84 -> 0 | H89: ='1.3 Frota Total'!G84 -> 0 | I89: ='1.3 Frota Total'!H84 -> 0
A90: Ônibus biarticulado | E90: 0 | F90: ='1.3 Frota Total'!E85 -> 0 | G90: ='1.3 Frota Total'!F85 -> 0 | H90: ='1.3 Frota Total'!G85 -> 0 | I90: ='1.3 Frota Total'!H85 -> 0
E91: 1 | F91: ='1.3 Frota Total'!E86 -> 0 | G91: ='1.3 Frota Total'!F86 -> 0 | H91: ='1.3 Frota Total'!G86 -> 0 | I91: ='1.3 Frota Total'!H86 -> 0
E92: 2 | F92: ='1.3 Frota Total'!E87 -> 0 | G92: ='1.3 Frota Total'!F87 -> 0 | H92: ='1.3 Frota Total'!G87 -> 0 | I92: ='1.3 Frota Total'!H87 -> 0
E93: 3 | F93: ='1.3 Frota Total'!E88 -> 0 | G93: ='1.3 Frota Total'!F88 -> 0 | H93: ='1.3 Frota Total'!G88 -> 0 | I93: ='1.3 Frota Total'!H88 -> 0
E94: 4 | F94: ='1.3 Frota Total'!E89 -> 0 | G94: ='1.3 Frota Total'!F89 -> 0 | H94: ='1.3 Frota Total'!G89 -> 0 | I94: ='1.3 Frota Total'!H89 -> 0
E95: 5 | F95: ='1.3 Frota Total'!E90 -> 0 | G95: ='1.3 Frota Total'!F90 -> 0 | H95: ='1.3 Frota Total'!G90 -> 0 | I95: ='1.3 Frota Total'!H90 -> 0
E96: 6 | F96: ='1.3 Frota Total'!E91 -> 0 | G96: ='1.3 Frota Total'!F91 -> 0 | H96: ='1.3 Frota Total'!G91 -> 0 | I96: ='1.3 Frota Total'!H91 -> 0
E97: 7 | F97: ='1.3 Frota Total'!E92 -> 0 | G97: ='1.3 Frota Total'!F92 -> 0 | H97: ='1.3 Frota Total'!G92 -> 0 | I97: ='1.3 Frota Total'!H92 -> 0
E98: 8 | F98: ='1.3 Frota Total'!E93 -> 0 | G98: ='1.3 Frota Total'!F93 -> 0 | H98: ='1.3 Frota Total'!G93 -> 0 | I98: ='1.3 Frota Total'!H93 -> 0
E99: 9 | F99: ='1.3 Frota Total'!E94 -> 0 | G99: ='1.3 Frota Total'!F94 -> 0 | H99: ='1.3 Frota Total'!G94 -> 0 | I99: ='1.3 Frota Total'!H94 -> 0
E100: 10 | F100: ='1.3 Frota Total'!E95 -> 0 | G100: ='1.3 Frota Total'!F95 -> 0 | H100: ='1.3 Frota Total'!G95 -> 0 | I100: ='1.3 Frota Total'!H95 -> 0
E101: 11 | F101: ='1.3 Frota Total'!E96 -> 0 | G101: ='1.3 Frota Total'!F96 -> 0 | H101: ='1.3 Frota Total'!G96 -> 0 | I101: ='1.3 Frota Total'!H96 -> 0
E102: 12 | F102: ='1.3 Frota Total'!E97 -> 0 | G102: ='1.3 Frota Total'!F97 -> 0 | H102: ='1.3 Frota Total'!G97 -> 0 | I102: ='1.3 Frota Total'!H97 -> 0
A104: IX.a.4 | B104: Depreciação dos veículos - etapa de cálculo
A105: Classe do veículo | E105: Idade do veículo | F105: Sem ar condicionado | H105: Com ar condicionado | J105: λz
F106: Sem transmissão automática | G106: Com transmissão automática | H106: Sem transmissão automática | I106: Com transmissão automática
A107: Microônibus | E107: 0 | F107: =F36*$J107 -> 0 | G107: =G36*$J107 -> 0 | H107: =H36*$J107 -> 0 | I107: =I36*$J107 -> 0 | J107: =D19 -> 0.28333333
...

Sheet A.IX.b. Deprec. garagem equip. 
A1: ANEXO IX – DEPRECIAÇÃO
A3: IX.b. Depreciação de edificações e equipamentos e mobiliário de garagem | M3: Legenda
A5: IX.b.1 | B5: Valores de referência para vida útil e valor residual das edificações e equipamentos de garagem | O5: Entrada de dados
O6: Entrada de dados com valor de referência
E7: Vida Útil (Anos) | F7: Valor Residual (%) | O7: Resultado
A8: Edificações | E8: 25 | F8: 10
A9: Equipamentos de garagem | E9: 10 | F9: 0
A11: IX.b.2 | B11: Coeficiente de depreciação das edificações (ϖ)
B13: ϖ= | D13: =IF('2.1.c Insumos'!F72="","Preencher CIE em Dados de Insumo",'2.1.c Insumos'!F72*(IF('2.1.c Insumos'!F74="",(1-'A.IX.b. Deprec. garagem equip. '!F8/100),(1-'2.1.c Insumos'!F74/100)))/(('2.1.b Veículos'!D58*SUM('1.3 Frota Total'!C19:F25)))) -> #DIV/0! | G13: ϖ= | H13: =8.16/100 -> 0.0816
A15: IX.b.3 | B15: Coeficiente de depreciação dos equipamentos (τ)
B17: τ= | D17: =IF('2.1.c Insumos'!F75="","Preencher CIG em Dados de Insumo",'2.1.c Insumos'!F75*(IF('2.1.c Insumos'!F77="",(1-'A.IX.b. Deprec. garagem equip. '!F9/100),(1-'2.1.c Insumos'!F77/100)))/(('2.1.b Veículos'!D58*SUM('1.3 Frota Total'!C19:F25)))) -> #DIV/0! | G17: τ= | H17: =2.74/100 -> 0.0274
A19: IX.b.4 | B19: Valores de referência para vida útil dos equipamentos de bilhetagem e ITS
A21: Equip. Bilhetagem e ITS | E21: Vida Útil (Anos) | F21: Valor Residual (%)
E22: 5 | F22: 0
A24: IX.b.5 | B24: Coeficiente de depreciação dos equipamentos de bilhetagem e ITS (χ)
B26: χ= | D26: =IF('2.1.c Insumos'!F78="","Preencher CEB em Dados de Insumo",'2.1.c Insumos'!F78*(IF('2.1.c Insumos'!F80="",(1-'A.IX.b. Deprec. garagem equip. '!F22/100),(1-'2.1.c Insumos'!F80/100)))/(('2.1.b Veículos'!D58*SUM('1.3 Frota Total'!C19:F25)))) -> #DIV/0! | G26: χ= | H26: 0.04
A28: IX.b.6 | B28: Valores de referência para vida útil e valor residual dos veículos de apoio
A30: Veículos de apoio | E30: Vida Útil (Anos) | F30: Valor Residual
A31: Caminhão-oficina | E31: 15 | F31: 0.1
A32: Caminhão-guincho | E32: 15 | F32: 0.1
A33: Caminhoneta | E33: 8 | F33: 0.15
A34: Automóvel (básico) | E34: 5 | F34: 0.2
A35: Motocicleta | E35: 5 | F35: 0.2

Sheet A.X.a. Remun. veículos 
A1: ANEXO X – REMUNERAÇÃO DO CAPITAL IMOBILIZADO
A3: X.a | B3: Remuneração do capital imobilizado em veículos
A5: X.a.1 | B5: Valores de referência para vida útil e valor residual por tipo de veículo
A6: Classe do veículo | E6: Vida Útil (Anos) | F6: Valor Residual (%) | L6: Legenda
A8: Microônibus | E8: 5 | F8: 0.15 | N8: Entrada de dados
A9: Miniônibus | E9: 5 | F9: 0.15 | N9: Entrada de dados com valor de referência
A10: Midiônibus | E10: 8 | F10: 0.1 | N10: Resultado
A11: Ônibus básico | E11: 8 | F11: 0.1
A12: Ônibus padron | E12: 10 | F12: 0.1
A13: Ônibus articulado | E13: 12 | F13: 0.05
A14: Ônibus biarticulado | E14: 12 | F14: 0.05
A16: X.a.2 | B16: Número de veículos por classe e idade
A17: Classe do veículo | E17: Idade do veículo | F17: Sem ar condicionado | H17: Com ar condicionado | J17: κz [t]
F18: Sem transmissão automática | G18: Com transmissão automática | H18: Sem transmissão automática | I18: Com transmissão automática
A19: Microônibus | E19: 0 | F19: ='1.3 Frota Total'!E31 -> 0 | G19: ='1.3 Frota Total'!F31 -> 0 | H19: ='1.3 Frota Total'!G31 -> 0 | I19: ='1.3 Frota Total'!H31 -> 0 | J19: 1
E20: 1 | F20: ='1.3 Frota Total'!E32 -> 0 | G20: ='1.3 Frota Total'!F32 -> 0 | H20: ='1.3 Frota Total'!G32 -> 0 | I20: ='1.3 Frota Total'!H32 -> 0 | J20: =1-'A.IX.a. Deprec. veículos'!D19 -> 0.71666667
E21: 2 | F21: ='1.3 Frota Total'!E33 -> 0 | G21: ='1.3 Frota Total'!F33 -> 0 | H21: ='1.3 Frota Total'!G33 -> 0 | I21: ='1.3 Frota Total'!H33 -> 0 | J21: =1-SUM('A.IX.a. Deprec. veículos'!D19:D20) -> 0.49
E22: 3 | F22: ='1.3 Frota Total'!E34 -> 0 | G22: ='1.3 Frota Total'!F34 -> 0 | H22: ='1.3 Frota Total'!G34 -> 0 | I22: ='1.3 Frota Total'!H34 -> 0 | J22: =1-SUM('A.IX.a. Deprec. veículos'!D19:D21) -> 0.32
E23: 4 | F23: ='1.3 Frota Total'!E35 -> 0 | G23: ='1.3 Frota Total'!F35 -> 0 | H23: ='1.3 Frota Total'!G35 -> 0 | I23: ='1.3 Frota Total'!H35 -> 0 | J23: =1-SUM('A.IX.a. Deprec. veículos'!D19:D22) -> 0.20666667
E24: 5 | F24: ='1.3 Frota Total'!E36 -> 0 | G24: ='1.3 Frota Total'!F36 -> 0 | H24: ='1.3 Frota Total'!G36 -> 0 | I24: ='1.3 Frota Total'!H36 -> 0 | J24: =1-SUM('A.IX.a. Deprec. veículos'!D19:D23) -> 0.15
A25: Miniônibus | E25: 0 | F25: ='1.3 Frota Total'!E37 -> 0 | G25: ='1.3 Frota Total'!F37 -> 0 | H25: ='1.3 Frota Total'!G37 -> 0 | I25: ='1.3 Frota Total'!H37 -> 0 | J25: 1
E26: 1 | F26: ='1.3 Frota Total'!E38 -> 0 | G26: ='1.3 Frota Total'!F38 -> 0 | H26: ='1.3 Frota Total'!G38 -> 0 | I26: ='1.3 Frota Total'!H38 -> 0 | J26: =1-'A.IX.a. Deprec. veículos'!D19 -> 0.71666667
E27: 2 | F27: ='1.3 Frota Total'!E39 -> 0 | G27: ='1.3 Frota Total'!F39 -> 0 | H27: ='1.3 Frota Total'!G39 -> 0 | I27: ='1.3 Frota Total'!H39 -> 0 | J27: =1-SUM('A.IX.a. Deprec. veículos'!D19:D20) -> 0.49
E28: 3 | F28: ='1.3 Frota Total'!E40 -> 0 | G28: ='1.3 Frota Total'!F40 -> 0 | H28: ='1.3 Frota Total'!G40 -> 0 | I28: ='1.3 Frota Total'!H40 -> 0 | J28: =1-SUM('A.IX.a. Deprec. veículos'!D19:D21) -> 0.32
E29: 4 | F29: ='1.3 Frota Total'!E41 -> 0 | G29: ='1.3 Frota Total'!F41 -> 0 | H29: ='1.3 Frota Total'!G41 -> 0 | I29: ='1.3 Frota Total'!H41 -> 0 | J29: =1-SUM('A.IX.a. Deprec. veículos'!D19:D22) -> 0.20666667
E30: 5 | F30: ='1.3 Frota Total'!E42 -> 0 | G30: ='1.3 Frota Total'!F42 -> 0 | H30: ='1.3 Frota Total'!G42 -> 0 | I30: ='1.3 Frota Total'!H42 -> 0 | J30: =1-SUM('A.IX.a. Deprec. veículos'!D19:D23) -> 0.15
A31: Midiônibus | E31: 0 | F31: ='1.3 Frota Total'!E43 -> 0 | G31: ='1.3 Frota Total'!F43 -> 0 | H31: ='1.3 Frota Total'!G43 -> 0 | I31: ='1.3 Frota Total'!H43 -> 0 | J31: 1
E32: 1 | F32: ='1.3 Frota Total'!E44 -> 0 | G32: ='1.3 Frota Total'!F44 -> 0 | H32: ='1.3 Frota Total'!G44 -> 0 | I32: ='1.3 Frota Total'!H44 -> 0 | J32: =1-'A.IX.a. Deprec. veículos'!E19 -> 0.8
E33: 2 | F33: ='1.3 Frota Total'!E45 -> 0 | G33: ='1.3 Frota Total'!F45 -> 0 | H33: ='1.3 Frota Total'!G45 -> 0 | I33: ='1.3 Frota Total'!H45 -> 0 | J33: =1-SUM('A.IX.a. Deprec. veículos'!E19:E20) -> 0.625
E34: 3 | F34: ='1.3 Frota Total'!E46 -> 0 | G34: ='1.3 Frota Total'!F46 -> 0 | H34: ='1.3 Frota Total'!G46 -> 0 | I34: ='1.3 Frota Total'!H46 -> 0 | J34: =1-SUM('A.IX.a. Deprec. veículos'!E19:E21) -> 0.475
E35: 4 | F35: ='1.3 Frota Total'!E47 -> 0 | G35: ='1.3 Frota Total'!F47 -> 0 | H35: ='1.3 Frota Total'!G47 -> 0 | I35: ='1.3 Frota Total'!H47 -> 0 | J35: =1-SUM('A.IX.a. Deprec. veículos'!E19:E22) -> 0.35
E36: 5 | F36: ='1.3 Frota Total'!E48 -> 0 | G36: ='1.3 Frota Total'!F48 -> 0 | H36: ='1.3 Frota Total'!G48 -> 0 | I36: ='1.3 Frota Total'!H48 -> 0 | J36: =1-SUM('A.IX.a. Deprec. veículos'!E19:E23) -> 0.25
E37: 6 | F37: ='1.3 Frota Total'!E49 -> 0 | G37: ='1.3 Frota Total'!F49 -> 0 | H37: ='1.3 Frota Total'!G49 -> 0 | I37: ='1.3 Frota Total'!H49 -> 0 | J37: =1-SUM('A.IX.a. Deprec. veículos'!E19:E24) -> 0.175
E38: 7 | F38: ='1.3 Frota Total'!E50 -> 0 | G38: ='1.3 Frota Total'!F50 -> 0 | H38: ='1.3 Frota Total'!G50 -> 0 | I38: ='1.3 Frota Total'!H50 -> 0 | J38: =1-SUM('A.IX.a. Deprec. veículos'!E19:E25) -> 0.125
E39: 8 | F39: ='1.3 Frota Total'!E51 -> 0 | G39: ='1.3 Frota Total'!F51 -> 0 | H39: ='1.3 Frota Total'!G51 -> 0 | I39: ='1.3 Frota Total'!H51 -> 0 | J39: =1-SUM('A.IX.a. Deprec. veículos'!E19:E26) -> 0.1
A40: Ônibus básico | E40: 0 | F40: ='1.3 Frota Total'!E52 -> 0 | G40: ='1.3 Frota Total'!F52 -> 0 | H40: ='1.3 Frota Total'!G52 -> 0 | I40: ='1.3 Frota Total'!H52 -> 0 | J40: 1
E41: 1 | F41: ='1.3 Frota Total'!E53 -> 0 | G41: ='1.3 Frota Total'!F53 -> 0 | H41: ='1.3 Frota Total'!G53 -> 0 | I41: ='1.3 Frota Total'!H53 -> 0 | J41: =1-'A.IX.a. Deprec. veículos'!E19 -> 0.8
E42: 2 | F42: ='1.3 Frota Total'!E54 -> 0 | G42: ='1.3 Frota Total'!F54 -> 0 | H42: ='1.3 Frota Total'!G54 -> 0 | I42: ='1.3 Frota Total'!H54 -> 0 | J42: =1-SUM('A.IX.a. Deprec. veículos'!E19:E20) -> 0.625
E43: 3 | F43: ='1.3 Frota Total'!E55 -> 0 | G43: ='1.3 Frota Total'!F55 -> 0 | H43: ='1.3 Frota Total'!G55 -> 0 | I43: ='1.3 Frota Total'!H55 -> 0 | J43: =1-SUM('A.IX.a. Deprec. veículos'!E19:E21) -> 0.475
E44: 4 | F44: ='1.3 Frota Total'!E56 -> 0 | G44: ='1.3 Frota Total'!F56 -> 0 | H44: ='1.3 Frota Total'!G56 -> 0 | I44: ='1.3 Frota Total'!H56 -> 0 | J44: =1-SUM('A.IX.a. Deprec. veículos'!E19:E22) -> 0.35
E45: 5 | F45: ='1.3 Frota Total'!E57 -> 0 | G45: ='1.3 Frota Total'!F57 -> 0 | H45: ='1.3 Frota Total'!G57 -> 0 | I45: ='1.3 Frota Total'!H57 -> 0 | J45: =1-SUM('A.IX.a. Deprec. veículos'!E19:E23) -> 0.25
E46: 6 | F46: ='1.3 Frota Total'!E58 -> 0 | G46: ='1.3 Frota Total'!F58 -> 0 | H46: ='1.3 Frota Total'!G58 -> 0 | I46: ='1.3 Frota Total'!H58 -> 0 | J46: =1-SUM('A.IX.a. Deprec. veículos'!E19:E24) -> 0.175
E47: 7 | F47: ='1.3 Frota Total'!E59 -> 0 | G47: ='1.3 Frota Total'!F59 -> 0 | H47: ='1.3 Frota Total'!G59 -> 0 | I47: ='1.3 Frota Total'!H59 -> 0 | J47: =1-SUM('A.IX.a. Deprec. veículos'!E19:E25) -> 0.125
E48: 8 | F48: ='1.3 Frota Total'!E60 -> 0 | G48: ='1.3 Frota Total'!F60 -> 0 | H48: ='1.3 Frota Total'!G60 -> 0 | I48: ='1.3 Frota Total'!H60 -> 0 | J48: =1-SUM('A.IX.a. Deprec. veículos'!E19:E26) -> 0.1
A49: Ônibus padron | E49: 0 | F49: ='1.3 Frota Total'!E61 -> 0 | G49: ='1.3 Frota Total'!F61 -> 0 | H49: ='1.3 Frota Total'!G61 -> 0 | I49: ='1.3 Frota Total'!H61 -> 0 | J49: 1
E50: 1 | F50: ='1.3 Frota Total'!E62 -> 0 | G50: ='1.3 Frota Total'!F62 -> 0 | H50: ='1.3 Frota Total'!G62 -> 0 | I50: ='1.3 Frota Total'!H62 -> 0 | J50: =1-'A.IX.a. Deprec. veículos'!F19 -> 0.83636364
E51: 2 | F51: ='1.3 Frota Total'!E63 -> 0 | G51: ='1.3 Frota Total'!F63 -> 0 | H51: ='1.3 Frota Total'!G63 -> 0 | I51: ='1.3 Frota Total'!H63 -> 0 | J51: =1-SUM('A.IX.a. Deprec. veículos'!F19:F20) -> 0.68909091
E52: 3 | F52: ='1.3 Frota Total'!E64 -> 0 | G52: ='1.3 Frota Total'!F64 -> 0 | H52: ='1.3 Frota Total'!G64 -> 0 | I52: ='1.3 Frota Total'!H64 -> 0 | J52: =1-SUM('A.IX.a. Deprec. veículos'!F19:F21) -> 0.55818182
E53: 4 | F53: ='1.3 Frota Total'!E65 -> 0 | G53: ='1.3 Frota Total'!F65 -> 0 | H53: ='1.3 Frota Total'!G65 -> 0 | I53: ='1.3 Frota Total'!H65 -> 0 | J53: =1-SUM('A.IX.a. Deprec. veículos'!F19:F22) -> 0.44363636
E54: 5 | F54: ='1.3 Frota Total'!E66 -> 0 | G54: ='1.3 Frota Total'!F66 -> 0 | H54: ='1.3 Frota Total'!G66 -> 0 | I54: ='1.3 Frota Total'!H66 -> 0 | J54: =1-SUM('A.IX.a. Deprec. veículos'!F19:F23) -> 0.34545455
E55: 6 | F55: ='1.3 Frota Total'!E67 -> 0 | G55: ='1.3 Frota Total'!F67 -> 0 | H55: ='1.3 Frota Total'!G67 -> 0 | I55: ='1.3 Frota Total'!H67 -> 0 | J55: =1-SUM('A.IX.a. Deprec. veículos'!F19:F24) -> 0.26363636
E56: 7 | F56: ='1.3 Frota Total'!E68 -> 0 | G56: ='1.3 Frota Total'!F68 -> 0 | H56: ='1.3 Frota Total'!G68 -> 0 | I56: ='1.3 Frota Total'!H68 -> 0 | J56: =1-SUM('A.IX.a. Deprec. veículos'!F19:F25) -> 0.19818182
E57: 8 | F57: ='1.3 Frota Total'!E69 -> 0 | G57: ='1.3 Frota Total'!F69 -> 0 | H57: ='1.3 Frota Total'!G69 -> 0 | I57: ='1.3 Frota Total'!H69 -> 0 | J57: =1-SUM('A.IX.a. Deprec. veículos'!F19:F26) -> 0.14909091
E58: 9 | F58: ='1.3 Frota Total'!E70 -> 0 | G58: ='1.3 Frota Total'!F70 -> 0 | H58: ='1.3 Frota Total'!G70 -> 0 | I58: ='1.3 Frota Total'!H70 -> 0 | J58: =1-SUM('A.IX.a. Deprec. veículos'!F19:F27) -> 0.11636364
E59: 10 | F59: ='1.3 Frota Total'!E71 -> 0 | G59: ='1.3 Frota Total'!F71 -> 0 | H59: ='1.3 Frota Total'!G71 -> 0 | I59: ='1.3 Frota Total'!H71 -> 0 | J59: =1-SUM('A.IX.a. Deprec. veículos'!F19:F28) -> 0.1
A60: Ônibus articulado | E60: 0 | F60: ='1.3 Frota Total'!E72 -> 0 | G60: ='1.3 Frota Total'!F72 -> 0 | H60: ='1.3 Frota Total'!G72 -> 0 | I60: ='1.3 Frota Total'!H72 -> 0 | J60: 1
E61: 1 | F61: ='1.3 Frota Total'!E73 -> 0 | G61: ='1.3 Frota Total'!F73 -> 0 | H61: ='1.3 Frota Total'!G73 -> 0 | I61: ='1.3 Frota Total'!H73 -> 0 | J61: =1-'A.IX.a. Deprec. veículos'!G19 -> 0.85384615
E62: 2 | F62: ='1.3 Frota Total'!E74 -> 0 | G62: ='1.3 Frota Total'!F74 -> 0 | H62: ='1.3 Frota Total'!G74 -> 0 | I62: ='1.3 Frota Total'!H74 -> 0 | J62: =1-SUM('A.IX.a. Deprec. veículos'!G19:G20) -> 0.71987179
E63: 3 | F63: ='1.3 Frota Total'!E75 -> 0 | G63: ='1.3 Frota Total'!F75 -> 0 | H63: ='1.3 Frota Total'!G75 -> 0 | I63: ='1.3 Frota Total'!H75 -> 0 | J63: =1-SUM('A.IX.a. Deprec. veículos'!G19:G21) -> 0.59807692
E64: 4 | F64: ='1.3 Frota Total'!E76 -> 0 | G64: ='1.3 Frota Total'!F76 -> 0 | H64: ='1.3 Frota Total'!G76 -> 0 | I64: ='1.3 Frota Total'!H76 -> 0 | J64: =1-SUM('A.IX.a. Deprec. veículos'!G19:G22) -> 0.48846154
E65: 5 | F65: ='1.3 Frota Total'!E77 -> 0 | G65: ='1.3 Frota Total'!F77 -> 0 | H65: ='1.3 Frota Total'!G77 -> 0 | I65: ='1.3 Frota Total'!H77 -> 0 | J65: =1-SUM('A.IX.a. Deprec. veículos'!G19:G23) -> 0.39102564
E66: 6 | F66: ='1.3 Frota Total'!E78 -> 0 | G66: ='1.3 Frota Total'!F78 -> 0 | H66: ='1.3 Frota Total'!G78 -> 0 | I66: ='1.3 Frota Total'!H78 -> 0 | J66: =1-SUM('A.IX.a. Deprec. veículos'!G19:G24) -> 0.30576923
E67: 7 | F67: ='1.3 Frota Total'!E79 -> 0 | G67: ='1.3 Frota Total'!F79 -> 0 | H67: ='1.3 Frota Total'!G79 -> 0 | I67: ='1.3 Frota Total'!H79 -> 0 | J67: =1-SUM('A.IX.a. Deprec. veículos'!G19:G25) -> 0.23269231
E68: 8 | F68: ='1.3 Frota Total'!E80 -> 0 | G68: ='1.3 Frota Total'!F80 -> 0 | H68: ='1.3 Frota Total'!G80 -> 0 | I68: ='1.3 Frota Total'!H80 -> 0 | J68: =1-SUM('A.IX.a. Deprec. veículos'!G19:G26) -> 0.17179487
E69: 9 | F69: ='1.3 Frota Total'!E81 -> 0 | G69: ='1.3 Frota Total'!F81 -> 0 | H69: ='1.3 Frota Total'!G81 -> 0 | I69: ='1.3 Frota Total'!H81 -> 0 | J69: =1-SUM('A.IX.a. Deprec. veículos'!G19:G27) -> 0.12307692
E70: 10 | F70: ='1.3 Frota Total'!E82 -> 0 | G70: ='1.3 Frota Total'!F82 -> 0 | H70: ='1.3 Frota Total'!G82 -> 0 | I70: ='1.3 Frota Total'!H82 -> 0 | J70: =1-SUM('A.IX.a. Deprec. veículos'!G19:G28) -> 0.086538462
E71: 11 | F71: ='1.3 Frota Total'!E83 -> 0 | G71: ='1.3 Frota Total'!F83 -> 0 | H71: ='1.3 Frota Total'!G83 -> 0 | I71: ='1.3 Frota Total'!H83 -> 0 | J71: =1-SUM('A.IX.a. Deprec. veículos'!G19:G29) -> 0.062179487
E72: 12 | F72: ='1.3 Frota Total'!E84 -> 0 | G72: ='1.3 Frota Total'!F84 -> 0 | H72: ='1.3 Frota Total'!G84 -> 0 | I72: ='1.3 Frota Total'!H84 -> 0 | J72: =1-SUM('A.IX.a. Deprec. veículos'!G19:G30) -> 0.05
A73: Ônibus biarticulado | E73: 0 | F73: ='1.3 Frota Total'!E85 -> 0 | G73: ='1.3 Frota Total'!F85 -> 0 | H73: ='1.3 Frota Total'!G85 -> 0 | I73: ='1.3 Frota Total'!H85 -> 0 | J73: 1
E74: 1 | F74: ='1.3 Frota Total'!E86 -> 0 | G74: ='1.3 Frota Total'!F86 -> 0 | H74: ='1.3 Frota Total'!G86 -> 0 | I74: ='1.3 Frota Total'!H86 -> 0 | J74: =1-'A.IX.a. Deprec. veículos'!G19 -> 0.85384615
E75: 2 | F75: ='1.3 Frota Total'!E87 -> 0 | G75: ='1.3 Frota Total'!F87 -> 0 | H75: ='1.3 Frota Total'!G87 -> 0 | I75: ='1.3 Frota Total'!H87 -> 0 | J75: =1-SUM('A.IX.a. Deprec. veículos'!G19:G20) -> 0.71987179
E76: 3 | F76: ='1.3 Frota Total'!E88 -> 0 | G76: ='1.3 Frota Total'!F88 -> 0 | H76: ='1.3 Frota Total'!G88 -> 0 | I76: ='1.3 Frota Total'!H88 -> 0 | J76: =1-SUM('A.IX.a. Deprec. veículos'!G19:G21) -> 0.59807692
E77: 4 | F77: ='1.3 Frota Total'!E89 -> 0 | G77: ='1.3 Frota Total'!F89 -> 0 | H77: ='1.3 Frota Total'!G89 -> 0 | I77: ='1.3 Frota Total'!H89 -> 0 | J77: =1-SUM('A.IX.a. Deprec. veículos'!G19:G22) -> 0.48846154
E78: 5 | F78: ='1.3 Frota Total'!E90 -> 0 | G78: ='1.3 Frota Total'!F90 -> 0 | H78: ='1.3 Frota Total'!G90 -> 0 | I78: ='1.3 Frota Total'!H90 -> 0 | J78: =1-SUM('A.IX.a. Deprec. veículos'!G19:G23) -> 0.39102564
E79: 6 | F79: ='1.3 Frota Total'!E91 -> 0 | G79: ='1.3 Frota Total'!F91 -> 0 | H79: ='1.3 Frota Total'!G91 -> 0 | I79: ='1.3 Frota Total'!H91 -> 0 | J79: =1-SUM('A.IX.a. Deprec. veículos'!G19:G24) -> 0.30576923
E80: 7 | F80: ='1.3 Frota Total'!E92 -> 0 | G80: ='1.3 Frota Total'!F92 -> 0 | H80: ='1.3 Frota Total'!G92 -> 0 | I80: ='1.3 Frota Total'!H92 -> 0 | J80: =1-SUM('A.IX.a. Deprec. veículos'!G19:G25) -> 0.23269231
E81: 8 | F81: ='1.3 Frota Total'!E93 -> 0 | G81: ='1.3 Frota Total'!F93 -> 0 | H81: ='1.3 Frota Total'!G93 -> 0 | I81: ='1.3 Frota Total'!H93 -> 0 | J81: =1-SUM('A.IX.a. Deprec. veículos'!G19:G26) -> 0.17179487
E82: 9 | F82: ='1.3 Frota Total'!E94 -> 0 | G82: ='1.3 Frota Total'!F94 -> 0 | H82: ='1.3 Frota Total'!G94 -> 0 | I82: ='1.3 Frota Total'!H94 -> 0 | J82: =1-SUM('A.IX.a. Deprec. veículos'!G19:G27) -> 0.12307692
E83: 10 | F83: ='1.3 Frota Total'!E95 -> 0 | G83: ='1.3 Frota Total'!F95 -> 0 | H83: ='1.3 Frota Total'!G95 -> 0 | I83: ='1.3 Frota Total'!H95 -> 0 | J83: =1-SUM('A.IX.a. Deprec. veículos'!G19:G28) -> 0.086538462
E84: 11 | F84: ='1.3 Frota Total'!E96 -> 0 | G84: ='1.3 Frota Total'!F96 -> 0 | H84: ='1.3 Frota Total'!G96 -> 0 | I84: ='1.3 Frota Total'!H96 -> 0 | J84: =1-SUM('A.IX.a. Deprec. veículos'!G19:G29) -> 0.062179487
E85: 12 | F85: ='1.3 Frota Total'!E97 -> 0 | G85: ='1.3 Frota Total'!F97 -> 0 | H85: ='1.3 Frota Total'!G97 -> 0 | I85: ='1.3 Frota Total'!H97 -> 0 | J85: =1-SUM('A.IX.a. Deprec. veículos'!G19:G30) -> 0.05
A88: X.a.3 | B88: Remuneração dos veículos - etapa de cálculo
A89: Classe do veículo | E89: Idade do veículo | F89: Sem ar condicionado | H89: Com ar condicionado
F90: Sem transmissão automática | G90: Com transmissão automática | H90: Sem transmissão automática | I90: Com transmissão automática
A91: Microônibus | E91: 0 | F91: =F19*$J19 -> 0 | G91: =G19*$J19 -> 0 | H91: =H19*$J19 -> 0 | I91: =I19*$J19 -> 0
E92: 1 | F92: =F20*$J20 -> 0 | G92: =G20*$J20 -> 0 | H92: =H20*$J20 -> 0 | I92: =I20*$J20 -> 0
E93: 2 | F93: =F21*$J21 -> 0 | G93: =G21*$J21 -> 0 | H93: =H21*$J21 -> 0 | I93: =I21*$J21 -> 0
E94: 3 | F94: =F22*$J22 -> 0 | G94: =G22*$J22 -> 0 | H94: =H22*$J22 -> 0 | I94: =I22*$J22 -> 0
E95: 4 | F95: =F23*$J23 -> 0 | G95: =G23*$J23 -> 0 | H95: =H23*$J23 -> 0 | I95: =I23*$J23 -> 0
E96: 5 | F96: =F24*$J24 -> 0 | G96: =G24*$J24 -> 0 | H96: =H24*$J24 -> 0 | I96: =I24*$J24 -> 0
A97: Miniônibus | E97: 0 | F97: =F25*$J25 -> 0 | G97: =G25*$J25 -> 0 | H97: =H25*$J25 -> 0 | I97: =I25*$J25 -> 0
E98: 1 | F98: =F26*$J26 -> 0 | G98: =G26*$J26 -> 0 | H98: =H26*$J26 -> 0 | I98: =I26*$J26 -> 0
E99: 2 | F99: =F27*$J27 -> 0 | G99: =G27*$J27 -> 0 | H99: =H27*$J27 -> 0 | I99: =I27*$J27 -> 0
E100: 3 | F100: =F28*$J28 -> 0 | G100: =G28*$J28 -> 0 | H100: =H28*$J28 -> 0 | I100: =I28*$J28 -> 0
E101: 4 | F101: =F29*$J29 -> 0 | G101: =G29*$J29 -> 0 | H101: =H29*$J29 -> 0 | I101: =I29*$J29 -> 0
E102: 5 | F102: =F30*$J30 -> 0 | G102: =G30*$J30 -> 0 | H102: =H30*$J30 -> 0 | I102: =I30*$J30 -> 0
A103: Midiônibus | E103: 0 | F103: =F31*$J31 -> 0 | G103: =G31*$J31 -> 0 | H103: =H31*$J31 -> 0 | I103: =I31*$J31 -> 0
E104: 1 | F104: =F32*$J32 -> 0 | G104: =G32*$J32 -> 0 | H104: =H32*$J32 -> 0 | I104: =I32*$J32 -> 0
E105: 2 | F105: =F33*$J33 -> 0 | G105: =G33*$J33 -> 0 | H105: =H33*$J33 -> 0 | I105: =I33*$J33 -> 0
E106: 3 | F106: =F34*$J34 -> 0 | G106: =G34*$J34 -> 0 | H106: =H34*$J34 -> 0 | I106: =I34*$J34 -> 0
...

Sheet A.X.b.  Remun. garagem equip.
A1: ANEXO X – REMUNERAÇÃO DO CAPITAL IMOBILIZADO
A3: X.b. | B3: Remuneração do capital imobilizado em terrenos, edificações e equipamentos de garagem | I3: Legenda
A5: X.b.1. | B5: Coeficientes de remuneração do capital | K5: Entrada de dados
K6: Entrada de dados com valor de referência
E7: Coeficiente | F7: Valor | K7: Resultado
A8: coeficiente de remuneração anual do capital imobilizado em terrenos | E8: r | F8: =IF('2.1.c Insumos'!F71="","Preencher valor do CIT em Dados de Insumo",('2.1.c Insumos'!F71/('2.1.b Veículos'!D58*SUM('1.3 Frota Total'!C19:F25)))) -> #DIV/0!
A9: coeficiente de remuneração anual do capital imobilizado em edificações | E9: ε | F9: =IF('2.1.c Insumos'!F72="","Preencher valor do CIE em Dados de Insumo",(0.5*'2.1.c Insumos'!F72/('2.1.b Veículos'!D58*SUM('1.3 Frota Total'!C19:F25)))) -> #DIV/0!
A10: coeficiente de remuneração anual do capital imobilizado em equipamentos e mobiliário de garagem | E10: η | F10: =IF('2.1.c Insumos'!F75="","Preencher valor do CIG em Dados de Insumo",(0.5*'2.1.c Insumos'!F75/('2.1.b Veículos'!D58*SUM('1.3 Frota Total'!C19:F25)))) -> #DIV/0!
E13: Coeficiente | F13: Valor
A14: coeficiente de remuneração anual do capital imobilizado em terrenos | E14: r | F14: 0.17
A15: coeficiente de remuneração anual do capital imobilizado em edificações | E15: ε | F15: 0.045
A16: coeficiente de remuneração anual do capital imobilizado em equipamentos e mobiliário de garagem | E16: η | F16: 0.0137
A18: X.b.2. | B18: Remuneração do capital imobilizado emTerrenos, edificações e equipamentos de garagem (RTE)
C20: RTE = | D20: =IF(F8="Preencher valor do CIT em Dados de Insumo",(('A.X.b. Remun. garagem equip.'!F14)*('2.1.c Insumos'!F68/100)*'2.1.b Veículos'!D58*SUM('1.3 Frota Total'!C19:F25)/12),(('A.X.b. Remun. garagem equip.'!F8)*('2.1.c Insumos'!F68/100)*'2.1.b Veículos'!D58*SUM('1.3 Frota Total'!C19:F25)/12))+(IF(F9="Preencher valor do CIE em Dados de Insumo",(('A.X.b. Remun. garagem equip.'!F15)*('2.1.c Insumos'!F68/100)*'2.1.b Veículos'!D58*SUM('1.3 Frota Total'!C19:F25)/12),(('A.X.b. Remun. garagem equip.'!F9)*('2.1.c Insumos'!F68/100)*'2.1.b Veículos'!D58*SUM('1.3 Frota Total'!C19:F25)/12)))+(IF(F10="Preencher valor do CIG em Dados de Insumo",(('A.X.b. Remun. garagem equip.'!F16)*('2.1.c Insumos'!F68/100)*'2.1.b Veículos'!D58*SUM('1.3 Frota Total'!C19:F25)/12),(('A.X.b. Remun. garagem equip.'!F10)*('2.1.c Insumos'!F68/100)*'2.1.b Veículos'!D58*SUM('1.3 Frota Total'!C19:F25)/12))) -> #DIV/0!

Sheet A.X.c. Remun. Eq. Bilhet. ITS
A1: ANEXO X – REMUNERAÇÃO DO CAPITAL IMOBILIZADO
A3: X.c. | B3: Remuneração do capital imobilizado em equipamentos de bilhetagem e ITS | G3: Legenda
A5: X.c.1 | B5: Fator de remuneração dos equipamentos de bilhetagem e ITS (FRE) | I5: Entrada de dados
I6: Entrada de dados com valor de referência
C7: FRE | D7: =IF('2.1.c Insumos'!F78="","Preencher valor do CEB em Dados de Insumo",(0.5*'2.1.c Insumos'!F78/('2.1.b Veículos'!D58*SUM('1.3 Frota Total'!C19:F25)))) -> #DIV/0! | I7: Resultado
C9: FRE | D9: 0.02

Sheet A.X.d. Remun. Vec. Apoio
A1: ANEXO X – REMUNERAÇÃO DO CAPITAL IMOBILIZADO
A3: X.d. | B3: Remuneração do capital imobilizado em veículos de apoio | G3: Legenda
A5: X.d.1 | B5: fator de remuneração de veículos de apoio (FRV) | I5: Entrada de dados
I6: Entrada de dados com valor de referência
C7: FRV | D7: =0.5*('1.3 Frota Total'!C103*'2.1.b Veículos'!D17+'1.3 Frota Total'!C104*'2.1.b Veículos'!D18+'1.3 Frota Total'!C105*'2.1.b Veículos'!D19+'1.3 Frota Total'!C106*'2.1.b Veículos'!D20+'1.3 Frota Total'!C107*'2.1.b Veículos'!D21)/('2.1.b Veículos'!D58*SUM('1.3 Frota Total'!C19:F25)) -> #DIV/0! | I7: Resultado

Sheet A.X. Remun. Infra
A1: ANEXO X – REMUNERAÇÃO DO CAPITAL IMOBILIZADO
A2: x-a. | B2: dados de entrada
G3: Legenda
A4: VUI | E4: ='2.1.c Insumos'!F62 -> 15
A5: TRI | E5: =1/E4 -> 0.066666667 | I5: Entrada de dados
I6: Entrada de dados com valor de referência
I7: Resultado
A8: x-b. | B8: Fator de remuneração dos equipamentos de bilhetagem e ITS
C10: FRI | D10: =(1/12)*(1-(E5*(E4/2))) -> 0.041666667

Sheet A.X.e. Remun. Infraes
A1: ANEXO X – REMUNERAÇÃO DO CAPITAL IMOBILIZADO
K2: Legenda
A3: X.e. | B3: Remuneração do capital imobilizado em infraestrutura
M4: Entrada de dados
A5: X.e.1 | B5: Fator de remuneração da infraestrutura (FRI) | M5: Entrada de dados com valor de referência
M6: Resultado
B7: FRI | C7: 0.5

Sheet A.XII. FU
A1: ANEXO XII – FATORES DE UTILIZAÇÃO DE PESSOAL DE OPERAÇÃO E ENCARGOS SOCIAIS
A4: XII.a | B4: Tabela de referência para o cálculo do Fator de Utilização de motoristas e cobradores | K4: Legenda
D6: Jornada de Trabalho Comumente Utilizadas | M6: Entrada de dados
D7: 0.25 | E7: 0.27777778 | F7: 0.30555556 | G7: 0.31944444 | H7: 0.33333333 | M7: Entrada de dados com valor de referência
B8: Duração Equivalente da Operação - Dia útil | C8: 0.5 | D8: 2.3418182 | E8: 2.1065831 | F8: 1.92 | G8: 1.8319308 | H8: 1.7563636 | M8: Resultado
C9: 0.54166667 | D9: 2.6831775 | E9: 2.2821317 | F9: 2.0766464 | G9: 1.9845917 | H9: 1.9027273
C10: 0.58333333 | D10: 3.0245367 | E10: 2.5444843 | F10: 2.2363884 | G10: 2.1372526 | H10: 2.0490909
C11: 0.625 | D11: 3.365896 | E11: 2.8515541 | F11: 2.4368213 | G11: 2.2899135 | H11: 2.1954545
C12: 0.66666667 | D12: 3.7072553 | E12: 3.1586239 | F12: 2.7162423 | G12: 2.518061 | H12: 2.3418182
C13: 0.70833333 | D13: 4.0486146 | E13: 3.4656937 | F13: 2.9956632 | G13: 2.7850957 | H13: 2.5978376
C14: 0.75 | D14: 4.3899739 | E14: 3.7727635 | F14: 3.2750842 | G14: 3.0521303 | H14: 2.8538571
C15: 0.79166667 | D15: 4.7313331 | E15: 4.0798333 | F15: 3.5545052 | G15: 3.319165 | H15: 3.1098766
C16: 0.83333333 | D16: 5.0726924 | E16: 4.3869032 | F16: 3.8339261 | G16: 3.5861996 | H16: 3.365896
C17: 0.875 | D17: 5.4140517 | E17: 4.693973 | F17: 4.1133471 | G17: 3.8532342 | H17: 3.6219155
C18: 0.91666667 | D18: 5.755411 | E18: 5.0010428 | F18: 4.3927681 | G18: 4.1202689 | H18: 3.8779349
C19: 0.95833333 | D19: 6.0967703 | E19: 5.3081126 | F19: 4.672189 | G19: 4.3873035 | H19: 4.1339544
C20: 0.99930556 | D20: 6.2981722 | E20: 5.4892838 | F20: 4.8370474 | G20: 4.544854 | H20: 4.2850059
A22: XII.b | B22: Tabela de referência para o cálculo do Fator de Utilização Física de motoristas e cobradores
D24: Jornada de Trabalho Comumente Utilizadas
D25: 0.25 | E25: 0.27777778 | F25: 0.30555556 | G25: 0.31944444 | H25: 0.33333333
B26: Duração Equivalente da Operação - Dia útil | C26: 0.5 | D26: 2.34 | E26: 2.11 | F26: 1.92 | G26: 1.83 | H26: 1.76
C27: 0.54166667 | D27: 2.52 | E27: 2.28 | F27: 2.08 | G27: 1.98 | H27: 1.9
C28: 0.58333333 | D28: 2.72 | E28: 2.45 | F28: 2.2363884 | G28: 2.1372526 | H28: 2.0490909
C29: 0.625 | D29: 2.91 | E29: 2.6216 | F29: 2.3833 | G29: 2.2899135 | H29: 2.1954545
C30: 0.66666667 | D30: 3.1082 | E30: 2.7974 | F30: 2.5431 | G30: 2.4325 | H30: 2.3312
C31: 0.70833333 | D31: 3.3035 | E31: 2.9732 | F31: 2.7029 | G31: 2.5854 | H31: 2.4776
C32: 0.75 | D32: 3.4984 | E32: 3.1486 | F32: 2.8623 | G32: 2.7279 | H32: 2.6238
C33: 0.79166667 | D33: 3.6941 | E33: 3.3247 | F33: 3.0224 | G33: 2.891 | H33: 2.7706
C34: 0.83333333 | D34: 3.8884 | E34: 3.4996 | F34: 3.1814 | G34: 3.0431 | H34: 2.9163
C35: 0.875 | D35: 4.0841 | E35: 3.6757 | F35: 3.3415 | G35: 3.1962 | H35: 3.0631
C36: 0.91666667 | D36: 4.2794 | E36: 3.8514 | F36: 3.5013 | G36: 3.3491 | H36: 3.2095
C37: 0.95833333 | D37: 4.4743 | E37: 4.0268 | F37: 3.6608 | G37: 3.5016 | H37: 3.3557
C38: 0.99930556 | D38: 4.5895 | E38: 4.1306 | F38: 3.7551 | G38: 3.5918 | H38: 3.4421

Sheet A.XIII. DMA
A1: ANEXO XIII – MÉTODO PARA CÁLCULO DAS DESPESAS COM PESSOAL DE MANUTENÇÃO, ADMINISTRATIVO E DIRETORIA
A3: XIII.a | B3: Perecentual de referência inclidente sobre despesas DMA
C5: θmin | D5: θmax | H5: Legenda
A6: Faixa | B6: Frota | C6: (%) | D6: (%)
A7: 1 | B7: 10 a 22 | C7: 0.29148047 | D7: 0.64125703 | J7: Entrada de dados
A8: 2 | B8: 23 a 45 | C8: 0.28405715 | D8: 0.55576398 | J8: Entrada de dados com valor de referência
A9: 3 | B9: 46 a 78 | C9: 0.28737566 | D9: 0.48728915 | J9: Resultado
A10: 4 | B10: 79 a 121 | C10: 0.2712836 | D10: 0.41551033
A11: 5 | B11: 122 a 174 | C11: 0.2407362 | D11: 0.35123807

Sheet A.XV. RPS (Simplificado)
A1: ANEXO XV – MÉTODO DE CÁLCULO DO FATOR DE RISCO
A2: XV | B2: Deseja calcular o coeficiente de remuneração da prestação de serviço (marcar X):
B3: Metodologia simplificada | D3: x | E3: (ir para o item XV.a)
B4: Metodologia detalhada | E4: (ir para o item XV.d)
B6: Cálculo Simplificado do Coeficiente da Remuneração da Prestação de Serviço (RPS)
K8: Legenda | T8: 1
M10: Entrada de dados | Q10: Risco | R10: Baixo | S10: Médio | T10: Alto
M11: Entrada de dados com valor de referência | Q11: 0.95 | R11: 0.0502 | S11: 0.0731 | T11: 0.12
M12: Resultado | Q12: 0.9 | R12: 0.0393 | S12: 0.0571 | T12: 0.0938
Q13: 0.85 | R13: 0.0315 | S13: 0.0458 | T13: 0.0753
R16: Risco | S16: Risco | T16: Gama
Q17: Nível de Segurança 95% | R17: Baixo | S17: =R11 -> 0.0502 | T17: =S17 -> 0.0502
R18: Médio | S18: =S11 -> 0.0731 | T18: =S18 -> 0.0731
R19: Alto | S19: =T11 -> 0.12 | T19: =S19 -> 0.12
Q20: Nível de Segurança 90% | R20: Baixo | S20: =R12 -> 0.0393 | T20: =S20 -> 0.0393
R21: Médio | S21: =S12 -> 0.0571 | T21: =S21 -> 0.0571
R22: Alto | S22: =T12 -> 0.0938 | T22: =S22 -> 0.0938
Q23: Nível de Segurança 85% | R23: Baixo | S23: =R13 -> 0.0315 | T23: =S23 -> 0.0315
R24: Médio | S24: =S13 -> 0.0458 | T24: =S24 -> 0.0458
R25: Alto | S25: =T13 -> 0.0753 | T25: =S25 -> 0.0753
A28: XV-a | B28: Nível de Segurança a ser adotado (NS)
B31: Baixo Risco | C31: Risco Médio | D31: Risco Alto
B32: =IF(T8=1,R11,IF(T8=2,R12,IF(T8=3,R13,IF(T8=4,R14,"ERROR")))) -> 0.0502 | C32: =IF(T8=1,S11,IF(T8=2,S12,IF(T8=3,S13,IF(T8=4,S14,"ERROR")))) -> 0.0731 | D32: =IF(T8=1,T11,IF(T8=2,T12,IF(T8=3,T13,IF(T8=4,T14,"ERROR")))) -> 0.12
B33: valores de referência de acordo com o nível de segurança adotado
A35: XV-b. | B35: Coeficiente de Risco a ser assumido no projeto (Ri)
B36: Ri | C36: 0.0731
A39: XV-c | B39: Coeficiente do RPS (Ɣ)
B40: Ɣ | C40: =C36 -> 0.0731

Sheet A.XV. RPS (DetalhadoI)
A1: ANEXO XV – MÉTODO DE CÁLCULO DO FATOR DE RISCO
C2: XV | D2: Cálculo Detalhado do Coeficiente da Remuneração da Prestação de Serviço (RPS) | L2: Legenda
N4: Entrada de dados
C5: XV-d | D5: Matriz de Riscos e Atribuições | N5: Entrada de dados com valor de referência
N6: Resultado
B7: Risco | C7: Dimensão | D7: Descrição do risco | E7: Impacto sobre a equação financeira | F7: Situações em que não se Aplica | G7: Risco Baixo | H7: Risco Médio | I7: Risco Alto | J7: ATRIBUIÇÃO
B8: Risco 1- Garagens e Infraestrutura | C8: Implantação de Veículos e Sistemas | D8: Elevação de preços e/ou prazos de implantação dos ativos por mudanças nos parâmetros de preços praticados ou escassez de insumos no mercado. | E8: Investimentos acima do previsto com período de implantação mais longo do que o planejado podem implicar em postergação e redução de receita ou aplicação de sanções previstas em contrato . | F8: Projetos consolidados, em que a tarifa seja calculada para o período subsequente. | G8: Novos projetos que envolvam apenas a operação de serviços (movimentação de passageiros). Risco centrado na aquisição de ativos imobiliários para implantação de garagem alinhada a estrutura de custos e operação preconizada. | H8: Novos projetos que envolvam serviços complementares, tais como a operação de terminais e outros | I8: Novos projetos de alta complexidade, que envolvam a execução de obras, implantação de sistemas complexos e a operação e manutenção de múltiplos serviços | K8: 1 | L8: 1
B9: Risco 2- Tecnologia e sistemas | D9: Dificuldades de implantação e integração dos elementos tecnológicos da concessão | E9: Maiores custos com a integração de sistemas. No limite dos casos, necessidade de repactuação contratual de componentes impossíveis de serem integrados. Possíveis atrasos para o início da operação. | F9: Projetos consolidados, em que a tarifa seja calculada para o período subsequente. | G9: Tecnologias conhecidas, comprovadas, testadas, com fornecedores conhecidos e capacitados. | H9: Tecnologia em implementação em poucos locais, com fornecedores trabalhando sobre o desenvolvimento de projetos, produtos e processos. | I9: Projetos que contemplem rupturas tecnológicas, com elevado nível de inovação previsto sobre o status corrente. | K9: 2 | L9: 2
B10: Risco 3- Investimento público vs. Produtividade | C10: Riscos Relacionados aos Investimentos Públicos e produtividade | D10: Não realização dos investimentos a cargo do Poder Público na rede de transportes que sejam necessários ao atendimento das condições técnicas e financeiras planejadas. A produtividade utilizada como referência para avaliação da viabilidade do projeto poderá depender de intervenções públicas como alteração da rede de transportes (racionalização e reprogramação), implantação de viário, terminais ou outras condições diferentes das existentes. | E10: Produtividade efetiva menor do que a planejada, exigindo maior necessidade de frota operacional para a realização das viagens planejadas e atendimento à demanda prevista. Desta forma, há um incremento proporcional no número de veículos e pessoal embarcado. É esperado aumento dos custos variáveis, devido ao maior de consumo de combustível por quilômetro, porém efeito é de difícil quantificação. | F10: Projetos que não dependam da alteração da infraestrutura física ou de condições operacionais (a exemplo da velocidade vigente) para atendimento aos resultados previstos. Situação urbana consolidada, sem perspectiva de degradação | G10: Projetos que não dependam da alteração da infraestrutura física ou de condições operacionais (a exemplo da velocidade vigente) para atendimento aos resultados previstos. Situação urbana apresentando piora nas condições de tráfego. | H10: Projetos que dependam de melhoras operacionais para que os resultados técnicos e financeiros previstos sejam atingidos | I10: Projetos que dependam da implantação de terminais, corredores, infraestrutura ou outros elementos para que o resultado planejado seja atingido | K10: 3 | L10: 3
B11: Risco 4- Certificação ambiental | C11: Regulamentação Ambiental | D11: Obtenção da certificação, ISO ou similar, é mais demorada ou enseja maiores custos de implantação do que o previsto. | E11: Necessidade de ampliação de investimentos e prazo para atendimento às condições ambientais pré-estabelecidas | F11: Renovação de contratos ou recálculo da tarifa vigente, sem alteração relevante nas condições ambientais previstas. | G11: Projetos que apresentem exigência relativa a elementos ambientais alinhadas com a legislação vigente sobre o setor, porém sem acrescer elementos adicionais específicos. | H11: Projetos que apresentem exigência de certificação ambiental específica para ativos de grande porte, como garagens e centro de manutenção. | I11: Projetos que apresentem exigência de certificação ambiental para todos os bens móveis e imóveis da empresa operadora | K11: 4 | L11: 4
B12: Risco 5- Mudanças na normatização ambiental | D12: Riscos ambientais incorridos na fase de operação dos serviços. | E12: Necessidade de investimentos complementares em frota, sistemas e obras civis para atendimento a mudanças na norma ambiental. Aumento dos custos operacionais ou diminuição da produtividade dos veículos. | F12: Tarifa calculada para um prazo de tempo relativamente reduzido. Caso ocorram alterações no marco regulatório dentro do horizonte de tempo, a empresa operadora somente necessitará adequar-se após a revisão tarifária seguinte. | G12: Projetos que prevejam a repactuação das condições financeiras iniciais em processo extraordinário a partir da ocorrência de fato de príncipe. | H12: Projetos que não apresentem clareza na condição contratual poderão ensejar litígio acerca da responsabilidade por arcar com os sobrecustos apontados. | I12: Projetos em que não exista previsão contratual delimitando a responsabilidade privada sobre alterações relevantes do marco regulatório. | K12: 5 | L12: 5
B13: Risco 6- Risco global de demanda | C13: Perda de Demanda | D13: Perda de competitividade do sistema regular face aos meios individuais ou alternativos de transporte e a perda de capacidade de pagamento dos usuários do sistema, por correção da tarifa ou redução de salários médios são consideradas. Incluem também fatos ordinários exógenos que venham a alterar de forma expressiva a demanda, tais como a abertura de uma nova linha de metrô, desativação de centros comerciais, universidades, centros de lazer e similares interferem diretamente na demanda. Deve-se contemplar também situações em que a perda de demanda decorre de atos do Poder Público, como a autorização para novos modos concorrentes de transportes, concorrência predatória de linhas de sistemas municipais ou metropolitanos sobrepostos e conivência com meios de transporte de passageiros clandestinos. | E13: Redução da demanda da empresa operadora com correspondente perda de receita tarifária. | F13: Projetos integralmente remunerados com base em custo (ponderação entre frota disponibilizada e km percorrida), em que a demanda não influencie a remuneração da empresa operadora. | G13: Projetos onde a flexibilidade operacional pode ajustar a estrutura de despesas às novas condições de demanda, resultando em redução no valor total do negócio, mas mantendo os índices de proporcionalidade entre receitas e despesas. Contratualmente em projetos em que o contrato incorpora anualmente variações de demanda para o cálculo da tarifa | H13: Projetos com estrutura de custos operacionais rígidos, tornando apenas parte dos custos flexíveis o suficiente para compensarem a perda de demanda. Contratualmente em projetos em que o processo de revisão ordinária (3-5 anos) incorpore a revisão da demanda sobre o equilíbrio econômico financeiro. | I13: Projetos com elevada proporção do custo de capital (investimentos iniciais) sobre custos totais, além de parte expressiva dos custos operacionais ser inflexível à demanda. Contratualmente a projetos em que o risco de demanda é integralmente alocado à iniciativa privada. | K13: 6 | L13: 6
B19: Risco 7- Gratuidades | C19: Gratuidades | D19: Promulgação de novas gratuidades ou aumento proporcional do número de usuários gratuitos dentro da legislação vigente, por exemplo como mudança na pirâmide etária são contempladas. | E19: Redução da demanda equivalente da empresa operadora, com correspondente perda de receita tarifária. | G19: Projetos em que a remuneração da empresa operadora esteja vinculada à demanda total transportada (não apenas à demanda equivalente) ou que prevejam o ressarcimento por usuários gratuitos. | H19: Projetos com remuneração baseada exclusivamente em usuários equivalentes, em que a previsão de ressarcimento de novas gratuidades seja prevista de forma explícita e garantida. | I19: Projetos que não façam referência explícita a esta questão. | K19: 8 | L19: 7
B20: Risco 8- Demanda integrada | C20: Perda de receita: dinâmica de sistemas integrados de transportes | D20: Aumento da participação dos usuários integrados pode, em casos específicos, gerar queda de receita proporcionalmente maior do que a redução de custos | E20: Redução da demanda da empresa operadora, com correspondente perda de receita tarifária. | G20: Projetos em que a remuneração da empresa operadora esteja vinculada à demanda total transportada (não apenas à demanda equivalente) ou que prevejam o ressarcimento por usuários gratuitos. | H20: Projetos remunerados pela tarifa equivalente em sistemas maduros de transporte. | I20: Projetos em fase de implantação ou consolidação de uma rede integrada, com remuneração baseada em usuários equivalentes. | K20: 9 | L20: 8
B21: Risco 9- Reajuste de tarifas | C21: Perda de Receita: Atos do Poder Público | D21: Atrasos no reajuste da tarifa. | E21: Constrição financeira da empresa concessionária, que poderá resultar em (i) necessidade de contratação de novos financiamentos pela iniciativa privada com custos progressivos (percepção do aumento do risco sistêmico do projeto; (ii) Inadimplemento das obrigações financeiras, levando à paralização dos serviços e (iii) antecipação da terminação contratual. | F21: Não há | G21: Previsão de mecanismos contratuais complementares que garantam o adimplemento de obrigações do Poder Concedente, como a constituição de fundos garantidores. Alternativa é a existência de sanções contratuais de valor mais do que proporcional às perdas incorridas pela empresa concessionária. Transcorrido prazo determinado, previsão de extinção do contrato com a imposição de obrigações de ressarcimento para o Poder Público. | H21: Previsão contratual de sanções para o Poder Concedente por inadimplemento de obrigações contratuais. | I21: Inexistência de mecanismos de sanção formal do Poder Público por inadimplemento de obrigações contratuais. | K21: 10 | L21: 9
B22: Risco 10- Inadimplemento público | D22: Inadimplemento do Poder Concedente com relação ao complemento da arrecadação tarifária, em decorrência de problemas fiscais próprios ou aumento da necessidade de recursos públicos por descasamento entre o direito de recebimento da operadora e a arrecadação do sistema por diferentes razões: (1) Reajuste do valor da tarifa de usuário inferior ao contratualmente estabelecido para a remuneração da empresa operadora (2) Revisão da Tarifa de Remuneração por desequilíbrio econômico financeiro do Contrato. Caso o Poder Concedente não conte com recursos para a cobertura da diferença entre o valor tarifário arrecadado e o valor de remuneração devido para a empresa, a empresa operadora enfrentará constrição de caixa para honrar suas despesas correntes. | E22: Redução da remuneração de curto prazo da empresa operadora gera a necessidade de financiamento do déficit de caixa. Quebra contratual eleva a percepção de risco da empresa concessionária pelo mercado financeiro, resultando em um aumento imediato do custo de financiamento para a cobertura do déficit de arrecadação. Caso o inadimplemento perdure por prazo relevante a empresa operadora poderá falir. | F22: Projetos que não dependam de recursos públicos em qualquer medida. | K22: 11 | L22: 10
B23: Risco 11- Câmara de compesação | D23: Falhas na operação ou desestruturação da Câmara de Compensação e outros mecanismos de arrecadação e distribuição de recursos entre os participantes do sistema de transporte são observados. Ademais, os atrasos ou eventual insuficiência no repasse de recursos do sistema de arrecadação para a empresa impactam no custo. | E23: Atrasos no repasse de recursos ou insuficiência de recursos na câmara de compensação podem resultar nas situações de constrição financeira acima descritas. | F23: Projetos que não dependam da compensação da remuneração entre empresas operadoras | G23: Projetos com câmara de compensação independente, gerenciada por ente financeiro especializado com garantias firmes de pagamento. | H23: Projetos com câmara de compensação dependente, gerenciada por órgão público. | I23: Projetos com parcela expressiva da receita oriunda de repasses da câmara de compensação e gestão subordinada à operação da rede de transportes. | K23: 12 | L23: 11
B24: Risco 12- Acidentes | C24: Dificuldades de Operação dos serviços | D24: Acidentes que envolvam usuários e/ou funcionários da concessionária | E24: Desembolsos com os custos associados à ocorrência de acidentes, principalmente que envolvam pessoas, não são parte prevista no plano de custos da empresa operadora, mas possuem elevada probabilidade de ocorrência no longo prazo. Seguros representam uma proteção limitada ao potencial total de perdas. | F24: Não há | G24: Não há distinção entre contratos pela natureza aleatória das ocorrências e características do setor. Eventuais distinções devem se referir às probabilidades locais de ocorrência de incidentes. Contudo, tais estatísticas são raras e de difícil introdução no modelo. Consideração do valor homogêneo de perda baseado em estatísticas gerais do setor. | K24: 13 | L24: 12
B25: Risco 13- Alteração de padrões técnicos | D25: Novos padrões técnicos e operacionais impostos para a empresa operadora. | E25: Necessidade de ampliação da capacidade de transporte, sem qualquer contraparte nas receitas esperadas. Sobrecustos na forma de investimentos e custos operacionais. | F25: Tarifa calculada para um prazo de tempo relativamente reduzido. Caso ocorram alterações no marco regulatório dentro do horizonte de tempo, a empresa operadora somente necessitará adequar-se após a revisão tarifária seguinte. | G25: Estrutura contratual que preveja a avaliação do impacto financeiro de novas obrigações contratuais antes de sua implementação, com tempestiva recomposição das condições contratadas. | H25: Contratos que lancem o tema para o processo de revisão ordinária | I25: Contratos sem previsão de mecanismos de recomposição de equilíbrio. | K25: 15 | L25: 13
B26: Risco 14- Desordem civil | D26: Atos de desordem civil resultam na vandalização de veículos e impedimento à operação. | E26: Sobrecustos com investimentos em veículos, garagens e outros ativos operacionais. Perdas de receitas. Não há seguros patrimoniais para estas perdas e os custos usualmente não são previstos em contrato. | F26: Não há | G26: Contratos em que exista a previsão de reequilíbrio contratual imediato pelas perdas incorridas pela empresa operaora em casos de atos de desordem civil. | H26: Contratos em que exista a previsão de reequilíbrio contratual em períodos ordinários pelas perdas incorridas pela empresa operaora em casos de atos de desordem civil. | I26: Contratos em que a previsão de recomposição do equilíbrio não sejam expressas tornam a alocação deste risco exclusiva da empresa operadora. | K26: 16 | L26: 14
B27: Risco 15- Salários acima da inflação | C27: Questões Trabalhistas | D27: Elevação nos custos trabalhistas por aumento de salários acima dos índices convencionais de inflação. | E27: Aumento do custeio operacional da empresa operadora. | F27: Projetos onde o reajuste tarifário incorpore completamente o reajuste do valor de salários, seja por planilha, seja por fórmula paramétrica, de forma antecipada ao reajuste tarifário. | G27: Projetos onde o reajuste tarifário incorpore completamente o reajuste do valor de salários pretérito, seja por planilha, seja por fórmula paramétrica. | H27: Projetos onde o reajuste salarial seja compensado somente de forma parcial no reajuste da tarifa ou que atribua a diferença entre reajustes ao processo de recomposição de equilíbrio financeiro em revisão ordinária | I27: Projetos em que o reajuste tarifário se faz de forma dissociada dos custos da empresa . | K27: 18 | L27: 15
B28: Risco 16- Greve trabalhista | D28: Greves resultam na paralização total ou parcial dos serviços. | E28: Deficiência operacional e reflexos financeiros pelo período de paralização sem que exista a possibilidade de cobrança de performance da empresa privada. | F28: Não há | G28: Não há distinção entre contratos pela natureza setorial de ocorrências. Em tese, todos os contratos estão sujeitos à ocorrência deste perfil de questão. | K28: 19 | L28: 16
B29: Risco 17- Alteração significativa da taxa de juros | C29: Ambiente Macroeconômico | D29: Alterações significativas nas condições de financiamento de veículos, afetando a capacidade de investimento da empresa operadora. | E29: Risco de sobrecustos financeiros da concessionária, podendo inviabilizar a concessão ou provocar impactos adicionais sobre as condições de financiabilidade de novos projetos. | F29: Não há | G29: Contemplar variações com o custo de capital na fórmula de reajuste (paramétrico) da tarifa. | H29: Determinar contratualmente que situações de constrição poderão ensejar reequilíbrio econômico financeiro do contrato, por exemplo, por meio de revisão das obrigações de investir ou renovar frota. | I29: Inexistência de previsão contratual atribui a assunção integral deste risco à empresa concessionária. | K29: 24 | L29: 17
C31: 1 | D31: Risco 1- Garagens e Infraestrutura
D32: Não se Aplica
D33: Risco baixo
D34: Risco médio
D35: Risco alto
D36: 3
C37: 2 | D37: Risco 2- Tecnologia e sistemas
D38: Não se Aplica
D39: Risco baixo
D40: Risco médio
D41: Risco alto
D42: 3
C43: 3 | D43: Risco 3- Investimento público vs. Produtividade
D44: Não se Aplica
D45: Risco baixo
D46: Risco médio
D47: Risco alto
D48: 3
C49: 4 | D49: Risco 4- Certificação ambiental
D50: Não se Aplica
D51: Risco baixo
D52: Risco médio
D53: Risco alto
D54: 3
C55: 5 | D55: Risco 5- Mudanças na normatização ambiental
D56: Não se Aplica
D57: Risco baixo
D58: Risco médio
D59: Risco alto
D60: 3
C61: 6 | D61: Risco 6- Risco global de demanda
D62: Não se Aplica
D63: Risco baixo
D64: Risco médio
D65: Risco alto
D66: 3
C67: 7 | D67: Risco 7- Gratuidades
D68: Não se Aplica
D69: Risco baixo
D70: Risco médio
D71: Risco alto
D72: 3
C73: 8 | D73: Risco 8- Demanda integrada
D74: Não se Aplica
D75: Risco baixo
D76: Risco médio
D77: Risco alto
D78: 3
C79: 9 | D79: Risco 9- Reajuste de tarifas
D80: Não se Aplica
D81: Risco baixo
D82: Risco médio
D83: Risco alto
D84: 3
C85: 10 | D85: Risco 10- Inadimplemento público
D86: Não se Aplica
D87: Risco baixo
D88: Risco médio
D89: Risco alto
D90: 3
C91: 11 | D91: Risco 11- Câmara de compesação
D92: Não se Aplica
D93: Risco baixo
D94: Risco médio
D95: Risco alto
D96: 3
C97: 12 | D97: Risco 12- Acidentes
D98: Não se Aplica
D99: Risco baixo
D100: Risco médio
D101: Risco alto
D102: 3
C103: 13 | D103: Risco 13- Alteração de padrões técnicos
D104: Não se Aplica
D105: Risco baixo
D106: Risco médio
D107: Risco alto
...

Sheet A.XV. RPS (DetalhadoII)
A1: ANEXO XV – MÉTODO DE CÁLCULO DO FATOR DE RISCO
A2: XV-e | B2: Cálculo dos riscos
B4: Risco | C4: Incidência | D4: Impacto de Evento a 5% | E4: Desvio Padrão | F4: Variância | H4: Legenda
B5: Risco 1- Garagens e Infraestrutura | C5: =IF('A.XV. RPS (DetalhadoI)'!D36=1,'A.XV. RPS (Base Num)'!B3,IF('A.XV. RPS (DetalhadoI)'!D36=2,'A.XV. RPS (Base Num)'!D3,IF('A.XV. RPS (DetalhadoI)'!D36=3,'A.XV. RPS (Base Num)'!F3,'A.XV. RPS (Base Num)'!H3))) -> #DIV/0! | D5: =IF('A.XV. RPS (DetalhadoI)'!D36=1,0,IF('A.XV. RPS (DetalhadoI)'!D36=2,'A.XV. RPS (Base Num)'!E3,IF('A.XV. RPS (DetalhadoI)'!D36=3,'A.XV. RPS (Base Num)'!G3,'A.XV. RPS (Base Num)'!I3))) -> 0.22 | E5: =D5*C5/1.64 -> #DIV/0! | F5: =E5^2 -> #DIV/0!
B6: Risco 2- Tecnologia e sistemas | C6: =IF('A.XV. RPS (DetalhadoI)'!D42=1,'A.XV. RPS (Base Num)'!B4,IF('A.XV. RPS (DetalhadoI)'!D42=2,'A.XV. RPS (Base Num)'!D4,IF('A.XV. RPS (DetalhadoI)'!D42=3,'A.XV. RPS (Base Num)'!F4,'A.XV. RPS (Base Num)'!H4))) -> #DIV/0! | D6: =IF('A.XV. RPS (DetalhadoI)'!D42=1,0,IF('A.XV. RPS (DetalhadoI)'!D42=2,'A.XV. RPS (Base Num)'!E4,IF('A.XV. RPS (DetalhadoI)'!D42=3,'A.XV. RPS (Base Num)'!G4,'A.XV. RPS (Base Num)'!I4))) -> 0.15 | E6: =D6*C6/1.64 -> #DIV/0! | F6: =E6^2 -> #DIV/0! | J6: Entrada de dados
B7: Risco 3- Investimento público vs. Produtividade | C7: =IF('A.XV. RPS (DetalhadoI)'!D48=1,'A.XV. RPS (Base Num)'!B5,IF('A.XV. RPS (DetalhadoI)'!D48=2,'A.XV. RPS (Base Num)'!D5,IF('A.XV. RPS (DetalhadoI)'!D48=3,'A.XV. RPS (Base Num)'!F5,'A.XV. RPS (Base Num)'!H5))) -> #DIV/0! | D7: =IF('A.XV. RPS (DetalhadoI)'!D48=1,0,IF('A.XV. RPS (DetalhadoI)'!D48=2,'A.XV. RPS (Base Num)'!E5,IF('A.XV. RPS (DetalhadoI)'!D48=3,'A.XV. RPS (Base Num)'!G5,'A.XV. RPS (Base Num)'!I5))) -> 0.06 | E7: =D7*C7/1.64 -> #DIV/0! | F7: =E7^2 -> #DIV/0! | J7: Entrada de dados com valor de referência
B8: Risco 4- Certificação ambiental | C8: =IF('A.XV. RPS (DetalhadoI)'!D54=1,'A.XV. RPS (Base Num)'!B6,IF('A.XV. RPS (DetalhadoI)'!D54=2,'A.XV. RPS (Base Num)'!F6,IF('A.XV. RPS (DetalhadoI)'!D54=3,'A.XV. RPS (Base Num)'!F6,'A.XV. RPS (Base Num)'!H6))) -> #DIV/0! | D8: =IF('A.XV. RPS (DetalhadoI)'!D54=1,0,IF('A.XV. RPS (DetalhadoI)'!D54=2,'A.XV. RPS (Base Num)'!E6,IF('A.XV. RPS (DetalhadoI)'!D54=3,'A.XV. RPS (Base Num)'!G6,'A.XV. RPS (Base Num)'!I6))) -> 0.07 | E8: =D8*C8/1.64 -> #DIV/0! | F8: =E8^2 -> #DIV/0! | J8: Resultado
B9: Risco 5- Mudanças na normatização ambiental | C9: =IF('A.XV. RPS (DetalhadoI)'!D60=1,'A.XV. RPS (Base Num)'!B7,IF('A.XV. RPS (DetalhadoI)'!D60=2,'A.XV. RPS (Base Num)'!D7,IF('A.XV. RPS (DetalhadoI)'!D60=3,'A.XV. RPS (Base Num)'!F7,'A.XV. RPS (Base Num)'!H7))) -> #DIV/0! | D9: =IF('A.XV. RPS (DetalhadoI)'!D60=1,0,IF('A.XV. RPS (DetalhadoI)'!D60=2,'A.XV. RPS (Base Num)'!E7,IF('A.XV. RPS (DetalhadoI)'!D60=3,'A.XV. RPS (Base Num)'!G7,'A.XV. RPS (Base Num)'!I7))) -> 0.0069406094 | E9: =D9*C9/1.64 -> #DIV/0! | F9: =E9^2 -> #DIV/0!
B10: Risco 6- Risco global de demanda | C10: =IF('A.XV. RPS (DetalhadoI)'!D66=1,'A.XV. RPS (Base Num)'!B8,IF('A.XV. RPS (DetalhadoI)'!D66=2,'A.XV. RPS (Base Num)'!D8,IF('A.XV. RPS (DetalhadoI)'!D66=3,'A.XV. RPS (Base Num)'!F8,'A.XV. RPS (Base Num)'!H8))) -> 100 | D10: =IF('A.XV. RPS (DetalhadoI)'!D66=1,0,IF('A.XV. RPS (DetalhadoI)'!D66=2,'A.XV. RPS (Base Num)'!E8,IF('A.XV. RPS (DetalhadoI)'!D66=3,'A.XV. RPS (Base Num)'!G8,'A.XV. RPS (Base Num)'!I8))) -> 0.055714286 | E10: =D10*C10/1.64 -> 3.3972125 | F10: =E10^2 -> 11.541053
B11: Risco 7- Gratuidades | C11: 1 | D11: =IF('A.XV. RPS (DetalhadoI)'!D72=1,0,IF('A.XV. RPS (DetalhadoI)'!D72=2,'A.XV. RPS (Base Num)'!E9,IF('A.XV. RPS (DetalhadoI)'!D72=3,'A.XV. RPS (Base Num)'!G9,'A.XV. RPS (Base Num)'!I9))) -> 0.0224 | E11: =D11*C11/1.64 -> 0.013658537 | F11: =E11^2 -> 0.00018655562
B12: Risco 8- Demanda integrada | C12: =IF('A.XV. RPS (DetalhadoI)'!D78=1,'A.XV. RPS (Base Num)'!B10,IF('A.XV. RPS (DetalhadoI)'!D78=2,'A.XV. RPS (Base Num)'!D10,IF('A.XV. RPS (DetalhadoI)'!D78=3,'A.XV. RPS (Base Num)'!F10,'A.XV. RPS (Base Num)'!H10))) -> 0 | D12: =IF('A.XV. RPS (DetalhadoI)'!D78=1,0,IF('A.XV. RPS (DetalhadoI)'!D78=2,'A.XV. RPS (Base Num)'!E10,IF('A.XV. RPS (DetalhadoI)'!D78=3,'A.XV. RPS (Base Num)'!G10,'A.XV. RPS (Base Num)'!I10))) -> 0.0481544 | E12: =D12*C12/1.64 -> 0 | F12: =E12^2 -> 0
B13: Risco 9- Reajuste de tarifas | C13: =IF('A.XV. RPS (DetalhadoI)'!D84=1,'A.XV. RPS (Base Num)'!B11,IF('A.XV. RPS (DetalhadoI)'!D84=2,'A.XV. RPS (Base Num)'!D11,IF('A.XV. RPS (DetalhadoI)'!D84=3,'A.XV. RPS (Base Num)'!F11,'A.XV. RPS (Base Num)'!H11))) -> 100 | D13: =IF('A.XV. RPS (DetalhadoI)'!D84=1,0,IF('A.XV. RPS (DetalhadoI)'!D84=2,'A.XV. RPS (Base Num)'!E11,IF('A.XV. RPS (DetalhadoI)'!D84=3,'A.XV. RPS (Base Num)'!G11,'A.XV. RPS (Base Num)'!I11))) -> 0.012 | E13: =D13*C13/1.64 -> 0.73170732 | F13: =E13^2 -> 0.5353956
B14: Risco 10- Inadimplemento público | C14: =IF('A.XV. RPS (DetalhadoI)'!D90=1,'A.XV. RPS (Base Num)'!B12,IF('A.XV. RPS (DetalhadoI)'!D90=2,'A.XV. RPS (Base Num)'!D12,IF('A.XV. RPS (DetalhadoI)'!D90=3,'A.XV. RPS (Base Num)'!F12,'A.XV. RPS (Base Num)'!H12))) -> #DIV/0! | D14: =IF('A.XV. RPS (DetalhadoI)'!D90=1,0,IF('A.XV. RPS (DetalhadoI)'!D90=2,'A.XV. RPS (Base Num)'!E12,IF('A.XV. RPS (DetalhadoI)'!D90=3,'A.XV. RPS (Base Num)'!G12,'A.XV. RPS (Base Num)'!I12))) -> 0.035 | E14: =D14*C14/1.64 -> #DIV/0! | F14: =E14^2 -> #DIV/0!
B15: Risco 11- Câmara de compesação | C15: =IF('A.XV. RPS (DetalhadoI)'!D96=1,'A.XV. RPS (Base Num)'!B13,IF('A.XV. RPS (DetalhadoI)'!D96=2,'A.XV. RPS (Base Num)'!D13,IF('A.XV. RPS (DetalhadoI)'!D96=3,'A.XV. RPS (Base Num)'!F13,'A.XV. RPS (Base Num)'!H13))) -> 100 | D15: =IF('A.XV. RPS (DetalhadoI)'!D96=1,0,IF('A.XV. RPS (DetalhadoI)'!D96=2,'A.XV. RPS (Base Num)'!E13,IF('A.XV. RPS (DetalhadoI)'!D96=3,'A.XV. RPS (Base Num)'!G13,'A.XV. RPS (Base Num)'!I13))) -> 0.035 | E15: =D15*C15/1.64 -> 2.1341463 | F15: =E15^2 -> 4.5545806
B16: Risco 12- Acidentes | C16: =IF('A.XV. RPS (DetalhadoI)'!D102=1,'A.XV. RPS (Base Num)'!B14,IF('A.XV. RPS (DetalhadoI)'!D102=2,'A.XV. RPS (Base Num)'!D14,IF('A.XV. RPS (DetalhadoI)'!D102=3,'A.XV. RPS (Base Num)'!F14,'A.XV. RPS (Base Num)'!H14))) -> 100 | D16: =IF('A.XV. RPS (DetalhadoI)'!D102=1,0,IF('A.XV. RPS (DetalhadoI)'!D102=2,'A.XV. RPS (Base Num)'!E14,IF('A.XV. RPS (DetalhadoI)'!D102=3,'A.XV. RPS (Base Num)'!G14,'A.XV. RPS (Base Num)'!I14))) -> 0.01 | E16: =D16*C16/1.64 -> 0.6097561 | F16: =E16^2 -> 0.3718025
B17: Risco 13- Alteração de padrões técnicos | C17: =IF('A.XV. RPS (DetalhadoI)'!D108=1,'A.XV. RPS (Base Num)'!B15,IF('A.XV. RPS (DetalhadoI)'!D108=2,'A.XV. RPS (Base Num)'!D15,IF('A.XV. RPS (DetalhadoI)'!D108=3,'A.XV. RPS (Base Num)'!F15,'A.XV. RPS (Base Num)'!H15))) -> #DIV/0! | D17: =IF('A.XV. RPS (DetalhadoI)'!D108=1,0,IF('A.XV. RPS (DetalhadoI)'!D108=2,'A.XV. RPS (Base Num)'!E15,IF('A.XV. RPS (DetalhadoI)'!D108=3,'A.XV. RPS (Base Num)'!G15,'A.XV. RPS (Base Num)'!I15))) -> 0.0075 | E17: =D17*C17/1.64 -> #DIV/0! | F17: =E17^2 -> #DIV/0!
B18: Risco 14- Desordem civil | C18: =IF('A.XV. RPS (DetalhadoI)'!D114=1,'A.XV. RPS (Base Num)'!B16,IF('A.XV. RPS (DetalhadoI)'!D114=2,'A.XV. RPS (Base Num)'!D16,IF('A.XV. RPS (DetalhadoI)'!D114=3,'A.XV. RPS (Base Num)'!F16,'A.XV. RPS (Base Num)'!H16))) -> #DIV/0! | D18: =IF('A.XV. RPS (DetalhadoI)'!D114=1,0,IF('A.XV. RPS (DetalhadoI)'!D114=2,'A.XV. RPS (Base Num)'!E16,IF('A.XV. RPS (DetalhadoI)'!D114=3,'A.XV. RPS (Base Num)'!G16,'A.XV. RPS (Base Num)'!I16))) -> 0.008 | E18: =D18*C18/1.64 -> #DIV/0! | F18: =E18^2 -> #DIV/0!
B19: Risco 15- Salários acima da inflação | C19: =IF('A.XV. RPS (DetalhadoI)'!D120=1,'A.XV. RPS (Base Num)'!B17,IF('A.XV. RPS (DetalhadoI)'!D120=2,'A.XV. RPS (Base Num)'!D17,IF('A.XV. RPS (DetalhadoI)'!D120=3,'A.XV. RPS (Base Num)'!F17,'A.XV. RPS (Base Num)'!H17))) -> #DIV/0! | D19: =IF('A.XV. RPS (DetalhadoI)'!D120=1,0,IF('A.XV. RPS (DetalhadoI)'!D120=2,'A.XV. RPS (Base Num)'!E17,IF('A.XV. RPS (DetalhadoI)'!D120=3,'A.XV. RPS (Base Num)'!G17,'A.XV. RPS (Base Num)'!I17))) -> 0.012712762 | E19: =D19*C19/1.64 -> #DIV/0! | F19: =E19^2 -> #DIV/0!
B20: Risco 16- Greve trabalhista | C20: =IF('A.XV. RPS (DetalhadoI)'!D126=1,'A.XV. RPS (Base Num)'!B18,IF('A.XV. RPS (DetalhadoI)'!D126=2,'A.XV. RPS (Base Num)'!D18,IF('A.XV. RPS (DetalhadoI)'!D126=3,'A.XV. RPS (Base Num)'!F18,'A.XV. RPS (Base Num)'!H18))) -> 100 | D20: =IF('A.XV. RPS (DetalhadoI)'!D126=1,0,IF('A.XV. RPS (DetalhadoI)'!D126=2,'A.XV. RPS (Base Num)'!E18,IF('A.XV. RPS (DetalhadoI)'!D126=3,'A.XV. RPS (Base Num)'!G18,'A.XV. RPS (Base Num)'!I18))) -> 0.013333333 | E20: =D20*C20/1.64 -> 0.81300813 | F20: =E20^2 -> 0.66098222
B21: Risco 17- Alteração significativa da taxa de juros | C21: =IF('A.XV. RPS (DetalhadoI)'!D132=1,'A.XV. RPS (Base Num)'!B19,IF('A.XV. RPS (DetalhadoI)'!D132=2,'A.XV. RPS (Base Num)'!D19,IF('A.XV. RPS (DetalhadoI)'!D132=3,'A.XV. RPS (Base Num)'!F19,'A.XV. RPS (Base Num)'!H19))) -> #DIV/0! | D21: =IF('A.XV. RPS (DetalhadoI)'!D132=1,0,IF('A.XV. RPS (DetalhadoI)'!D132=2,'A.XV. RPS (Base Num)'!E19,IF('A.XV. RPS (DetalhadoI)'!D132=3,'A.XV. RPS (Base Num)'!G19,'A.XV. RPS (Base Num)'!I19))) -> 0.02 | E21: =D21*C21/1.64 -> #DIV/0! | F21: =E21^2 -> #DIV/0! | L21: 1
A23: XV-f | B23: Definição do Nível de Segurança
H24: Nível de Segurança | I24: Risco adotado (%)
H25: 0.95 | I25: =(SUM(F5:F21)^0.5)*1.65 -> #DIV/0! | L25: =I25/100 -> #DIV/0!
A26: XV-e | B26: Coeficiente do RPS (Ɣ) | H26: 0.9 | I26: =(SUM(F5:F21)^0.5)*1.29 -> #DIV/0! | L26: =I26/100 -> #DIV/0!
B27: Ɣ | C27: =IF(L21=1,IF(L30<0.0502,0.0502,L30),IF(L21=2,IF(L30<0.0393,0.0393,L30),IF(L21=3,IF(L30<0.0315,0.0315,L30),"ERRO"))) -> #DIV/0! | H27: 0.85 | I27: =(SUM(F5:F21)^0.5)*1.035 -> #DIV/0! | L27: =I27/100 -> #DIV/0!
L30: =IF(L21=1,L25,IF(L21=2,L26,IF(L21=3,L27,"ERROR"))) -> #DIV/0!

Sheet A.XV. RPS (Base Num)
B1: Situações em Que não se Aplica | D1: Risco baixo | F1: Risco Médio | H1: Risco Alto
A2: Risco | B2: Incidência | C2: Impacto (95%) | D2: Incidência | E2: Impacto (95%) | F2: Incidência | G2: Impacto (95%) | H2: Incidência | I2: Impacto (95%) | J2: CUSTOS IMPACTADOS (% do Custo total)
A3: Risco 1- Garagens e Infraestrutura | B3: 0 | C3: 0 | D3: =('5. Composição CT'!N27+'5. Composição CT'!N30+'5. Composição CT'!N35+'5. Composição CT'!N39+'5. Composição CT'!N43)*100 -> #DIV/0! | E3: 0.17 | F3: =D3 -> #DIV/0! | G3: 0.22 | H3: =D3 -> #DIV/0! | I3: 0.25 | J3: DED+DIN+RTE+RIN+CLG
A4: Risco 2- Tecnologia e sistemas | B4: 0 | C4: 0 | D4: =('5. Composição CT'!N28+'5. Composição CT'!N37+'5. Composição CT'!N42+'5. Composição CT'!N44+'5. Composição CT'!N23)*100 -> #DIV/0! | E4: 0.1 | F4: =D4 -> #DIV/0! | G4: 0.15 | H4: =D4 -> #DIV/0! | I4: 0.25 | J4: DEQ+REQ+CLQ+CLA+CCM
A5: Risco 3- Investimento público vs. Produtividade | B5: 0 | C5: 0 | D5: =('5. Composição CT'!N15+'5. Composição CT'!N26+'5. Composição CT'!N34+'5. Composição CT'!N20+'5. Composição CT'!N21+'5. Composição CT'!N22+'5. Composição CT'!N23+'5. Composição CT'!N27+'5. Composição CT'!N28+'5. Composição CT'!N35+'5. Composição CT'!N36+'5. Composição CT'!N37+'5. Composição CT'!N42+'5. Composição CT'!N43+'5. Composição CT'!N29+'5. Composição CT'!N38+'5. Composição CT'!N44+'5. Composição CT'!N6)*100 -> #DIV/0! | E5: 0.04 | F5: =D5 -> #DIV/0! | G5: 0.06 | H5: =D5 -> #DIV/0! | I5: 0.1 | J5: DOP+DVE+RVE+CDS+IPVA+CDR+CCM+DED+DEQ+RTE+RAL+REQ+CLQ+CLG+DVA+RVA+CLA+CMB
A6: Risco 4 -Certificação ambiental | B6: 0 | C6: 0 | D6: =('5. Composição CT'!N27+'5. Composição CT'!N30+'5. Composição CT'!N35+'5. Composição CT'!N39+'5. Composição CT'!N43)*100 -> #DIV/0! | E6: 0.04 | F6: =D6 -> #DIV/0! | G6: 0.07 | H6: =D6 -> #DIV/0! | I6: 0.11 | J6: DED+DIN+RTE+RIN+CLG
A7: Risco 5- Mudanças na normatização ambiental | B7: 0 | C7: 0 | D7: =('5. Composição CT'!N6+'5. Composição CT'!N11+'5. Composição CT'!N30+'5. Composição CT'!N35)*100 -> #DIV/0! | E7: 0.002247 | F7: =D7 -> #DIV/0! | G7: 0.0069406094 | H7: =D7 -> #DIV/0! | I7: 0.0075 | J7: CMB+CAB+DVE+RVE
A8: Risco 6- Risco global de demanda | B8: 0 | C8: 0 | D8: 100 | E8: 0.037142857 | F8: =D8 -> 100 | G8: 0.055714286 | H8: =D8 -> 100 | I8: 0.0946 | J8: CUSTO TOTAL
A9: Risco 7- Gratuidades | B9: 0 | C9: 0 | D9: =(1-(1/(1+('1.1. Passageiros'!D8+0.5*'1.1. Passageiros'!D7))/'1.1. Passageiros'!D11))*100 -> 100 | E9: 0.01792 | F9: =D9 -> 100 | G9: 0.0224 | H9: =D9 -> 100 | I9: 0.03136 | J9: CUSTO TOTAL
A10: Risco 8- Demanda integrada | B10: 0 | C10: 0 | D10: =('1.1. Passageiros'!D57/'1.1. Passageiros'!C52)*100 -> 0 | E10: 0.02996 | F10: =D10 -> 0 | G10: 0.0481544 | H10: =D10 -> 0 | I10: 0.068896016 | J10: CUSTO TOTAL
A11: Risco 9- Reajuste de tarifas | B11: 0 | C11: 0 | D11: 100 | E11: 0.008 | F11: =D11 -> 100 | G11: 0.012 | H11: =D11 -> 100 | I11: 0.024 | J11: CUSTO TOTAL
A12: Risco 10- Inadimplemento público | B12: 0 | C12: 0 | D12: =('2.1.c Insumos'!F105/'4. Custo Total'!H1)*100 -> #DIV/0! | E12: 0.0058333333 | F12: =D12 -> #DIV/0! | G12: 0.035 | H12: =D12 -> #DIV/0! | I12: 0.0749 | J12: CUSTO TOTAL
A13: Risco 11- Câmara de compesação | B13: 0 | C13: 0 | D13: 100 | E13: 0.0058333333 | F13: =D13 -> 100 | G13: 0.035 | H13: =D13 -> 100 | I13: 0.0749 | J13: CUSTO TOTAL
A14: Risco 12- Acidentes | B14: 0 | C14: 0 | D14: 100 | E14: 0.005 | F14: =D14 -> 100 | G14: 0.01 | H14: =D14 -> 100 | I14: 0.012 | J14: CUSTO TOTAL
A15: Risco 13- Alteração de padrões técnicos | B15: 0 | C15: 0 | D15: =(SUM('5. Composição CT'!N6:N11)+'5. Composição CT'!N26+'5. Composição CT'!N34)*100 -> #DIV/0! | E15: 0.005 | F15: =D15 -> #DIV/0! | G15: 0.0075 | H15: =D15 -> #DIV/0! | I15: 0.01 | J15: CMB+CLB+CAR+CRD+CPA+CAB+DVE+RVE
A16: Risco 14- Desordem civil | B16: 0 | C16: 0 | D16: =('5. Composição CT'!N26+'5. Composição CT'!N28+'5. Composição CT'!N34+'5. Composição CT'!N37+'5. Composição CT'!N42+'5. Composição CT'!N30+'5. Composição CT'!N39)*100 -> #DIV/0! | E16: 0.004 | F16: =D16 -> #DIV/0! | G16: 0.008 | H16: =D16 -> #DIV/0! | I16: 0.015 | J16: DVE+RVE+DEQ+REQ+DIN+RIN+CLQ
A17: Risco 15- Salários acima da inflação | B17: 0 | C17: 0 | D17: =('5. Composição CT'!N15+'5. Composição CT'!N16)*100 -> #DIV/0! | E17: 0.003696 | F17: =D17 -> #DIV/0! | G17: 0.012712762 | H17: =D17 -> #DIV/0! | I17: 0.0264 | J17: DOP+DMA
A18: Risco 16- Greve trabalhista | B18: 0 | C18: 0 | D18: 100 | E18: 0.013333333 | F18: =D18 -> 100 | G18: 0.013333333 | H18: =D18 -> 100 | I18: 0.013333333 | J18: CUSTO TOTAL
A19: Risco 17- Alteração significativa da taxa de juros | B19: 0 | C19: 0 | D19: =(SUM('5. Composição CT'!N26:N30)+SUM('5. Composição CT'!N34:N39))*100 -> #DIV/0! | E19: 0.016 | F19: =D19 -> #DIV/0! | G19: 0.02 | H19: =D19 -> #DIV/0! | I19: 0.025 | J19: DVE+DED+DEQ+DVA+DIN+RVE+ RTE+RAL+REQ+RVA+RIN

Sheet A.XVI. Despesas Gerais
B3: XVI. Cálculo das Despesas Gerais Anual | F3: Legenda
B5: Equipamento de segurança................................................................ | C5: 13092 | H5: Entrada de dados
H6: Entrada de dados com valor de referência
B7: Material de limpeza..................................................................... | C7: 182021.24 | H7: Resultado
B8: Material de escritório............................................................................... | C8: 61014.92
B9: Material de consumo de informática............................................................ | C9: 74809.36
B10: Material de manutenção predial...................................................... | C10: 356082.22
B12: Total de Material de consumo | C12: =SUM(C7:C10) -> 673927.74
B14: Despesas médicas obrigatórias | C14: 0
B15: Serviço de conservação e manutenção | C15: 0
B17: Água e esgoto...................................................................... | C17: 19944.47
B18: Energia elétrica................................................................................ | C18: 245294.85
B19: Correios........................................................................... | C19: 0
B21: Total de Serviços públicos | C21: =SUM(C17:C19) -> 265239.32
B23: Telefone................................................................................ | C23: 28661.33
B24: Rádio........................................................................................ | C24: 0
B25: Internet............................................................................... | C25: 87419.93
B27: Total de Serviço de comunicação | C27: =SUM(C23:C25) -> 116081.26
B29: Frete e carretos................................................................... | C29: 0
B30: Treinamento de pessoal............................................................................ | C30: 78465
B31: Imposto Predial e Territorial Urbano (IPTU)............................................................................ | C31: 87108.71
B32: Livros e periódicos.................................................................................. | C32: 5913.41
B33: Transporte de valores nas garagens....................................................... | C33: 117527.45
B35: Serviços terceirizados de segurança patrimonial e portaria.......... | C35: 215217.6
B36: Serviços terceirizados de lavagem de veículos................................. | C36: 0
B37: Serviços terceirizados de manutenção predial........................... | C37: 0
B38: Serviços terceirizados de despachante admnistrativos......................... | C38: 0
B39: Serviços terceirizados na área contábil................................... | C39: 354130
B40: Serviços terceirizados na área de medicina do trabalho.................... | C40: 358243.34
B41: Serviços terceirizados na área jurídica.................................. | C41: 200000
... B43: Serviços terceirizados na área de recursos humanos.................. | C43: 0
B45: Total de Serviço terceirizados | C45: =SUM(C35:C43) -> 1127590.9
C46: .
B47: Outros.......................................................................................... | C47: 0
C48: .
B49: Despesas Gerais | C49: =C47+C45+SUM(C29:C33)+C27+C21+C12+C5+C14+C15 -> 2484945.8
